Workbook

Sheet апрель
B1: Отчет о расходовании средств субвенций | U1: УТВЕРЖДЕНО приказом департамента образования и науки Приморского края от 11января 2011 года № 1-а
B2: на реализацию основных общеобразовательных программ в муниципальных общеобразовательных учреждениях на 10 _мая_2011 г.
V4: в тыс. руб.
A5: № п/п | B5: Наименование муниципального общеобразовательного учреждения | C5: Число учащихся (ВСЕГО) | F5: Число классов | I5: Доведен объем субвенций на 2011 г. | J5: Финансирование муниципальных общеобразоват. учреждений с начала года | K5: Фактические расходы с начала года (начислено) | O5: Исполнено с начала года (выплачено) | S5: Остаток "+" (недостаток " -") средств на десятое число месяца, следующего за отчетным | T5: Недостаток средств на окончательный расчет за январь месяц | U5: остаток в фин органе | V5: Финансиро вание мун. образ с начала года
K6: ВСЕГО | L6: Оплата труда (фактически начисленная заработная плата с учетом начислений на оплату труда) | M6: Учебные расходы | O6: ВСЕГО | P6: Оплата труда (кассовые расходы) | Q6: Учебные расходы
C7: ВСЕГО | D7: город | E7: село | F7: ВСЕГО | G7: город | H7: село | M7: Всего | N7: в том числе расходы на приобретение учебников | Q7: Всего | R7: в том числе расходы на приобретение учебников
A8: 1 | B8: 2 | C8: 3=3.1+3.2 | D8: 3.1. | E8: 3.2. | F8: 4=4.1+4.2 | G8: 4.1. | H8: 4.2. | I8: 5 | J8: 6 | K8: 7 | L8: 8 | M8: 9 | N8: 10 | O8: 11 | P8: 12 | Q8: 13 | R8: 14 | S8: 15=6-7 | U8: 16 | V8: 17=6+16
A9: 1 | B9: Арсеньевский ГО | C9: =D9+E9 -> 5473 | D9: 5473 | F9: =G9+H9 -> 218 | G9: 218 | I9: 105846 | J9: 30236.8 | K9: =L9+M9 -> 30236.9 | L9: 29972.6 | M9: 264.3 | N9: 100 | O9: =P9+Q9 -> 30236.9 | P9: 29972.6 | Q9: 264.3 | R9: 100 | S9: =J9-K9 -> -0.1 | T9: =J9-K9 -> -0.1 | V9: =J9+U9 -> 30236.8 | Z9: =L9*1000 -> 29972600
A10: 2 | B10: Артемовский ГО | C10: =D10+E10 -> 10322 | D10: 9630 | E10: 692 | F10: =G10+H10 -> 423 | G10: 378 | H10: 45 | I10: 210389 | J10: 56333.6 | K10: =L10+M10 -> 56333.6 | L10: 55577 | M10: 756.6 | N10: 756.6 | O10: =P10+Q10 -> 56333.6 | P10: 55577 | Q10: 756.6 | R10: 756.6 | S10: =J10-K10 -> 0 | T10: =J10-K10 -> 0 | U10: 1530.1 | V10: =J10+U10 -> 57863.7 | Z10: =L10*1000 -> 55577000
A11: 3 | B11: ЗАТО Большой Камень | C11: =D11+E11 -> 3812 | D11: 3764 | E11: 48 | F11: =G11+H11 -> 169 | G11: 162 | H11: 7 | I11: 77169 | J11: 20986.8 | K11: =L11+M11 -> 20986.8 | L11: 20842.5 | M11: 144.3 | N11: 89.3 | O11: =P11+Q11 -> 20986.8 | P11: 20842.5 | Q11: 144.3 | R11: 89.3 | S11: =J11-K11 -> 0 | T11: =J11-K11 -> 0 | U11: 34.8 | V11: =J11+U11 -> 21021.6 | Z11: =L11*1000 -> 20842500
A12: 4 | B12: Владивостокский ГО | C12: =D12+E12 -> 46598 | D12: 44195 | E12: 2403 | F12: =G12+H12 -> 1813 | G12: 1675 | H12: 138 | I12: 949856 | J12: 304685 | K12: =L12+M12 -> 301879.4 | L12: 296002.7 | M12: 5876.7 | N12: 5876.7 | O12: =P12+Q12 -> 301879.4 | P12: 296002.7 | Q12: 5876.7 | R12: 5876.7 | S12: =J12-K12 -> 2805.6 | T12: =J12-K12 -> 2805.6 | V12: =J12+U12 -> 304685 | Z12: =L12*1000 -> 296002700
A13: 5 | B13: Дальнегорский ГО | C13: =D13+E13 -> 4339 | D13: 3491 | E13: 848 | F13: =G13+H13 -> 199 | G13: 140 | H13: 59 | I13: 114545 | J13: 31288.3 | K13: =L13+M13 -> 31288.3 | L13: 31288.3 | O13: =P13+Q13 -> 31288.3 | P13: 31288.3 | S13: =J13-K13 -> 0 | T13: =J13-K13 -> 0 | V13: =J13+U13 -> 31288.3 | Z13: =L13*1000 -> 31288300
A14: 6 | B14: Дальнереченский ГО | C14: =D14+E14 -> 3658 | D14: 3208 | E14: 450 | F14: =G14+H14 -> 162 | G14: 131 | H14: 31 | I14: 84865 | J14: 24613.2 | K14: =L14+M14 -> 23440.8 | L14: 22776 | M14: 664.8 | N14: 241.6 | O14: =P14+Q14 -> 24613.2 | P14: 24038.1 | Q14: 575.1 | R14: 241.6 | S14: =J14-K14 -> 1172.4 | T14: =J14-K14 -> 1172.4 | U14: 107.1 | V14: =J14+U14 -> 24720.3 | Z14: =L14*1000 -> 22776000
A15: 7 | B15: Лесозаводский ГО | C15: =D15+E15 -> 4827 | D15: 4199 | E15: 628 | F15: =G15+H15 -> 245 | G15: 177 | H15: 68 | I15: 109479 | J15: 31688 | K15: =L15+M15 -> 32895 | L15: 31688 | M15: 1207 | N15: 1207 | O15: =P15+Q15 -> 31688 | P15: 31688 | S15: =J15-K15 -> -1207 | T15: =J15-K15 -> -1207 | V15: =J15+U15 -> 31688 | Z15: =L15*1000 -> 31688000
A16: 8 | B16: Находкинский ГО | C16: =D16+E16 -> 14857 | D16: 14833 | E16: 24 | F16: =G16+H16 -> 583 | G16: 581 | H16: 2 | I16: 294700 | J16: 83968.8 | K16: =L16+M16 -> 83286 | L16: 83286 | O16: =P16+Q16 -> 83286 | P16: 83286 | S16: =J16-K16 -> 682.8 | T16: =J16-K16 -> 682.8 | V16: =J16+U16 -> 83968.8 | Z16: =L16*1000 -> 83286000
A17: 9 | B17: Партизанский ГО | C17: =D17+E17 -> 4484 | D17: 3852 | E17: 632 | F17: =G17+H17 -> 199 | G17: 158 | H17: 41 | I17: 102356 | J17: 29713.9 | K17: =L17+M17 -> 29713.9 | L17: 29713.9 | O17: =P17+Q17 -> 29713.9 | P17: 29713.9 | S17: =J17-K17 -> 0 | U17: 77.1 | V17: =J17+U17 -> 29791 | Z17: =L17*1000 -> 29713900
A18: 10 | B18: ГО Спасск-Дальний | C18: =D18+E18 -> 5079 | D18: 5079 | F18: =G18+H18 -> 224 | G18: 224 | I18: 101639 | J18: 29981.8 | K18: =L18+M18 -> 29981.8 | L18: 29856.5 | M18: 125.3 | N18: 17.4 | O18: =P18+Q18 -> 29981.8 | P18: 29856.5 | Q18: 125.3 | R18: 17.4 | S18: 0 | T18: =J18-K18 -> 0 | U18: 0 | V18: =J18+U18 -> 29981.8 | Z18: =L18*1000 -> 29856500
A19: 11 | B19: Уссурийский ГО | C19: =D19+E19 -> 14166 | D19: 12837 | E19: 1329 | F19: =G19+H19 -> 699 | G19: 554 | H19: 145 | I19: 379318 | J19: 112281.5 | K19: =L19+M19 -> 111633 | L19: 107973.8 | M19: 3659.2 | N19: 2947.8 | O19: =P19+Q19 -> 111633 | P19: 107973.8 | Q19: 3659.2 | R19: 2292.6 | S19: =J19-K19 -> 648.5 | T19: =J19-K19 -> 648.5 | V19: =J19+U19 -> 112281.5 | Z19: =L19*1000 -> 107973800
A20: 12 | B20: ЗАТО г. Фокино | C20: =D20+E20 -> 3062 | D20: 3062 | F20: =G20+H20 -> 136 | G20: 136 | I20: 58417 | J20: 18620.3 | K20: =L20+M20 -> 18235 | L20: 18229.7 | M20: 5.3 | O20: =P20+Q20 -> 17811 | P20: 17805.7 | Q20: 5.3 | S20: =J20-K20 -> 385.3 | V20: =J20+U20 -> 18620.3 | Z20: =L20*1000 -> 18229700
A21: 13 | B21: Анучинский МР | C21: =D21+E21 -> 1397 | E21: 1397 | F21: =G21+H21 -> 97 | H21: 97 | I21: 53326 | J21: 12864 | K21: =L21+M21 -> 14579.7 | L21: 14579.7 | O21: =P21+Q21 -> 12864 | P21: =J21 -> 12864 | S21: =J21-K21 -> -1715.7 | T21: =J21-K21 -> -1715.7 | V21: =J21+U21 -> 12864 | Z21: =L21*1000 -> 14579700
A22: 14 | B22: Дальнереченский МР | C22: =D22+E22 -> 1336 | E22: 1336 | F22: =G22+H22 -> 113 | H22: 113 | I22: 56085 | J22: 16789.9 | K22: =L22+M22 -> 16790 | L22: 16759.7 | M22: 30.3 | N22: 17.6 | O22: =P22+Q22 -> 16790 | P22: 16759.7 | Q22: 30.3 | R22: 17.6 | S22: =J22-K22 -> -0.1 | T22: =J22-K22 -> -0.1 | U22: 291.3 | V22: =J22+U22 -> 17081.2 | Z22: =L22*1000 -> 16759700
A23: 15 | B23: Кавалеровский МР | C23: =D23+E23 -> 2670 | D23: 2483 | E23: 187 | F23: =G23+H23 -> 120 | G23: 105 | H23: 15 | I23: 62379 | J23: 19718.9 | K23: =L23+M23 -> 18976.7 | L23: 18976.7 | O23: =P23+Q23 -> 19016 | P23: 19016 | S23: =J23-K23 -> 742.2 | T23: =J23-K23 -> 742.2 | V23: =J23+U23 -> 19718.9 | Z23: =L23*1000 -> 18976700
A24: 16 | B24: Кировский МР | C24: =D24+E24 -> 2589 | D24: 1755 | E24: 834 | F24: =G24+H24 -> 176 | G24: 84 | H24: 92 | I24: 67577 | J24: 22239.5 | K24: =L24+M24 -> 25062.7 | L24: 24905.5 | M24: 157.2 | O24: =P24+Q24 -> 22239.5 | P24: 22082.3 | Q24: 157.2 | S24: =J24-K24 -> -2823.2 | T24: =J24-K24 -> -2823.2 | U24: 3842.8 | V24: =J24+U24 -> 26082.3 | Z24: =L24*1000 -> 24905500
A25: 17 | B25: Красноармейский МР | C25: =D25+E25 -> 2382 | D25: 418 | E25: 1964 | F25: =G25+H25 -> 169 | G25: 21 | H25: 148 | I25: 92581 | J25: 24475.7 | K25: =L25+M25 -> 24155.5 | L25: 23578.8 | M25: 576.7 | N25: 576.7 | O25: =P25+Q25 -> 24155.5 | P25: 23578.8 | Q25: 576.7 | R25: 576.7 | S25: =J25-K25 -> 320.2 | T25: =J25-K25 -> 320.2 | V25: =J25+U25 -> 24475.7 | Z25: =L25*1000 -> 23578800
A26: 18 | B26: Лазовский МР | C26: =D26+E26 -> 1632 | D26: 841 | E26: 791 | F26: =G26+H26 -> 112 | G26: 40 | H26: 72 | I26: 48560 | J26: 15135.4 | K26: =L26+M26 -> 15135.4 | L26: 15058.8 | M26: 76.6 | O26: =P26+Q26 -> 15135.4 | P26: 15058.8 | Q26: 76.6 | S26: =J26-K26 -> 0 | T26: =J26-K26 -> 0 | U26: 1058.8 | V26: =J26+U26 -> 16194.2 | Z26: =L26*1000 -> 15058800
A27: 19 | B27: Михайловский МР | C27: =D27+E27 -> 3890 | D27: 929 | E27: 2961 | F27: =G27+H27 -> 203 | G27: 38 | H27: 165 | I27: 132327 | J27: 35433.1 | K27: =L27+M27 -> 35968.7 | L27: 32890.8 | M27: 3077.9 | O27: =P27+Q27 -> 35968.7 | P27: 32890.8 | Q27: 3077.9 | R27: 700.2 | S27: =J27-K27 -> -535.6 | T27: =J27-K27 -> -535.6 | V27: =J27+U27 -> 35433.1 | Z27: =L27*1000 -> 32890800
A28: 20 | B28: Надеждинский МР | C28: =D28+E28 -> 3894 | E28: 3894 | F28: =G28+H28 -> 222 | H28: 222 | I28: 148524 | J28: 45255.6 | K28: =L28+M28 -> 45522.2 | L28: 44522.2 | M28: 1000 | O28: =P28+Q28 -> 45522.2 | P28: 44522.2 | Q28: 1000 | S28: =J28-K28 -> -266.6 | T28: =J28-K28 -> -266.6 | V28: =J28+U28 -> 45255.6 | Z28: =L28*1000 -> 44522200
A29: 21 | B29: Октябрьский МР | C29: =D29+E29 -> 3441 | D29: 635 | E29: 2806 | F29: =G29+H29 -> 195 | G29: 25 | H29: 170 | I29: 125982 | J29: 31809.8 | K29: =L29+M29 -> 31433.6 | L29: 31323.1 | M29: 110.5 | O29: =P29+Q29 -> 31433.6 | P29: 31323.1 | Q29: 110.5 | S29: =J29-K29 -> 376.2 | V29: =J29+U29 -> 31809.8 | Z29: =L29*1000 -> 31323100
A30: 22 | B30: Ольгинский МР | C30: =D30+E30 -> 1142 | D30: 418 | E30: 724 | F30: =G30+H30 -> 102 | G30: 21 | H30: 81 | I30: 41462 | J30: 11657.6 | K30: =L30+M30 -> 13121.9 | L30: 13121.9 | O30: =P30+Q30 -> 11657.6 | P30: =J30 -> 11657.6 | S30: =J30-K30 -> -1464.3 | T30: =J30-K30 -> -1464.3 | U30: 1650 | V30: =J30+U30 -> 13307.6 | Z30: =L30*1000 -> 13121900
A31: 23 | B31: Партизанский МР | C31: =D31+E31 -> 3045 | E31: 3045 | F31: =G31+H31 -> 219 | H31: 219 | I31: 117125 | J31: 31014.6 | K31: =L31+M31 -> 28842.6 | L31: 28842.6 | O31: =P31+Q31 -> 28842.6 | P31: 28842.6 | S31: =J31-K31 -> 2172 | V31: =J31+U31 -> 31014.6 | Z31: =L31*1000 -> 28842600
A32: 22 | B32: Пограничный МР | C32: =D32+E32 -> 2486 | D32: 1300 | E32: 1186 | F32: =G32+H32 -> 167 | G32: 64 | H32: 103 | I32: 71806 | J32: 20827 | K32: =L32+M32 -> 15662.8 | L32: 15662.8 | O32: =P32+Q32 -> 15662.8 | P32: 15662.8 | S32: =J32-K32 -> 5164.2 | T32: =J32-K32 -> 5164.2 | U32: 1367.3 | V32: =J32+U32 -> 22194.3 | Z32: =L32*1000 -> 15662800
A33: 25 | B33: Пожарский МР | C33: =D33+E33 -> 3506 | D33: 2406 | E33: 1100 | F33: =G33+H33 -> 198 | G33: 98 | H33: 100 | I33: 90676 | J33: 23837 | K33: =L33+M33 -> 23719.3 | L33: 23282.5 | M33: 436.8 | N33: 436.8 | O33: =P33+Q33 -> 19917.6 | P33: 19480.8 | Q33: 436.8 | R33: 436.8 | S33: =J33-K33 -> 117.7 | V33: =J33+U33 -> 23837 | Z33: =L33*1000 -> 23282500
A34: 26 | B34: Спасский МР | C34: =D34+E34 -> 2849 | E34: 2849 | F34: =G34+H34 -> 181 | H34: 181 | I34: 131927 | J34: 31429.3 | K34: =L34+M34 -> 31429.3 | L34: 31404 | M34: 25.3 | N34: 3.2 | O34: =P34+Q34 -> 31429.3 | P34: 31404 | Q34: 25.3 | R34: 3.2 | S34: =J34-K34 -> 0 | T34: =J34-K34 -> 0 | V34: =J34+U34 -> 31429.3 | Z34: =L34*1000 -> 31404000
A35: 27 | B35: Тернейский МР | C35: =D35+E35 -> 1453 | D35: 1100 | E35: 353 | F35: =G35+H35 -> 117 | G35: 55 | H35: 62 | I35: 39742 | J35: 12157.5 | K35: =L35+M35 -> 12038.8 | L35: 11948 | M35: 90.8 | O35: =P35+Q35 -> 12038.8 | P35: 11948 | Q35: 90.8 | S35: =J35-K35 -> 118.7 | T35: =J35-K35 -> 118.7 | U35: 0 | V35: =J35+U35 -> 12157.5 | Z35: =L35*1000 -> 11948000
A36: 28 | B36: Ханкайский МР | C36: =D36+E36 -> 2507 | E36: 2507 | F36: =G36+H36 -> 175 | H36: 175 | I36: 102957 | J36: 33401.2 | K36: =L36+M36 -> 33401.1 | L36: 32557.4 | M36: 843.7 | N36: 826.7 | O36: =P36+Q36 -> 33401.1 | P36: 32557.4 | Q36: 843.7 | R36: 826.7 | S36: =J36-K36 -> 0.1 | T36: =J36-K36 -> 0.1 | V36: =J36+U36 -> 33401.2 | Z36: =L36*1000 -> 32557400
A37: 29 | B37: Хасанский МР | C37: =D37+E37 -> 3473 | D37: 2676 | E37: 797 | F37: =G37+H37 -> 203 | G37: 133 | H37: 70 | I37: 88879 | J37: 28720.3 | K37: =L37+M37 -> 28233.3 | L37: 27657.3 | M37: 576 | N37: 166.1 | O37: =P37+Q37 -> 28720.3 | P37: 28144.3 | Q37: 576 | R37: 166.1 | S37: =J37-K37 -> 487 | T37: =J37-K37 -> 487 | V37: =J37+U37 -> 28720.3 | Z37: =L37*1000 -> 27657300
A38: 30 | B38: Хорольский МР | C38: =D38+E38 -> 3131 | D38: 996 | E38: 2135 | F38: =G38+H38 -> 193 | G38: 46 | H38: 147 | I38: 109964 | J38: 28838.5 | K38: =L38+M38 -> 28634 | L38: 28384 | M38: 250 | O38: =P38+Q38 -> 28632.9 | P38: 28384.4 | Q38: 248.5 | S38: =J38-K38 -> 204.5 | T38: =J38-K38 -> 204.5 | V38: =J38+U38 -> 28838.5 | Z38: =L38*1000 -> 28384000
A39: 31 | B39: Черниговский МР | C39: =D39+E39 -> 4029 | D39: 1124 | E39: 2905 | F39: =G39+H39 -> 233 | G39: 58 | H39: 175 | I39: 136277 | J39: 38386.9 | K39: =L39+M39 -> 37706.5 | L39: 36925.7 | M39: 780.8 | N39: 325 | O39: =P39+Q39 -> 38386.9 | P39: 37606.1 | Q39: 780.8 | R39: 325 | S39: =J39-K39 -> 680.4 | T39: =J39-K39 -> 680.4 | U39: 1535.1 | V39: =J39+U39 -> 39922 | Z39: =L39*1000 -> 36925700
A40: 32 | B40: Чугуевский МР | C40: =D40+E40 -> 3196 | E40: 3196 | F40: =G40+H40 -> 248 | H40: 248 | I40: 134646 | J40: 38507 | K40: =L40+M40 -> 38554 | L40: 38554 | O40: =P40+Q40 -> 38507 | P40: 38507 | S40: =J40-K40 -> -47 | T40: =J40-K40 -> -47 | U40: 0 | V40: =J40+U40 -> 38507 | Z40: =L40*1000 -> 38554000
A41: 33 | B41: Шкотовский МР | C41: =D41+E41 -> 2072 | D41: 951 | E41: 1121 | F41: =G41+H41 -> 119 | G41: 41 | H41: 78 | I41: 66425 | J41: 22119.7 | K41: =L41+M41 -> 20271.5 | L41: 19749.5 | M41: 522 | O41: =P41+Q41 -> 20334.2 | P41: 20271.5 | Q41: 62.7 | S41: =J41-K41 -> 1848.2 | T41: =J41-K41 -> 1848.2 | V41: =J41+U41 -> 22119.7 | Z41: =L41*1000 -> 19749500
A42: 34 | B42: Яковлевский МР | C42: =D42+E42 -> 1825 | E42: 1825 | F42: =G42+H42 -> 130 | H42: 130 | I42: 72213 | J42: 20580.4 | K42: =L42+M42 -> 20580.5 | L42: 20419 | M42: 161.5 | O42: =P42+Q42 -> 20580.5 | P42: 20419 | Q42: 161.5 | S42: =J42-K42 -> -0.1 | V42: =J42+U42 -> 20580.4 | Z42: =L42*1000 -> 20419000
B43: резерв | C43: =D43+E43 -> 0 | F43: =G43+H43 -> 0 | I43: 198592 | J43: 0 | K43: =L43+M43 -> 0 | O43: =P43+Q43 -> 0 | P43: =J43 -> 0 | S43: =J43-K43 -> 0 | T43: =J43-K43 -> 0 | V43: =J43+U43 -> 0 | Z43: =L43*1000 -> 0
B44: ИТОГО | C44: =SUM(C9:C43) -> 178622 | D44: =SUM(D9:D43) -> 131655 | E44: =SUM(E9:E43) -> 46967 | F44: =SUM(F9:F43) -> 8762 | G44: =SUM(G9:G43) -> 5363 | H44: =SUM(H9:H43) -> 3399 | I44: =SUM(I9:I43) -> 4778611 | J44: =SUM(J9:J43) -> 1339596.9 | ... V44: =SUM(V9:V43) -> 1351091.3
B63: Исп. Бушманова И.О.
B64: 40 20 99

Sheet май
B1: Отчет о расходовании средств субвенций | U1: УТВЕРЖДЕНО приказом департамента образования и науки Приморского края от 11января 2011 года № 1-а
B2: на реализацию основных общеобразовательных программ в муниципальных общеобразовательных учреждениях на 10 _июня_2011 г.
V4: в тыс. руб.
A5: № п/п | B5: Наименование муниципального общеобразовательного учреждения | C5: Число учащихся (ВСЕГО) | F5: Число классов | I5: Доведен объем субвенций на 2011 г. | J5: Финансирование муниципальных общеобразоват. учреждений с начала года | K5: Фактические расходы с начала года (начислено) | O5: Исполнено с начала года (выплачено) | S5: Остаток "+" (недостаток " -") средств на десятое число месяца, следующего за отчетным | T5: Недостаток средств на окончательный расчет за январь месяц | U5: остаток в фин органе | V5: Финансиро вание мун. образ с начала года
K6: ВСЕГО | L6: Оплата труда (фактически начисленная заработная плата с учетом начислений на оплату труда) | M6: Учебные расходы | O6: ВСЕГО | P6: Оплата труда (кассовые расходы) | Q6: Учебные расходы
C7: ВСЕГО | D7: город | E7: село | F7: ВСЕГО | G7: город | H7: село | M7: Всего | N7: в том числе расходы на приобретение учебников | Q7: Всего | R7: в том числе расходы на приобретение учебников
A8: 1 | B8: 2 | C8: 3=3.1+3.2 | D8: 3.1. | E8: 3.2. | F8: 4=4.1+4.2 | G8: 4.1. | H8: 4.2. | I8: 5 | J8: 6 | K8: 7 | L8: 8 | M8: 9 | N8: 10 | O8: 11 | P8: 12 | Q8: 13 | R8: 14 | S8: 15=6-7 | U8: 16 | V8: 17=6+16
A9: 1 | B9: Арсеньевский ГО | C9: =D9+E9 -> 5448 | D9: 5448 | F9: =G9+H9 -> 218 | G9: 218 | I9: 105846 | J9: 42636.8 | K9: =L9+M9 -> 42636.8 | L9: 41885.3 | M9: 751.5 | N9: 498 | O9: =P9+Q9 -> 42636.8 | P9: 41885.3 | Q9: 751.5 | R9: 498 | S9: =J9-K9 -> 0 | T9: =J9-K9 -> 0 | V9: =J9+U9 -> 42636.8
A10: 2 | B10: Артемовский ГО | C10: =D10+E10 -> 10346 | D10: 9660 | E10: 686 | F10: =G10+H10 -> 423 | G10: 378 | H10: 45 | I10: 210389 | J10: 81873 | K10: =L10+M10 -> 81873 | L10: 79811.7 | M10: 2061.3 | N10: 2061.3 | O10: =P10+Q10 -> 81873 | P10: 79811.7 | Q10: 2061.3 | R10: 2061.3 | S10: =J10-K10 -> 0 | T10: =J10-K10 -> 0 | U10: 175.7 | V10: =J10+U10 -> 82048.7
A11: 3 | B11: ЗАТО Большой Камень | C11: =D11+E11 -> 3808 | D11: 3760 | E11: 48 | F11: =G11+H11 -> 169 | G11: 162 | H11: 7 | I11: 77169 | J11: 30736.8 | K11: =L11+M11 -> 30736.8 | L11: 30062.6 | M11: 674.2 | N11: 541.9 | O11: =P11+Q11 -> 30697.1 | P11: 30022.9 | Q11: 674.2 | R11: 541.9 | S11: =J11-K11 -> 0 | T11: =J11-K11 -> 0 | U11: 2984.8 | V11: =J11+U11 -> 33721.6
A12: 4 | B12: Владивостокский ГО | C12: =D12+E12 -> 46598 | D12: 44195 | E12: 2403 | F12: =G12+H12 -> 1813 | G12: 1675 | H12: 138 | I12: 949856 | J12: 541557.8 | K12: =L12+M12 -> 464938.8 | L12: 455026 | M12: 9912.8 | N12: 9848.8 | O12: =P12+Q12 -> 464938.8 | P12: 455026 | Q12: 9912.8 | R12: 9848.8 | S12: =J12-K12 -> 76619 | T12: =J12-K12 -> 76619 | V12: =J12+U12 -> 541557.8
A13: 5 | B13: Дальнегорский ГО | C13: =D13+E13 -> 4322 | D13: 3475 | E13: 847 | F13: =G13+H13 -> 199 | G13: 140 | H13: 59 | I13: 114545 | J13: 39592.1 | K13: =L13+M13 -> 39592.1 | L13: 39592.1 | O13: =P13+Q13 -> 39592.1 | P13: 39592.1 | S13: =J13-K13 -> 0 | T13: =J13-K13 -> 0 | U13: 1084.8 | V13: =J13+U13 -> 40676.9
A14: 6 | B14: Дальнереченский ГО | C14: =D14+E14 -> 3653 | D14: 3199 | E14: 454 | F14: =G14+H14 -> 162 | G14: 131 | H14: 31 | I14: 84865 | J14: 29553.7 | K14: =L14+M14 -> 29593 | L14: 28942.5 | M14: 650.5 | N14: 265 | O14: =P14+Q14 -> 29553.7 | P14: 28942.5 | Q14: 611.2 | R14: 241.6 | S14: =J14-K14 -> -39.3 | T14: =J14-K14 -> -39.3 | U14: 9321.2 | V14: =J14+U14 -> 38874.9
A15: 7 | B15: Лесозаводский ГО | C15: =D15+E15 -> 4827 | D15: 4199 | E15: 628 | F15: =G15+H15 -> 245 | G15: 177 | H15: 68 | I15: 109479 | J15: 59188 | K15: =L15+M15 -> 44380 | L15: 43173 | M15: 1207 | N15: 1207 | O15: =P15+Q15 -> 43173 | P15: 43173 | S15: =J15-K15 -> 14808 | T15: =J15-K15 -> 14808 | V15: =J15+U15 -> 59188
A16: 8 | B16: Находкинский ГО | C16: =D16+E16 -> 14824 | D16: 14800 | E16: 24 | F16: =G16+H16 -> 583 | G16: 581 | H16: 2 | I16: 294700 | J16: 121561.8 | K16: =L16+M16 -> 121561.8 | L16: 119668.8 | M16: 1893 | O16: =P16+Q16 -> 121561.8 | P16: 119668.8 | Q16: 1893 | S16: =J16-K16 -> 0 | T16: =J16-K16 -> 0 | V16: =J16+U16 -> 121561.8
A17: 9 | B17: Партизанский ГО | C17: =D17+E17 -> 4477 | D17: 3843 | E17: 634 | F17: =G17+H17 -> 199 | G17: 158 | H17: 41 | I17: 102356 | J17: 45902.2 | K17: =L17+M17 -> 41871.7 | L17: 40622.2 | M17: 1249.5 | N17: 1011 | O17: =P17+Q17 -> 45902.2 | P17: 44652.7 | Q17: 1249.5 | R17: 1011 | S17: =J17-K17 -> 4030.5 | U17: 1309.8 | V17: =J17+U17 -> 47212
A18: 10 | B18: ГО Спасск-Дальний | C18: =D18+E18 -> 5054 | D18: 5054 | F18: =G18+H18 -> 224 | G18: 224 | I18: 101639 | J18: 46592.1 | K18: =L18+M18 -> 46592.1 | L18: 45935.9 | M18: 656.2 | N18: 537.5 | O18: =P18+Q18 -> 46592.1 | P18: 45935.9 | Q18: 656.2 | R18: 537.5 | S18: =J18-K18 -> 0 | T18: =J18-K18 -> 0 | U18: 0 | V18: =J18+U18 -> 46592.1
A19: 11 | B19: Уссурийский ГО | C19: =D19+E19 -> 16695 | D19: 14243 | E19: 2452 | F19: =G19+H19 -> 699 | G19: 554 | H19: 145 | I19: 379318 | J19: 187314.5 | K19: =L19+M19 -> 161047.7 | L19: 157113 | M19: 3934.7 | N19: 3075.2 | O19: =P19+Q19 -> 147631 | P19: 143896.9 | Q19: 3734.1 | R19: 2998.4 | S19: =J19-K19 -> 26266.8 | T19: =J19-K19 -> 26266.8 | V19: =J19+U19 -> 187314.5
A20: 12 | B20: ЗАТО г. Фокино | C20: =D20+E20 -> 3062 | D20: 3062 | F20: =G20+H20 -> 136 | G20: 136 | I20: 58417 | J20: 31020.3 | K20: =L20+M20 -> 30354.4 | L20: 30078.1 | M20: 276.3 | N20: 60 | O20: =P20+Q20 -> 29637.7 | P20: 29361.4 | Q20: 276.3 | R20: 60 | S20: =J20-K20 -> 665.9 | V20: =J20+U20 -> 31020.3
A21: 13 | B21: Анучинский МР | C21: =D21+E21 -> 1397 | E21: 1397 | F21: =G21+H21 -> 97 | H21: 97 | I21: 53326 | J21: 22229.7 | K21: =L21+M21 -> 22366.7 | L21: 22216.7 | M21: 150 | N21: 150 | O21: =P21+Q21 -> 22229.7 | P21: 22079.7 | Q21: 150 | R21: 150 | S21: =J21-K21 -> -137 | T21: =J21-K21 -> -137 | V21: =J21+U21 -> 22229.7
A22: 14 | B22: Дальнереченский МР | C22: =D22+E22 -> 1336 | E22: 1336 | F22: =G22+H22 -> 113 | H22: 113 | I22: 56085 | J22: 20847.2 | K22: =L22+M22 -> 20847.2 | L22: 20716.2 | M22: 131 | N22: 65.1 | O22: =P22+Q22 -> 20847.2 | P22: 20716.2 | Q22: 131 | R22: 65.1 | S22: =J22-K22 -> 0 | T22: =J22-K22 -> 0 | U22: 2511.3 | V22: =J22+U22 -> 23358.5
A23: 15 | B23: Кавалеровский МР | C23: =D23+E23 -> 2660 | D23: 2474 | E23: 186 | F23: =G23+H23 -> 120 | G23: 105 | H23: 15 | I23: 62379 | J23: 31818.9 | K23: =L23+M23 -> 25444.5 | L23: 24982.9 | M23: 461.6 | N23: 461.6 | O23: =P23+Q23 -> 25391.8 | P23: 24930.2 | Q23: 461.6 | R23: 461.6 | S23: =J23-K23 -> 6374.4 | T23: =J23-K23 -> 6374.4 | V23: =J23+U23 -> 31818.9
A24: 16 | B24: Кировский МР | C24: =D24+E24 -> 2585 | D24: 1753 | E24: 832 | F24: =G24+H24 -> 176 | G24: 84 | H24: 92 | I24: 67577 | J24: 34235 | K24: =L24+M24 -> 34235 | L24: 34045.8 | M24: 189.2 | O24: =P24+Q24 -> 34235 | P24: 34045.8 | Q24: 189.2 | S24: =J24-K24 -> 0 | T24: =J24-K24 -> 0 | U24: 147.3 | V24: =J24+U24 -> 34382.3
A25: 17 | B25: Красноармейский МР | C25: =D25+E25 -> 2382 | D25: 418 | E25: 1964 | F25: =G25+H25 -> 169 | G25: 21 | H25: 148 | I25: 92581 | J25: 36456.7 | K25: =L25+M25 -> 33054.9 | L25: 32478.2 | M25: 576.7 | N25: 576.7 | O25: =P25+Q25 -> 36456.7 | P25: 35880 | Q25: 576.7 | R25: 576.7 | S25: =J25-K25 -> 3401.8 | T25: =J25-K25 -> 3401.8 | V25: =J25+U25 -> 36456.7
A26: 18 | B26: Лазовский МР | C26: =D26+E26 -> 1632 | D26: 841 | E26: 791 | F26: =G26+H26 -> 112 | G26: 40 | H26: 72 | I26: 48560 | J26: 20002.6 | K26: =L26+M26 -> 20002.6 | L26: 19434.6 | M26: 568 | O26: =P26+Q26 -> 20002.6 | P26: 19434.6 | Q26: 568 | S26: =J26-K26 -> 0 | T26: =J26-K26 -> 0 | U26: 123 | V26: =J26+U26 -> 20125.6
A27: 19 | B27: Михайловский МР | C27: =D27+E27 -> 3890 | D27: 929 | E27: 2961 | F27: =G27+H27 -> 203 | G27: 38 | H27: 165 | I27: 132327 | J27: 54133.1 | K27: =L27+M27 -> 59754 | L27: 54046.8 | M27: 5707.2 | N27: 907.9 | O27: =P27+Q27 -> 54133.1 | P27: 48425.9 | Q27: 5707.2 | R27: 907.9 | S27: =J27-K27 -> -5620.9 | T27: =J27-K27 -> -5620.9 | V27: =J27+U27 -> 54133.1
A28: 20 | B28: Надеждинский МР | C28: =D28+E28 -> 3894 | E28: 3894 | F28: =G28+H28 -> 222 | H28: 222 | I28: 148524 | J28: 66297.6 | K28: =L28+M28 -> 58149.7 | L28: 57149.7 | M28: 1000 | O28: =P28+Q28 -> 44522.2 | P28: 44522.2 | S28: =J28-K28 -> 8147.9 | T28: =J28-K28 -> 8147.9 | V28: =J28+U28 -> 66297.6
A29: 21 | B29: Октябрьский МР | C29: =D29+E29 -> 3441 | D29: 635 | E29: 2806 | F29: =G29+H29 -> 195 | G29: 25 | H29: 170 | I29: 125982 | J29: 55359.8 | K29: =L29+M29 -> 45685.7 | L29: 45023.6 | M29: 662.1 | N29: 546.6 | O29: =P29+Q29 -> 45685.7 | P29: 45023.6 | Q29: 662.1 | R29: 546.6 | S29: =J29-K29 -> 9674.1 | U29: 99.9 | V29: =J29+U29 -> 55459.7
A30: 22 | B30: Ольгинский МР | C30: =D30+E30 -> 1142 | D30: 417 | E30: 725 | F30: =G30+H30 -> 102 | G30: 21 | H30: 81 | I30: 41462 | J30: 21527.6 | K30: =L30+M30 -> 21527.6 | L30: 21527.6 | O30: =P30+Q30 -> 21527.6 | P30: 21527.6 | S30: =J30-K30 -> 0 | T30: =J30-K30 -> 0 | V30: =J30+U30 -> 21527.6
A31: 23 | B31: Партизанский МР | C31: =D31+E31 -> 3045 | E31: 3045 | F31: =G31+H31 -> 219 | H31: 219 | I31: 117125 | J31: 49227.1 | K31: =L31+M31 -> 44742.9 | L31: 44742.9 | O31: =P31+Q31 -> 44742.9 | P31: 44742.9 | S31: =J31-K31 -> 4484.2 | V31: =J31+U31 -> 49227.1
A32: 22 | B32: Пограничный МР | C32: =D32+E32 -> 2486 | D32: 1300 | E32: 1186 | F32: =G32+H32 -> 167 | G32: 64 | H32: 103 | I32: 71806 | J32: 31714.1 | K32: =L32+M32 -> 30705.8 | L32: 30683.8 | M32: 22 | N32: 10 | O32: =P32+Q32 -> 30705.8 | P32: 30683.8 | Q32: 22 | R32: 10 | S32: =J32-K32 -> 1008.3 | T32: =J32-K32 -> 1008.3 | U32: 5681.9 | V32: =J32+U32 -> 37396
A33: 25 | B33: Пожарский МР | C33: =D33+E33 -> 3467 | D33: 2369 | E33: 1098 | F33: =G33+H33 -> 198 | G33: 98 | H33: 100 | I33: 90676 | J33: 35937 | K33: =L33+M33 -> 31304.2 | L33: 30728.2 | M33: 576 | N33: 436.8 | O33: =P33+Q33 -> 31304.2 | P33: 30728.2 | Q33: 576 | R33: 436.8 | S33: =J33-K33 -> 4632.8 | V33: =J33+U33 -> 35937
A34: 26 | B34: Спасский МР | C34: =D34+E34 -> 2849 | E34: 2849 | F34: =G34+H34 -> 181 | H34: 181 | I34: 131927 | J34: 53486 | K34: =L34+M34 -> 52810 | L34: 52425.5 | M34: 384.5 | N34: 26.5 | O34: =P34+Q34 -> 53486 | P34: 53101.5 | Q34: 384.5 | R34: 26.5 | S34: =J34-K34 -> 676 | T34: =J34-K34 -> 676 | V34: =J34+U34 -> 53486
A35: 27 | B35: Тернейский МР | C35: =D35+E35 -> 1453 | D35: 1100 | E35: 353 | F35: =G35+H35 -> 117 | G35: 55 | H35: 62 | I35: 39742 | J35: 24755.7 | K35: =L35+M35 -> 24404.8 | L35: 24253.4 | M35: 151.4 | O35: =P35+Q35 -> 23233.8 | P35: 23082.4 | Q35: 151.4 | S35: =J35-K35 -> 350.9 | T35: =J35-K35 -> 350.9 | U35: 0 | V35: =J35+U35 -> 24755.7
A36: 28 | B36: Ханкайский МР | C36: =D36+E36 -> 2504 | E36: 2504 | F36: =G36+H36 -> 174 | H36: 174 | I36: 102957 | J36: 46214.2 | K36: =L36+M36 -> 45981.8 | L36: 45138.1 | M36: 843.7 | N36: 826.7 | O36: =P36+Q36 -> 46006.7 | P36: 45163 | Q36: 843.7 | R36: 826.7 | S36: =J36-K36 -> 232.4 | T36: =J36-K36 -> 232.4 | V36: =J36+U36 -> 46214.2
A37: 29 | B37: Хасанский МР | C37: =D37+E37 -> 3405 | D37: 2623 | E37: 782 | F37: =G37+H37 -> 203 | G37: 133 | H37: 70 | I37: 88879 | J37: 40208.3 | K37: =L37+M37 -> 38751 | L37: 37887 | M37: 864 | N37: 166.1 | O37: =P37+Q37 -> 40208.3 | P37: 39344.3 | Q37: 864 | R37: 166.1 | S37: =J37-K37 -> 1457.3 | T37: =J37-K37 -> 1457.3 | U37: 0 | V37: =J37+U37 -> 40208.3
A38: 30 | B38: Хорольский МР | C38: =D38+E38 -> 3128 | D38: 996 | E38: 2132 | F38: =G38+H38 -> 193 | G38: 46 | H38: 147 | I38: 109964 | J38: 40772.8 | K38: =L38+M38 -> 38942.9 | L38: 38692.9 | M38: 250 | O38: =P38+Q38 -> 38941.4 | P38: 38692.9 | Q38: 248.5 | S38: =J38-K38 -> 1829.9 | T38: =J38-K38 -> 1829.9 | V38: =J38+U38 -> 40772.8
A39: 31 | B39: Черниговский МР | C39: =D39+E39 -> 4029 | D39: 1124 | E39: 2905 | F39: =G39+H39 -> 233 | G39: 58 | H39: 175 | I39: 136277 | J39: 51157.7 | K39: =L39+M39 -> 49634.8 | L39: 47662.2 | M39: 1972.6 | N39: 325 | O39: =P39+Q39 -> 50935.5 | P39: 48962.9 | Q39: 1972.6 | R39: 325 | S39: =J39-K39 -> 1522.9 | T39: =J39-K39 -> 1522.9 | U39: 1412.3 | V39: =J39+U39 -> 52570
A40: 32 | B40: Чугуевский МР | C40: =D40+E40 -> 3178 | E40: 3178 | F40: =G40+H40 -> 248 | H40: 248 | I40: 134646 | J40: 55907 | K40: =L40+M40 -> 55357 | L40: 55357 | O40: =P40+Q40 -> 55357 | P40: 55357 | S40: =J40-K40 -> 550 | T40: =J40-K40 -> 550 | U40: 0 | V40: =J40+U40 -> 55907
A41: 33 | B41: Шкотовский МР | C41: =D41+E41 -> 2073 | D41: 951 | E41: 1122 | F41: =G41+H41 -> 119 | G41: 41 | H41: 78 | I41: 66425 | J41: 28569.7 | K41: =L41+M41 -> 27646.6 | L41: 27124.6 | M41: 522 | N41: 222.1 | O41: =P41+Q41 -> 21921.2 | P41: 21834.3 | Q41: 86.9 | R41: 24.2 | S41: =J41-K41 -> 923.1 | T41: =J41-K41 -> 923.1 | V41: =J41+U41 -> 28569.7
A42: 34 | B42: Яковлевский МР | C42: =D42+E42 -> 1831 | E42: 1831 | F42: =G42+H42 -> 130 | H42: 130 | I42: 72213 | J42: 33320 | K42: =L42+M42 -> 26169.7 | L42: 25958.1 | M42: 211.6 | O42: =P42+Q42 -> 26169.7 | P42: 25958.1 | Q42: 211.6 | S42: =J42-K42 -> 7150.3 | V42: =J42+U42 -> 33320
B43: резерв | C43: =D43+E43 -> 0 | F43: =G43+H43 -> 0 | I43: 198592 | J43: 0 | K43: =L43+M43 -> 0 | O43: =P43+Q43 -> 0 | P43: =J43 -> 0 | S43: =J43-K43 -> 0 | T43: =J43-K43 -> 0 | V43: =J43+U43 -> 0
B44: ИТОГО | C44: =SUM(C9:C43) -> 180921 | D44: =SUM(D9:D43) -> 132868 | E44: =SUM(E9:E43) -> 48053 | F44: =SUM(F9:F43) -> 8761 | G44: =SUM(G9:G43) -> 5363 | H44: =SUM(H9:H43) -> 3398 | I44: =SUM(I9:I43) -> 4778611 | J44: =SUM(J9:J43) -> 2111706.9 | ... R44: =SUM(R9:R43) -> 22321.7 | S44: =J44-K44 -> 169009.3 | T44: =SUM(T9:T43) -> 138371.5 | U44: =SUM(U9:U43) -> 24852 | V44: =SUM(V9:V43) -> 2136558.9
B47: Исп. Бушманова И.О.
B48: 40 20 99

Sheet июнь
B1: Отчет о расходовании средств субвенций | U1: УТВЕРЖДЕНО приказом департамента образования и науки Приморского края от 11января 2011 года № 1-а
B2: на реализацию основных общеобразовательных программ в муниципальных общеобразовательных учреждениях на 10 _июня_2011 г.
V4: в тыс. руб.
A5: № п/п | B5: Наименование муниципального общеобразовательного учреждения | C5: Число учащихся (ВСЕГО) | F5: Число классов | I5: Доведен объем субвенций на 2011 г. | J5: Финансирование муниципальных общеобразоват. учреждений с начала года | K5: Фактические расходы с начала года (начислено) | O5: Исполнено с начала года (выплачено) | S5: Остаток "+" (недостаток " -") средств на десятое число месяца, следующего за отчетным | T5: Недостаток средств на окончательный расчет за январь месяц | U5: остаток в фин органе | V5: Финансиро вание мун. образ с начала года
K6: ВСЕГО | L6: Оплата труда (фактически начисленная заработная плата с учетом начислений на оплату труда) | M6: Учебные расходы | O6: ВСЕГО | P6: Оплата труда (кассовые расходы) | Q6: Учебные расходы
C7: ВСЕГО | D7: город | E7: село | F7: ВСЕГО | G7: город | H7: село | M7: Всего | N7: в том числе расходы на приобретение учебников | Q7: Всего | R7: в том числе расходы на приобретение учебников
A8: 1 | B8: 2 | C8: 3=3.1+3.2 | D8: 3.1. | E8: 3.2. | F8: 4=4.1+4.2 | G8: 4.1. | H8: 4.2. | I8: 5 | J8: 6 | K8: 7 | L8: 8 | M8: 9 | N8: 10 | O8: 11 | P8: 12 | Q8: 13 | R8: 14 | S8: 15=6-7 | U8: 16 | V8: 17=6+16
A9: 1 | B9: Арсеньевский ГО | C9: =D9+E9 -> 5424 | D9: 5424 | F9: =G9+H9 -> 218 | G9: 218 | I9: 105846 | J9: 55536.8 | K9: =L9+M9 -> 55536.8 | L9: 54785.3 | M9: 751.5 | N9: 498 | O9: =P9+Q9 -> 55536.8 | P9: 54785.3 | Q9: 751.5 | R9: 498 | S9: =J9-K9 -> 0 | T9: =J9-K9 -> 0 | V9: =J9+U9 -> 55536.8 | Z9: =L9*1000 -> 54785300
A10: 2 | B10: Артемовский ГО | C10: =D10+E10 -> 10346 | D10: 9660 | E10: 686 | F10: =G10+H10 -> 423 | G10: 378 | H10: 45 | I10: 210389 | J10: 105763.6 | K10: =L10+M10 -> 105763.6 | L10: 103702.3 | M10: 2061.3 | N10: 2061.3 | O10: =P10+Q10 -> 105763.6 | P10: 103702.3 | Q10: 2061.3 | R10: 2061.3 | S10: =J10-K10 -> 0 | T10: =J10-K10 -> 0 | U10: 978.4 | V10: =J10+U10 -> 106742 | Z10: =L10*1000 -> 103702300
A11: 3 | B11: ЗАТО Большой Камень | C11: =D11+E11 -> 3808 | D11: 3760 | E11: 48 | F11: =G11+H11 -> 169 | G11: 162 | H11: 7 | I11: 77169 | J11: 39820.7 | K11: =L11+M11 -> 39820.7 | L11: 39036.2 | M11: 784.5 | N11: 638 | O11: =P11+Q11 -> 39820.7 | P11: 39036.2 | Q11: 784.5 | R11: 638 | S11: =J11-K11 -> 0 | T11: =J11-K11 -> 0 | U11: 791.3 | V11: =J11+U11 -> 40612 | Z11: =L11*1000 -> 39036200
A12: 4 | B12: Владивостокский ГО | C12: =D12+E12 -> 46598 | D12: 44195 | E12: 2403 | F12: =G12+H12 -> 1813 | G12: 1675 | H12: 138 | I12: 949856 | J12: 573362.9 | K12: =L12+M12 -> 549550.9 | L12: 539242.5 | M12: 10308.4 | N12: 10068.1 | O12: =P12+Q12 -> 549550.9 | P12: 539242.5 | Q12: 10308.4 | R12: 10068.1 | S12: 0 | T12: =J12-K12 -> 23812 | V12: =J12+U12 -> 573362.9 | Z12: =L12*1000 -> 539242500
A13: 5 | B13: Дальнегорский ГО | C13: =D13+E13 -> 4322 | D13: 3475 | E13: 847 | F13: =G13+H13 -> 199 | G13: 140 | H13: 59 | I13: 114545 | J13: 60039.6 | K13: =L13+M13 -> 60039.6 | L13: 58954.8 | M13: 1084.8 | N13: 884.9 | O13: =P13+Q13 -> 59289.6 | P13: 58204.8 | Q13: 1084.8 | R13: 884.9 | S13: =J13-K13 -> 0 | T13: =J13-K13 -> 0 | V13: =J13+U13 -> 60039.6 | Z13: =L13*1000 -> 58954800
A14: 6 | B14: Дальнереченский ГО | C14: =D14+E14 -> 3653 | D14: 3199 | E14: 454 | F14: =G14+H14 -> 162 | G14: 131 | H14: 31 | I14: 84865 | J14: 42474.9 | K14: =L14+M14 -> 42475.8 | L14: 41822.8 | M14: 653 | N14: 265 | O14: =P14+Q14 -> 42474.9 | P14: 41822.8 | Q14: 652.1 | R14: 265 | S14: =J14-K14 -> -0.9 | T14: =J14-K14 -> -0.9 | U14: 0 | V14: =J14+U14 -> 42474.9 | Z14: =L14*1000 -> 41822800
A15: 7 | B15: Лесозаводский ГО | C15: =D15+E15 -> 4827 | D15: 4199 | E15: 628 | F15: =G15+H15 -> 245 | G15: 177 | H15: 68 | I15: 109479 | J15: 70895 | K15: =L15+M15 -> 59731 | L15: 58524 | M15: 1207 | N15: 1207 | O15: =P15+Q15 -> 59731 | P15: 58524 | Q15: 1207 | R15: 1207 | S15: =J15-K15 -> 11164 | T15: =J15-K15 -> 11164 | V15: =J15+U15 -> 70895 | Z15: =L15*1000 -> 58524000
A16: 8 | B16: Находкинский ГО | C16: =D16+E16 -> 14824 | D16: 14800 | E16: 24 | F16: =G16+H16 -> 583 | G16: 581 | H16: 2 | I16: 294700 | J16: 169861.8 | K16: =L16+M16 -> 159405.1 | L16: 157512.1 | M16: 1893 | N16: 1715.8 | O16: =P16+Q16 -> 159405.1 | P16: 157512.1 | Q16: 1893 | R16: 1715.8 | S16: =J16-K16 -> 10456.7 | T16: =J16-K16 -> 10456.7 | V16: =J16+U16 -> 169861.8 | Z16: =L16*1000 -> 157512100
A17: 9 | B17: Партизанский ГО | C17: =D17+E17 -> 4077 | D17: 3443 | E17: 634 | F17: =G17+H17 -> 199 | G17: 158 | H17: 41 | I17: 102356 | J17: 57312 | K17: =L17+M17 -> 55348.3 | L17: 53208.8 | M17: 2139.5 | N17: 1011 | O17: =P17+Q17 -> 56089.3 | P17: 53949.8 | Q17: 2139.5 | R17: 1011 | S17: =J17-K17 -> 1963.7 | V17: =J17+U17 -> 57312 | Z17: =L17*1000 -> 53208800
A18: 10 | B18: ГО Спасск-Дальний | C18: =D18+E18 -> 5048 | D18: 5048 | F18: =G18+H18 -> 224 | G18: 224 | I18: 101639 | J18: 55511.2 | K18: =L18+M18 -> 55511.2 | L18: 54280.2 | M18: 1231 | N18: 537.5 | O18: =P18+Q18 -> 55511.2 | P18: 54280.2 | Q18: 1231 | R18: 537.5 | S18: =J18-K18 -> 0 | T18: =J18-K18 -> 0 | U18: 0 | V18: =J18+U18 -> 55511.2 | Z18: =L18*1000 -> 54280200
A19: 11 | B19: Уссурийский ГО | C19: =D19+E19 -> 16624 | D19: 14189 | E19: 2435 | F19: =G19+H19 -> 699 | G19: 554 | H19: 145 | I19: 379318 | J19: 206252.7 | K19: =L19+M19 -> 202985.5 | L19: 199042.3 | M19: 3943.2 | N19: 3075.2 | O19: =P19+Q19 -> 193419.1 | P19: 189475.9 | Q19: 3943.2 | R19: 3075.2 | S19: =J19-K19 -> 3267.2 | T19: =J19-K19 -> 3267.2 | V19: =J19+U19 -> 206252.7 | Z19: =L19*1000 -> 199042300
A20: 12 | B20: ЗАТО г. Фокино | C20: =D20+E20 -> 3062 | D20: 3062 | F20: =G20+H20 -> 136 | G20: 136 | I20: 58417 | J20: 35620.3 | K20: =L20+M20 -> 33330.1 | L20: 32873.8 | M20: 456.3 | N20: 171.8 | O20: =P20+Q20 -> 32574.3 | P20: 32118 | Q20: 456.3 | R20: 171.8 | S20: =J20-K20 -> 2290.2 | V20: =J20+U20 -> 35620.3 | W20: 500 | X20: не учтено | Z20: =L20*1000 -> 32873800
A21: 13 | B21: Анучинский МР | C21: =D21+E21 -> 1404 | E21: 1404 | F21: =G21+H21 -> 97 | H21: 97 | I21: 53326 | J21: 26909.8 | K21: =L21+M21 -> 26909.8 | L21: 26759.8 | M21: 150 | N21: 150 | O21: =P21+Q21 -> 26909.8 | P21: 26759.8 | Q21: 150 | R21: 150 | S21: =J21-K21 -> 0 | T21: =J21-K21 -> 0 | V21: =J21+U21 -> 26909.8 | Z21: =L21*1000 -> 26759800
A22: 14 | B22: Дальнереченский МР | C22: =D22+E22 -> 1336 | E22: 1336 | F22: =G22+H22 -> 113 | H22: 113 | I22: 56085 | J22: 30745.2 | K22: =L22+M22 -> 31163.6 | L22: 31004.7 | M22: 158.9 | N22: 78.1 | O22: =P22+Q22 -> 30715.2 | P22: 30586.3 | Q22: 128.9 | R22: 78.1 | S22: =J22-K22 -> -418.4 | T22: =J22-K22 -> -418.4 | U22: 577.1 | V22: =J22+U22 -> 31322.3 | Z22: =L22*1000 -> 31004700
A23: 15 | B23: Кавалеровский МР | C23: =D23+E23 -> 2653 | D23: 2467 | E23: 186 | F23: =G23+H23 -> 120 | G23: 105 | H23: 15 | I23: 62379 | J23: 39318.9 | K23: =L23+M23 -> 38234.2 | L23: 37700.8 | M23: 533.4 | N23: 533.4 | O23: =P23+Q23 -> 35318.7 | P23: 34857.1 | Q23: 461.6 | R23: 461.6 | S23: =J23-K23 -> 1084.7 | T23: =J23-K23 -> 1084.7 | V23: =J23+U23 -> 39318.9 | Z23: =L23*1000 -> 37700800
A24: 16 | B24: Кировский МР | C24: =D24+E24 -> 2585 | D24: 1753 | E24: 832 | F24: =G24+H24 -> 176 | G24: 84 | H24: 92 | I24: 67577 | J24: 44674.6 | K24: =L24+M24 -> 44377.6 | L24: 44188.4 | M24: 189.2 | O24: =P24+Q24 -> 44674.6 | P24: 44485.4 | Q24: 189.2 | S24: =J24-K24 -> 297 | T24: =J24-K24 -> 297 | U24: 1198.7 | V24: =J24+U24 -> 45873.3 | Z24: =L24*1000 -> 44188400
A25: 17 | B25: Красноармейский МР | C25: =D25+E25 -> 2382 | D25: 418 | E25: 1964 | F25: =G25+H25 -> 169 | G25: 21 | H25: 148 | I25: 92581 | J25: 47033.1 | K25: =L25+M25 -> 45518.1 | L25: 44922.6 | M25: 595.5 | N25: 595.5 | O25: =P25+Q25 -> 45518.1 | P25: 44922.6 | Q25: 595.5 | R25: 595.5 | S25: =J25-K25 -> 1515 | T25: =J25-K25 -> 1515 | V25: =J25+U25 -> 47033.1 | Z25: =L25*1000 -> 44922600
A26: 18 | B26: Лазовский МР | C26: =D26+E26 -> 1632 | D26: 841 | E26: 791 | F26: =G26+H26 -> 112 | G26: 40 | H26: 72 | I26: 48560 | J26: 29886 | K26: =L26+M26 -> 29886 | L26: 29318 | M26: 568 | N26: 371.2 | O26: =P26+Q26 -> 29886 | P26: 29318 | Q26: 568 | R26: 371.2 | S26: =J26-K26 -> 0 | T26: =J26-K26 -> 0 | U26: 38.2 | V26: =J26+U26 -> 29924.2 | Z26: =L26*1000 -> 29318000
A27: 19 | B27: Михайловский МР | C27: =D27+E27 -> 3890 | D27: 929 | E27: 2961 | F27: =G27+H27 -> 203 | G27: 38 | H27: 165 | I27: 132327 | J27: 63855.6 | K27: =L27+M27 -> 65628.6 | L27: 59921.4 | M27: 5707.2 | N27: 907.9 | O27: =P27+Q27 -> 65628.6 | P27: 59921.4 | Q27: 5707.2 | R27: 907.9 | S27: =J27-K27 -> -1773 | T27: =J27-K27 -> -1773 | V27: =J27+U27 -> 63855.6 | W27: 4601.9 | X27: отправлено | Z27: =L27*1000 -> 59921400
A28: 20 | B28: Надеждинский МР | C28: =D28+E28 -> 3894 | E28: 3894 | F28: =G28+H28 -> 222 | H28: 222 | I28: 148524 | J28: 90297.6 | K28: =L28+M28 -> 83626.7 | L28: 82626.7 | M28: 1000 | O28: =P28+Q28 -> 85051.4 | P28: 84576.3 | Q28: 475.1 | S28: =J28-K28 -> 6670.9 | T28: =J28-K28 -> 6670.9 | V28: =J28+U28 -> 90297.6 | Z28: =L28*1000 -> 82626700
A29: 21 | B29: Октябрьский МР | C29: =D29+E29 -> 3441 | D29: 635 | E29: 2806 | F29: =G29+H29 -> 195 | G29: 25 | H29: 170 | I29: 125982 | J29: 72006 | K29: =L29+M29 -> 59108.5 | L29: 58356 | M29: 752.5 | N29: 637.1 | O29: =P29+Q29 -> 59108.5 | P29: 58356 | Q29: 752.5 | R29: 637.1 | S29: =J29-K29 -> 12897.5 | V29: =J29+U29 -> 72006 | Z29: =L29*1000 -> 58356000
A30: 22 | B30: Ольгинский МР | C30: =D30+E30 -> 1142 | D30: 417 | E30: 725 | F30: =G30+H30 -> 102 | G30: 21 | H30: 81 | I30: 41462 | J30: 25613.1 | K30: =L30+M30 -> 25564.5 | L30: 25327.6 | M30: 236.9 | N30: 236.9 | O30: =P30+Q30 -> 25564.5 | P30: 25327.6 | Q30: 236.9 | R30: 236.9 | S30: =J30-K30 -> 48.6 | T30: =J30-K30 -> 48.6 | V30: =J30+U30 -> 25613.1 | Z30: =L30*1000 -> 25327600
A31: 23 | B31: Партизанский МР | C31: =D31+E31 -> 3045 | E31: 3045 | F31: =G31+H31 -> 219 | H31: 219 | I31: 117125 | J31: 60372.4 | K31: =L31+M31 -> 54249.8 | L31: 53489.8 | M31: 760 | N31: 277.9 | O31: =P31+Q31 -> 54249.8 | P31: 53489.8 | Q31: 760 | R31: 277.9 | S31: =J31-K31 -> 6122.6 | V31: =J31+U31 -> 60372.4 | Z31: =L31*1000 -> 53489800
A32: 22 | B32: Пограничный МР | C32: =D32+E32 -> 2486 | D32: 1300 | E32: 1186 | F32: =G32+H32 -> 167 | G32: 64 | H32: 103 | I32: 71806 | J32: 41458.9 | K32: =L32+M32 -> 38119.7 | L32: 38019.8 | M32: 99.9 | N32: 55 | O32: =P32+Q32 -> 38119.7 | P32: 38019.8 | Q32: 99.9 | R32: 55 | S32: =J32-K32 -> 3339.2 | T32: =J32-K32 -> 3339.2 | U32: 737.5 | V32: =J32+U32 -> 42196.4 | Z32: =L32*1000 -> 38019800
A33: 25 | B33: Пожарский МР | C33: =D33+E33 -> 3467 | D33: 2369 | E33: 1098 | F33: =G33+H33 -> 198 | G33: 98 | H33: 100 | I33: 90676 | J33: 42437 | K33: =L33+M33 -> 45249.2 | L33: 44373.2 | M33: 876 | N33: 436.8 | O33: =P33+Q33 -> 42437 | P33: 41561 | Q33: 876 | R33: 631.3 | S33: =J33-K33 -> -2812.2 | V33: =J33+U33 -> 42437 | W33: 2800 | X33: отправлено | Z33: =L33*1000 -> 44373200
A34: 26 | B34: Спасский МР | C34: =D34+E34 -> 2829 | E34: 2829 | F34: =G34+H34 -> 181 | H34: 181 | I34: 131927 | J34: 56313.8 | K34: =L34+M34 -> 57624.5 | L34: 57240 | M34: 384.5 | N34: 26.5 | O34: =P34+Q34 -> 56313.8 | P34: 55929.3 | Q34: 384.5 | R34: 26.5 | S34: =J34-K34 -> -1310.7 | T34: =J34-K34 -> -1310.7 | V34: =J34+U34 -> 56313.8 | W34: 1310.7 | X34: отправлено | Z34: =L34*1000 -> 57240000
A35: 27 | B35: Тернейский МР | C35: =D35+E35 -> 1453 | D35: 1100 | E35: 353 | F35: =G35+H35 -> 117 | G35: 55 | H35: 62 | I35: 39742 | J35: 27085.4 | K35: =L35+M35 -> 30366.3 | L35: 30214.9 | M35: 151.4 | O35: =P35+Q35 -> 26665.9 | P35: 26514.5 | Q35: 151.4 | S35: =J35-K35 -> -3280.9 | T35: =J35-K35 -> -3280.9 | U35: 0 | V35: =J35+U35 -> 27085.4 | W35: 3699 | X35: отправлено | Z35: =L35*1000 -> 30214900
A36: 28 | B36: Ханкайский МР | C36: =D36+E36 -> 2500 | E36: 2500 | F36: =G36+H36 -> 174 | H36: 174 | I36: 102957 | J36: 57098.4 | K36: =L36+M36 -> 58362.7 | L36: 57519 | M36: 843.7 | N36: 826.7 | O36: =P36+Q36 -> 57067.9 | P36: 56224.2 | Q36: 843.7 | R36: 826.7 | S36: =J36-K36 -> -1264.3 | T36: =J36-K36 -> -1264.3 | V36: =J36+U36 -> 57098.4 | W36: 1321 | X36: отправлено | Z36: =L36*1000 -> 57519000
A37: 29 | B37: Хасанский МР | C37: =D37+E37 -> 3405 | D37: 2623 | E37: 782 | F37: =G37+H37 -> 203 | G37: 133 | H37: 70 | I37: 88879 | J37: 51500.6 | K37: =L37+M37 -> 51733.7 | L37: 50869.7 | M37: 864 | N37: 166.1 | O37: =P37+Q37 -> 51500.6 | P37: 50636.6 | Q37: 864 | R37: 166.1 | S37: =J37-K37 -> -233.1 | T37: =J37-K37 -> -233.1 | V37: =J37+U37 -> 51500.6 | Z37: =L37*1000 -> 50869700
A38: 30 | B38: Хорольский МР | C38: =D38+E38 -> 3131 | D38: 996 | E38: 2135 | F38: =G38+H38 -> 193 | G38: 46 | H38: 147 | I38: 109964 | J38: 52272.8 | K38: =L38+M38 -> 52451.2 | L38: 51666.9 | M38: 784.3 | N38: 534.3 | O38: =P38+Q38 -> 52451.2 | P38: 51666.9 | Q38: 784.3 | R38: 534.3 | S38: =J38-K38 -> -178.4 | T38: =J38-K38 -> -178.4 | V38: =J38+U38 -> 52272.8 | Z38: =L38*1000 -> 51666900
A39: 31 | B39: Черниговский МР | C39: =D39+E39 -> 4029 | D39: 1124 | E39: 2905 | F39: =G39+H39 -> 233 | G39: 58 | H39: 175 | I39: 136277 | J39: 73187.2 | K39: =L39+M39 -> 73187.2 | L39: 70977.5 | M39: 2209.7 | N39: 325 | O39: =P39+Q39 -> 73187.2 | P39: 70977.5 | Q39: 2209.7 | R39: 325 | S39: =J39-K39 -> 0 | T39: =J39-K39 -> 0 | U39: 182.6 | V39: =J39+U39 -> 73369.8 | Z39: =L39*1000 -> 70977500
A40: 32 | B40: Чугуевский МР | C40: =D40+E40 -> 3180 | E40: 3180 | F40: =G40+H40 -> 248 | H40: 248 | I40: 134646 | J40: 71306 | K40: =L40+M40 -> 71398 | L40: 71199 | M40: 199 | N40: 199 | O40: =P40+Q40 -> 71306 | P40: 71107 | Q40: 199 | R40: 199 | S40: =J40-K40 -> -92 | T40: =J40-K40 -> -92 | U40: 0 | V40: =J40+U40 -> 71306 | Z40: =L40*1000 -> 71199000
A41: 33 | B41: Шкотовский МР | C41: =D41+E41 -> 2073 | D41: 951 | E41: 1122 | F41: =G41+H41 -> 119 | G41: 41 | H41: 78 | I41: 66425 | J41: 37579.7 | K41: =L41+M41 -> 37109.7 | L41: 36587.7 | M41: 522 | N41: 222.1 | O41: =P41+Q41 -> 32534.7 | P41: 32056.7 | Q41: 478 | R41: 24.2 | S41: =J41-K41 -> 470 | T41: =J41-K41 -> 470 | V41: =J41+U41 -> 37579.7 | Z41: =L41*1000 -> 36587700
A42: 34 | B42: Яковлевский МР | C42: =D42+E42 -> 1829 | E42: 1829 | F42: =G42+H42 -> 130 | H42: 130 | I42: 72213 | J42: 35877.2 | K42: =L42+M42 -> 37047 | L42: 36591.4 | M42: 455.6 | N42: 244 | O42: =P42+Q42 -> 35877.2 | P42: 35421.6 | Q42: 455.6 | R42: 244 | S42: =J42-K42 -> -1169.8 | V42: =J42+U42 -> 35877.2 | W42: 1379.2 | X42: отправлено | Z42: =L42*1000 -> 36591400
B43: резерв | C43: =D43+E43 -> 0 | F43: =G43+H43 -> 0 | I43: 198592 | J43: 0 | K43: =L43+M43 -> 0 | O43: =P43+Q43 -> 0 | P43: =J43 -> 0 | S43: =J43-K43 -> 0 | T43: =J43-K43 -> 0 | V43: =J43+U43 -> 0 | Z43: =L43*1000 -> 0
B44: ИТОГО | C44: =SUM(C9:C43) -> 180399 | D44: =SUM(D9:D43) -> 132377 | E44: =SUM(E9:E43) -> 48022 | F44: =SUM(F9:F43) -> 8761 | G44: =SUM(G9:G43) -> 5363 | H44: =SUM(H9:H43) -> 3398 | I44: =SUM(I9:I43) -> 4778611 | J44: =SUM(J9:J43) -> 2549280.8 | ... V44: =SUM(V9:V43) -> 2553784.6
Q46: =[1]сентябрь!$M$45+[1]октябрь!$M$45+Q44 -> 194058.2
B63: Исп. Бушманова И.О.
B64: 40 20 99

Sheet фот июнь
A1: Приложение к отчету
A3: на 10 апреля 2011 года
B5: Наименование муниципального образования | C5: ФОТ (начисленный) в тыс. руб. январь | E5: ИТОГО 211+213 | F5: Процент надтарифного фонда | G5: ФОТ (начисленный) в тыс. руб. Февраль | I5: ИТОГО 211+213 | J5: Процент надтарифного фонда | K5: ФОТ (начисленный) в тыс. руб. Март | M5: ИТОГО 211+213 | N5: Процент надтарифного фонда | O5: ФОТ (начисленный) в тыс. руб. Апрель | Q5: ИТОГО 211+213 | R5: Процент надтарифного фонда | S5: ФОТ (начисленный) в тыс. руб. Май | U5: ИТОГО 211+213 | V5: Процент надтарифного фонда | W5: ФОТ (начисленный) в тыс. руб. ИЮНЬ | Y5: ИТОГО 211+213 | Z5: Процент надтарифного фонда | AA5: Итого начислено за ЯНВАРЬ-ИЮНЬ
C6: КОСГУ 211 | D6: КОСГУ 213 | G6: КОСГУ 211 | H6: КОСГУ 213 | K6: КОСГУ 211 | L6: КОСГУ 213 | O6: КОСГУ 211 | P6: КОСГУ 213 | S6: КОСГУ 211 | T6: КОСГУ 213 | W6: КОСГУ 211 | X6: КОСГУ 213 | AB6: Проверка
A7: 1 | B7: Арсеньевский ГО | C7: 5648 | D7: 1919 | E7: =C7+D7 -> 7567 | F7: 23 | G7: 5448 | H7: 1831 | I7: =G7+H7 -> 7279 | J7: 24 | K7: 5608 | L7: 1910 | M7: =K7+L7 -> 7518 | N7: 23 | O7: 5669 | P7: 1940 | Q7: =O7+P7 -> 7609 | R7: 23 | S7: 9831 | T7: 2082 | U7: =S7+T7 -> 11913 | V7: 23 | W7: 9849 | X7: 3051 | Y7: =W7+X7 -> 12900 | Z7: 24 | AA7: =E7+I7+M7+Q7+U7+Y7 -> 54786 | AB7: =июнь!L9-'фот июнь'!AA7 -> -1
A8: 2 | B8: Артемовский ГО | C8: 10328 | D8: 3528 | E8: =C8+D8 -> 13856 | F8: 26 | G8: 10945 | H8: 3502 | I8: =G8+H8 -> 14447 | J8: 26 | K8: 9794 | L8: 3556 | M8: =K8+L8 -> 13350 | N8: 26 | O8: 10382 | P8: 3542 | Q8: =O8+P8 -> 13924 | R8: 26 | S8: 18065 | T8: 6169 | U8: =S8+T8 -> 24234 | V8: 26 | W8: 17795 | X8: 6096 | Y8: =W8+X8 -> 23891 | Z8: 26 | AA8: =E8+I8+M8+Q8+U8+Y8 -> 103702 | AB8: =июнь!L10-'фот июнь'!AA8 -> 0
A9: 3 | B9: ЗАТО Большой Камень | C9: 3913 | D9: 1331 | E9: =C9+D9 -> 5244 | F9: 20 | G9: 3902 | H9: 1308 | I9: =G9+H9 -> 5210 | J9: 22 | K9: 3878 | L9: 1294 | M9: =K9+L9 -> 5172 | N9: 21 | O9: 3869 | P9: 1348 | Q9: =O9+P9 -> 5217 | R9: 21 | S9: 6879 | T9: 2341 | U9: =S9+T9 -> 9220 | V9: 21 | W9: 6681 | X9: 2292 | Y9: =W9+X9 -> 8973 | Z9: 21 | AA9: =E9+I9+M9+Q9+U9+Y9 -> 39036 | AB9: =июнь!L11-'фот июнь'!AA9 -> 0
A10: 4 | B10: Владивостокский ГО | C10: 54121 | D10: 19844 | E10: =C10+D10 -> 73965 | F10: 25 | G10: 54085 | H10: 18901 | I10: =G10+H10 -> 72986 | J10: 25 | K10: 55523 | L10: 19823 | M10: =K10+L10 -> 75346 | N10: 25 | O10: 54023 | P10: 19682 | Q10: =O10+P10 -> 73705 | R10: 25 | S10: 130818 | T10: 28286 | U10: =S10+T10 -> 159104 | V10: 25 | W10: 51854 | X10: 32283 | Y10: =W10+X10 -> 84137 | Z10: 25 | AA10: =E10+I10+M10+Q10+U10+Y10 -> 539243 | AB10: =июнь!L12-'фот июнь'!AA10 -> -1
A11: 5 | B11: Дальнегорский ГО | C11: 5800 | D11: 1948 | E11: =C11+D11 -> 7748 | F11: 26 | G11: 5661 | H11: 1976 | I11: =G11+H11 -> 7637 | J11: 27 | K11: 6010 | L11: 2060 | M11: =K11+L11 -> 8070 | N11: 28 | O11: 5746 | P11: 2088 | Q11: =O11+P11 -> 7834 | R11: 22 | S11: 6348 | T11: 1956 | U11: =S11+T11 -> 8304 | V11: 21 | W11: 14774 | X11: 4589 | Y11: =W11+X11 -> 19363 | Z11: 18 | AA11: =E11+I11+M11+Q11+U11+Y11 -> 58956 | AB11: =июнь!L13-'фот июнь'!AA11 -> -1
A12: 6 | B12: Дальнереченский ГО | C12: 4263 | D12: 1407 | E12: =C12+D12 -> 5670 | F12: 25 | G12: 4254 | H12: 1398 | I12: =G12+H12 -> 5652 | J12: 25 | K12: 4411 | L12: 1461 | M12: =K12+L12 -> 5872 | N12: 24 | O12: 4165 | P12: 1416 | Q12: =O12+P12 -> 5581 | R12: 27 | S12: 4706 | T12: 1461 | U12: =S12+T12 -> 6167 | V12: 26 | W12: 9694 | X12: 3187 | Y12: =W12+X12 -> 12881 | Z12: 22 | AA12: =E12+I12+M12+Q12+U12+Y12 -> 41823 | AB12: =июнь!L14-'фот июнь'!AA12 -> 0
A13: 7 | B13: Лесозаводский ГО | C13: 5961 | D13: 2280 | E13: =C13+D13 -> 8241 | F13: 39 | G13: 5237 | H13: 2722 | I13: =G13+H13 -> 7959 | J13: 39 | K13: 4927 | L13: 2561 | M13: =K13+L13 -> 7488 | N13: 39 | O13: 5961 | P13: 2039 | Q13: =O13+P13 -> 8000 | R13: 39 | S13: 8558 | T13: 2927 | U13: =S13+T13 -> 11485 | V13: 39 | W13: 11439 | X13: 3912 | Y13: =W13+X13 -> 15351 | Z13: 39 | AA13: =E13+I13+M13+Q13+U13+Y13 -> 58524 | AB13: =июнь!L15-'фот июнь'!AA13 -> 0
A14: 8 | B14: Находкинский ГО | C14: 15711 | D14: 5287 | E14: =C14+D14 -> 20998 | F14: 20 | G14: 15547 | H14: 5327 | I14: =G14+H14 -> 20874 | J14: 21 | K14: 15603 | L14: 5224 | M14: =K14+L14 -> 20827 | N14: 21 | O14: 15292 | P14: 5294 | Q14: =O14+P14 -> 20586 | R14: 19 | S14: 27149 | T14: 9234 | U14: =S14+T14 -> 36383 | V14: 16 | W14: 28109 | X14: 9735 | Y14: =W14+X14 -> 37844 | Z14: 16 | AA14: =E14+I14+M14+Q14+U14+Y14 -> 157512 | AB14: =июнь!L16-'фот июнь'!AA14 -> 0
A15: 9 | B15: Партизанский ГО | C15: 5235 | D15: 2095 | E15: =C15+D15 -> 7330 | F15: 18 | G15: 5347 | H15: 2079 | I15: =G15+H15 -> 7426 | J15: 18 | K15: =5182.63 -> 5183 | L15: 2070 | M15: =K15+L15 -> 7253 | N15: 18 | O15: 5731 | P15: 1975 | Q15: =O15+P15 -> 7706 | R15: 24 | S15: 8288 | T15: 2620 | U15: =S15+T15 -> 10908 | V15: 24 | W15: 9432 | X15: 3155 | Y15: =W15+X15 -> 12587 | Z15: 17 | AA15: =E15+I15+M15+Q15+U15+Y15 -> 53210 | AB15: =июнь!L17-'фот июнь'!AA15 -> -1
A16: 10 | B16: ГО Спасск-Дальний | C16: 5376 | D16: 1832 | E16: =C16+D16 -> 7208 | F16: 21 | G16: 5621 | H16: 1915 | I16: =G16+H16 -> 7536 | J16: 28 | K16: 5679 | L16: 1931 | M16: =K16+L16 -> 7610 | N16: 25 | O16: 5597 | P16: 1907 | Q16: =O16+P16 -> 7504 | R16: 25 | S16: 11985 | T16: 4094 | U16: =S16+T16 -> 16079 | V16: 25 | W16: 6221 | X16: 2123 | Y16: =W16+X16 -> 8344 | Z16: 25 | AA16: =E16+I16+M16+Q16+U16+Y16 -> 54281 | AB16: =июнь!L18-'фот июнь'!AA16 -> -1
A17: 11 | B17: Уссурийский ГО | C17: 19847 | D17: 6689 | E17: =C17+D17 -> 26536 | F17: 27 | G17: 19981 | H17: 6985 | I17: =G17+H17 -> 26966 | J17: 27 | K17: 20092 | L17: 6868 | M17: =K17+L17 -> 26960 | N17: 27 | O17: 20535 | P17: 6977 | Q17: =O17+P17 -> 27512 | R17: 27 | S17: 38936 | T17: 10203 | U17: =S17+T17 -> 49139 | V17: 27 | W17: 28807 | X17: 13123 | Y17: =W17+X17 -> 41930 | Z17: 27 | AA17: =E17+I17+M17+Q17+U17+Y17 -> 199043 | AB17: =июнь!L19-'фот июнь'!AA17 -> -1
A18: 12 | B18: ЗАТО г. Фокино | C18: 3334 | D18: 1140 | E18: =C18+D18 -> 4474 | F18: 15 | G18: 3459 | H18: 1183 | I18: =G18+H18 -> 4642 | J18: 20 | K18: 3396 | L18: 1162 | M18: =K18+L18 -> 4558 | N18: 18 | O18: 3394 | P18: 1161 | Q18: =O18+P18 -> 4555 | R18: 18 | S18: 8829 | T18: 3019 | U18: =S18+T18 -> 11848 | V18: 20 | W18: 2083 | X18: 712 | Y18: =W18+X18 -> 2795 | Z18: 8 | AA18: =E18+I18+M18+Q18+U18+Y18 -> 32872 | AB18: =июнь!L20-'фот июнь'!AA18 -> 2
A19: 13 | B19: Анучинский МР | C19: 2761 | D19: 916 | E19: =C19+D19 -> 3677 | F19: 33 | G19: 2751 | H19: 928 | I19: =G19+H19 -> 3679 | J19: 32 | K19: 2696 | L19: 913 | M19: =K19+L19 -> 3609 | N19: 33 | O19: 2699 | P19: 917 | Q19: =O19+P19 -> 3616 | R19: 33 | S19: 5696 | T19: 1941 | U19: =S19+T19 -> 7637 | V19: 28 | W19: 3403 | X19: 1140 | Y19: =W19+X19 -> 4543 | Z19: 28 | AA19: =E19+I19+M19+Q19+U19+Y19 -> 26761 | AB19: =июнь!L21-'фот июнь'!AA19 -> -1
A20: 14 | B20: Дальнереченский МР | C20: 3485 | D20: 1190 | E20: =C20+D20 -> 4675 | F20: 33 | G20: 3037 | H20: 1032 | I20: =G20+H20 -> 4069 | J20: 35 | K20: 2997 | L20: 1016 | M20: =K20+L20 -> 4013 | N20: 33 | O20: 2985 | P20: 1016 | Q20: =O20+P20 -> 4001 | R20: 33 | S20: 4442 | T20: 1514 | U20: =S20+T20 -> 5956 | V20: 32 | W20: 6178 | X20: 2111 | Y20: =W20+X20 -> 8289 | Z20: 63 | AA20: =E20+I20+M20+Q20+U20+Y20 -> 31003 | AB20: =июнь!L22-'фот июнь'!AA20 -> 2
A21: 15 | B21: Кавалеровский МР | C21: 3609 | D21: 1228 | E21: =C21+D21 -> 4837 | F21: 22 | G21: 3531 | H21: 1196 | I21: =G21+H21 -> 4727 | J21: 23 | K21: 3521 | L21: 1190 | M21: =K21+L21 -> 4711 | N21: 23 | O21: 3507 | P21: 1194 | Q21: =O21+P21 -> 4701 | R21: 21 | S21: 4480 | T21: 1526 | U21: =S21+T21 -> 6006 | V21: 22 | W21: 9477 | X21: 3241 | Y21: =W21+X21 -> 12718 | AA21: =E21+I21+M21+Q21+U21+Y21 -> 37700 | AB21: =июнь!L23-'фот июнь'!AA21 -> 1
A22: 16 | B22: Кировский МР | C22: 5063 | D22: 1719 | E22: =C22+D22 -> 6782 | F22: 22 | G22: 5000 | H22: 1784 | I22: =G22+H22 -> 6784 | J22: 21 | K22: 4295 | L22: 1475 | M22: =K22+L22 -> 5770 | N22: 23 | O22: 4151 | P22: 1418 | Q22: =O22+P22 -> 5569 | R22: 23 | S22: 6815 | T22: 2325 | U22: =S22+T22 -> 9140 | V22: 18 | W22: 7568 | X22: 2574 | Y22: =W22+X22 -> 10142 | Z22: 19 | AA22: =E22+I22+M22+Q22+U22+Y22 -> 44187 | AB22: =июнь!L24-'фот июнь'!AA22 -> 1
A23: 17 | B23: Красноармейский МР | C23: 4416 | D23: 1483 | E23: =C23+D23 -> 5899 | F23: 26 | G23: 4339 | H23: 1484 | I23: =G23+H23 -> 5823 | J23: 26 | K23: 4454 | L23: 1521 | M23: =K23+L23 -> 5975 | N23: 26 | O23: 4389 | P23: 1493 | Q23: =O23+P23 -> 5882 | R23: 26 | S23: 6644 | T23: 2255 | U23: =S23+T23 -> 8899 | V23: 26 | W23: 9272 | X23: 3172 | Y23: =W23+X23 -> 12444 | Z23: 26 | AA23: =E23+I23+M23+Q23+U23+Y23 -> 44922 | AB23: =июнь!L25-'фот июнь'!AA23 -> 1
A24: 18 | B24: Лазовский МР | C24: 2713 | D24: 928 | E24: =C24+D24 -> 3641 | F24: 27 | G24: 2889 | H24: 988 | I24: =G24+H24 -> 3877 | J24: 27 | K24: 2792 | L24: 955 | M24: =K24+L24 -> 3747 | N24: 27 | O24: 2885 | P24: 987 | Q24: =O24+P24 -> 3872 | R24: 27 | S24: 3204 | T24: 1096 | U24: =S24+T24 -> 4300 | W24: 7365 | X24: 2519 | Y24: =W24+X24 -> 9884 | AA24: =E24+I24+M24+Q24+U24+Y24 -> 29321 | AB24: =июнь!L26-'фот июнь'!AA24 -> -3
A25: 19 | B25: Михайловский МР | C25: 6178 | D25: 2105 | E25: =C25+D25 -> 8283 | F25: 32 | G25: 6042 | H25: 2063 | I25: =G25+H25 -> 8105 | J25: 32 | K25: 6201 | L25: 2110 | M25: =K25+L25 -> 8311 | N25: 34 | O25: 6110 | P25: 2082 | Q25: =O25+P25 -> 8192 | R25: 32 | S25: 15769 | T25: 5387 | U25: =S25+T25 -> 21156 | V25: 20 | W25: 4379 | X25: 1495 | Y25: =W25+X25 -> 5874 | Z25: 30 | AA25: =E25+I25+M25+Q25+U25+Y25 -> 59921 | AB25: =июнь!L27-'фот июнь'!AA25 -> 0
A26: 20 | B26: Надеждинский МР | C26: 8085 | D26: 2712 | E26: =C26+D26 -> 10797 | F26: 34 | G26: 7978 | H26: 2855 | I26: =G26+H26 -> 10833 | J26: 35 | K26: 8382 | L26: 3186 | M26: =K26+L26 -> 11568 | N26: 35 | O26: 8429 | P26: 2895 | Q26: =O26+P26 -> 11324 | R26: 35 | S26: 9349 | T26: 3279 | U26: =S26+T26 -> 12628 | V26: 34 | W26: 19065 | X26: 6412 | Y26: =W26+X26 -> 25477 | Z26: 35 | AA26: =E26+I26+M26+Q26+U26+Y26 -> 82627 | AB26: =июнь!L28-'фот июнь'!AA26 -> 0
A27: 21 | B27: Октябрьский МР | C27: 5920 | D27: 2003 | E27: =C27+D27 -> 7923 | F27: 31 | G27: 5644 | H27: 1915 | I27: =G27+H27 -> 7559 | J27: 31 | K27: 5907 | L27: 2004 | M27: =K27+L27 -> 7911 | N27: 31 | O27: 5923 | P27: 2008 | Q27: =O27+P27 -> 7931 | R27: 31 | S27: 10209 | T27: 3491 | U27: =S27+T27 -> 13700 | V27: 31 | W27: 9935 | X27: 3398 | Y27: =W27+X27 -> 13333 | Z27: 31 | AA27: =E27+I27+M27+Q27+U27+Y27 -> 58357 | AB27: =июнь!L29-'фот июнь'!AA27 -> -1
A28: 22 | B28: Ольгинский МР | C28: 2457 | D28: 909 | E28: =C28+D28 -> 3366 | F28: 18 | G28: 2362 | H28: 988 | I28: =G28+H28 -> 3350 | J28: 18 | K28: 2535 | L28: 757 | M28: =K28+L28 -> 3292 | N28: 19 | O28: 2451 | P28: 663 | Q28: =O28+P28 -> 3114 | R28: 19 | S28: 6450 | T28: 1956 | U28: =S28+T28 -> 8406 | V28: 19 | W28: 2697 | X28: 1103 | Y28: =W28+X28 -> 3800 | Z28: 19 | AA28: =E28+I28+M28+Q28+U28+Y28 -> 25328 | AB28: =июнь!L30-'фот июнь'!AA28 -> 0
A29: 23 | B29: Партизанский МР | C29: 5344 | D29: 1819 | E29: =C29+D29 -> 7163 | F29: 35 | G29: 5469 | H29: 1858 | I29: =G29+H29 -> 7327 | J29: 34 | K29: 5303 | L29: 1795 | M29: =K29+L29 -> 7098 | N29: 33 | O29: 5410 | P29: 1845 | Q29: =O29+P29 -> 7255 | R29: 30 | S29: 7301 | T29: 2487 | U29: =S29+T29 -> 9788 | V29: 33 | W29: 11082 | X29: 3777 | Y29: =W29+X29 -> 14859 | Z29: 32 | AA29: =E29+I29+M29+Q29+U29+Y29 -> 53490 | AB29: =июнь!L31-'фот июнь'!AA29 -> 0
A30: 24 | B30: Пограничный МР | C30: 3765 | D30: 1284 | E30: =C30+D30 -> 5049 | F30: 31 | G30: 3868 | H30: 1325 | I30: =G30+H30 -> 5193 | J30: 29 | K30: 4042 | L30: 1378 | M30: =K30+L30 -> 5420 | N30: 46 | O30: 3844 | P30: 1311 | Q30: =O30+P30 -> 5155 | R30: 37 | S30: 7582 | T30: 2284 | U30: =S30+T30 -> 9866 | V30: 17 | W30: 5468 | X30: 1868 | Y30: =W30+X30 -> 7336 | Z30: 8 | AA30: =E30+I30+M30+Q30+U30+Y30 -> 38019 | AB30: =июнь!L32-'фот июнь'!AA30 -> 1
A31: 25 | B31: Пожарский МР | C31: 4298 | D31: 1459 | E31: =C31+D31 -> 5757 | F31: 33 | G31: 4328 | H31: 1478 | I31: =G31+H31 -> 5806 | J31: 29 | K31: 4384 | L31: 1498 | M31: =K31+L31 -> 5882 | N31: 27 | O31: 4391 | P31: 1447 | Q31: =O31+P31 -> 5838 | R31: 34 | S31: 5566 | T31: 1880 | U31: =S31+T31 -> 7446 | V31: 32 | W31: 10168 | X31: 3477 | Y31: =W31+X31 -> 13645 | Z31: 31 | AA31: =E31+I31+M31+Q31+U31+Y31 -> 44374 | AB31: =июнь!L33-'фот июнь'!AA31 -> -1
A32: 26 | B32: Спасский МР | C32: 5882 | D32: 2008 | E32: =C32+D32 -> 7890 | F32: 34 | G32: 5859 | H32: 1993 | I32: =G32+H32 -> 7852 | J32: 35 | K32: 5812 | L32: 1964 | M32: =K32+L32 -> 7776 | N32: 35 | O32: 5883 | P32: 2003 | Q32: =O32+P32 -> 7886 | R32: 34 | S32: 15670 | T32: 5351 | U32: =S32+T32 -> 21021 | V32: 34 | W32: 3599 | X32: 1216 | Y32: =W32+X32 -> 4815 | Z32: 34 | AA32: =E32+I32+M32+Q32+U32+Y32 -> 57240 | AB32: =июнь!L34-'фот июнь'!AA32 -> 0
A33: 27 | B33: Тернейский МР | C33: 3121 | D33: 1018 | E33: =C33+D33 -> 4139 | F33: 25 | G33: 2921 | H33: 975 | I33: =G33+H33 -> 3896 | J33: 26 | K33: 2932 | L33: 982 | M33: =K33+L33 -> 3914 | N33: 26 | O33: 2958 | P33: 1006 | Q33: =O33+P33 -> 3964 | R33: 26 | S33: 6189 | T33: 2152 | U33: =S33+T33 -> 8341 | V33: 28 | W33: 4429 | X33: 1533 | Y33: =W33+X33 -> 5962 | Z33: 27 | AA33: =E33+I33+M33+Q33+U33+Y33 -> 30216 | AB33: =июнь!L35-'фот июнь'!AA33 -> -1
A34: 28 | B34: Ханкайский МР | C34: 4830 | D34: 1616 | E34: =C34+D34 -> 6446 | F34: 30 | G34: 4751 | H34: 1591 | I34: =G34+H34 -> 6342 | J34: 31 | K34: 5268 | L34: 1757 | M34: =K34+L34 -> 7025 | N34: 35 | O34: 9231 | P34: 3149 | Q34: =O34+P34 -> 12380 | R34: 58 | S34: 9661 | T34: 3285 | U34: =S34+T34 -> 12946 | V34: 49 | W34: 9241 | X34: 3140 | Y34: =W34+X34 -> 12381 | Z34: 34 | AA34: =E34+I34+M34+Q34+U34+Y34 -> 57520 | AB34: =июнь!L36-'фот июнь'!AA34 -> -1
A35: 29 | B35: Хасанский МР | C35: 5171 | D35: 1762 | E35: =C35+D35 -> 6933 | G35: 4991 | H35: 1693 | I35: =G35+H35 -> 6684 | K35: 5231 | L35: 1777 | M35: =K35+L35 -> 7008 | N35: 0 | O35: 5246 | P35: 1788 | Q35: =O35+P35 -> 7034 | S35: 7627 | T35: 2603 | U35: =S35+T35 -> 10230 | W35: 9680 | X35: 3303 | Y35: =W35+X35 -> 12983 | AA35: =E35+I35+M35+Q35+U35+Y35 -> 50872 | AB35: =июнь!L37-'фот июнь'!AA35 -> -2
A36: 30 | B36: Хорольский МР | C36: 5296 | D36: 1793 | E36: =C36+D36 -> 7089 | F36: 33 | G36: 5331 | H36: 1798 | I36: =G36+H36 -> 7129 | J36: 33 | K36: 5354 | L36: 1817 | M36: =K36+L36 -> 7171 | N36: 33 | O36: 5224 | P36: 1773 | Q36: =O36+P36 -> 6997 | R36: 33 | S36: 7656 | T36: 2653 | U36: =S36+T36 -> 10309 | V36: 33 | W36: 9729 | X36: 3246 | Y36: =W36+X36 -> 12975 | Z36: 33 | AA36: =E36+I36+M36+Q36+U36+Y36 -> 51670 | AB36: =июнь!L38-'фот июнь'!AA36 -> -3
A37: 31 | B37: Черниговский МР | C37: 6958 | D37: 2380 | E37: =C37+D37 -> 9338 | F37: 26 | G37: 6903 | H37: 2361 | I37: =G37+H37 -> 9264 | J37: 27 | K37: 6735 | L37: 2303 | M37: =K37+L37 -> 9038 | N37: 26 | O37: 6918 | P37: 2366 | Q37: =O37+P37 -> 9284 | R37: 25 | S37: 8000 | T37: 2736 | U37: =S37+T37 -> 10736 | V37: 28 | W37: 17374 | X37: 5942 | Y37: =W37+X37 -> 23316 | Z37: 26 | AA37: =E37+I37+M37+Q37+U37+Y37 -> 70976 | AB37: =июнь!L39-'фот июнь'!AA37 -> 2
A38: 32 | B38: Чугуевский МР | C38: 7334 | D38: 2594 | E38: =C38+D38 -> 9928 | F38: 28 | G38: 7041 | H38: 2405 | I38: =G38+H38 -> 9446 | J38: 28 | K38: 7110 | L38: 2357 | M38: =K38+L38 -> 9467 | N38: 28 | O38: 7214 | P38: 2499 | Q38: =O38+P38 -> 9713 | R38: 28 | S38: 12539 | T38: 4264 | U38: =S38+T38 -> 16803 | V38: 29 | W38: 11895 | X38: 3947 | Y38: =W38+X38 -> 15842 | Z38: 29 | AA38: =E38+I38+M38+Q38+U38+Y38 -> 71199 | AB38: =июнь!L40-'фот июнь'!AA38 -> 0
A39: 33 | B39: Шкотовский МР | C39: 3785 | D39: 1274 | E39: =C39+D39 -> 5059 | F39: 18 | G39: 3726 | H39: 1234 | I39: =G39+H39 -> 4960 | J39: 59 | K39: 3662 | L39: 1227 | M39: =K39+L39 -> 4889 | N39: 19 | O39: 3615 | P39: 1227 | Q39: =O39+P39 -> 4842 | R39: 19 | S39: 5505 | T39: 1870 | U39: =S39+T39 -> 7375 | V39: 19 | W39: 7059 | X39: 2405 | Y39: =W39+X39 -> 9464 | Z39: 20 | AA39: =E39+I39+M39+Q39+U39+Y39 -> 36589 | AB39: =июнь!L41-'фот июнь'!AA39 -> -1
A40: 34 | B40: Яковлевский МР | C40: 3835 | D40: 1307 | E40: =C40+D40 -> 5142 | F40: 16 | G40: 3853 | H40: 1300 | I40: =G40+H40 -> 5153 | J40: 17 | K40: 3757 | L40: 1272 | M40: =K40+L40 -> 5029 | N40: 17 | O40: 3799 | P40: 1297 | Q40: =O40+P40 -> 5096 | R40: 17 | S40: 4128 | T40: 1412 | U40: =S40+T40 -> 5540 | W40: 7931 | X40: 2702 | Y40: =W40+X40 -> 10633 | AA40: =E40+I40+M40+Q40+U40+Y40 -> 36593 | AB40: =июнь!L42-'фот июнь'!AA40 -> -2
B41: ИТОГО | C41: =SUM(C7:C40) -> 243843 | D41: =SUM(D7:D40) -> 84807 | E41: =SUM(E7:E40) -> 328650 | F41: =SUM(F7:F40)/34 -> 26 | G41: =SUM(G7:G40) -> 242101 | H41: =SUM(H7:H40) -> 84371 | I41: =SUM(I7:I40) -> 326472 | J41: =SUM(J7:J40)/34 -> 27 | K41: =SUM(K7:K40) -> 243474 | L41: =SUM(L7:L40) -> 85174 | M41: =SUM(M7:M40) -> 328648 | N41: =SUM(N7:N40)/34 -> 27 | O41: =SUM(O7:O40) -> 247626 | P41: =SUM(P7:P40) -> 85753 | Q41: =SUM(Q7:Q40) -> 333379 | R41: =SUM(R7:R40) -> 917 | S41: =SUM(S7:S40) -> 450874 | T41: =SUM(T7:T40) -> 132139 | U41: =SUM(U7:U40) -> 583013 | V41: =SUM(V7:V40) -> 825 | ... AA41: =SUM(AA7:AA40) -> 2431873

Sheet УЧЕБ РАСХ
A2: Анализ исполнеия бюджета МО по учебным расходам
A4: № п/п | B4: Наименование муниципального общеобразовательного учреждения | C4: Число учащихся на 01.01.2011 (ВСЕГО) | F4: Объем учебных расходов на 2011 г. | G4: Финансирование учебных по состоянию на 13.07.2011 | H4: Остаток к финансированию (- превышение финансирования над расчетным объемом) | I4: Выписано счетов на учебн расх. По состоянию на 13.07.2011 | J4: Оплачено счетов по учеб. расходам по состоянию на 13.07.2011 | K4: Превышение оплаченных счетов над расчетным объемом | L4: Превышение расчетного объема | S4: Объем учебных расх согласно распределения | T4: отклонение
A7: 1 | B7: 2 | C7: 3 | D7: 3.1. | E7: 3.2. | F7: 4=3*250 руб. | G7: 5 | H7: 6 | I7: 7 | J7: 8 | K7: 9 | L7: 10
A8: 1 | B8: Арсеньевский ГО | C8: =D8+E8 -> 5491 | D8: 5491 | F8: =C8*250 -> 1372750 | G8: 500000 | H8: =F8-G8 -> 872750 | I8: =июнь!M9*1000 -> 751500 | J8: =июнь!Q9*1000 -> 751500 | K8: =J8-F8 -> -621250 | R8: 1389 | S8: =R8*1000 -> 1389000 | T8: =F8-S8 -> -16250
A9: 2 | B9: Артемовский ГО | C9: =D9+E9 -> 10394 | D9: 9701 | E9: 693 | F9: =C9*250 -> 2598500 | G9: 2580500 | H9: =F9-G9 -> 18000 | I9: =июнь!M10*1000 -> 2061300 | J9: =июнь!Q10*1000 -> 2061300 | K9: =J9-F9 -> -537200 | R9: 2660 | S9: =R9*1000 -> 2660000 | T9: =F9-S9 -> -61500
A10: 3 | B10: ЗАТО Большой Камень | C10: =D10+E10 -> 3823 | D10: 3777 | E10: 46 | F10: =C10*250 -> 955750 | G10: 953000 | H10: =F10-G10 -> 2750 | I10: =июнь!M11*1000 -> 784500 | J10: =июнь!Q11*1000 -> 784500 | K10: =J10-F10 -> -171250 | R10: 963.5 | S10: =R10*1000 -> 963500 | T10: =F10-S10 -> -7750
A11: 4 | B11: Владивостокский ГО | C11: =D11+E11 -> 46598 | D11: 44195 | E11: 2403 | F11: =C11*250 -> 11649500 | G11: 9953666 | H11: =F11-G11 -> 1695834 | I11: =июнь!M12*1000 -> 10308400 | J11: =июнь!Q12*1000 -> 10308400 | K11: =J11-F11 -> -1341100 | R11: 11701.25 | S11: =R11*1000 -> 11701250 | T11: =F11-S11 -> -51750
A12: 5 | B12: Дальнегорский ГО | C12: =D12+E12 -> 4347 | D12: 3496 | E12: 851 | F12: =C12*250 -> 1086750 | G12: 1084750 | H12: =F12-G12 -> 2000 | I12: =июнь!M13*1000 -> 1084800 | J12: =июнь!Q13*1000 -> 1084800 | K12: =J12-F12 -> -1950 | R12: 1100 | S12: =R12*1000 -> 1100000 | T12: =F12-S12 -> -13250
A13: 6 | B13: Дальнереченский ГО | C13: =D13+E13 -> 3658 | D13: 3192 | E13: 466 | F13: =C13*250 -> 914500 | G13: 539440 | H13: =F13-G13 -> 375060 | I13: =июнь!M14*1000 -> 653000 | J13: =июнь!Q14*1000 -> 652100 | K13: =J13-F13 -> -262400 | R13: 928 | S13: =R13*1000 -> 928000 | T13: =F13-S13 -> -13500
A14: 7 | B14: Лесозаводский ГО | C14: =D14+E14 -> 4827 | D14: 4199 | E14: 628 | F14: =C14*250 -> 1206750 | G14: 1206750 | H14: =F14-G14 -> 0 | I14: =июнь!M15*1000 -> 1207000 | J14: =июнь!Q15*1000 -> 1207000 | K14: =J14-F14 -> 250 | R14: 1207 | S14: =R14*1000 -> 1207000 | T14: =F14-S14 -> -250
A15: 8 | B15: Находкинский ГО | C15: =D15+E15 -> 15130 | D15: 15102 | E15: 28 | F15: =C15*250 -> 3782500 | G15: 1893000 | H15: =F15-G15 -> 1889500 | I15: =июнь!M16*1000 -> 1893000 | J15: =июнь!Q16*1000 -> 1893000 | K15: =J15-F15 -> -1889500 | R15: 3786 | S15: =R15*1000 -> 3786000 | T15: =F15-S15 -> -3500
A16: 9 | B16: Партизанский ГО | C16: =D16+E16 -> 4558 | D16: 3932 | E16: 626 | F16: =C16*250 -> 1139500 | G16: 1121000 | H16: =F16-G16 -> 18500 | I16: =июнь!M17*1000 -> 2139500 | J16: =июнь!Q17*1000 -> 2139500 | K16: =J16-F16 -> 1000000 | R16: 2139.5 | S16: =R16*1000 -> 2139500 | T16: =F16-S16 -> -1000000
A17: 10 | B17: ГО Спасск-Дальний | C17: =D17+E17 -> 5111 | D17: 5111 | F17: =C17*250 -> 1277750 | G17: 574749 | H17: =F17-G17 -> 703001 | I17: =июнь!M18*1000 -> 1231000 | J17: =июнь!Q18*1000 -> 1231000 | K17: =J17-F17 -> -46750 | R17: 1231 | S17: =R17*1000 -> 1231000 | T17: =F17-S17 -> 46750
A18: 11 | B18: Уссурийский ГО | C18: =D18+E18 -> 16754 | D18: 14280 | E18: 2474 | F18: =C18*250 -> 4188500 | G18: 219032 | H18: =F18-G18 -> 3969468 | I18: =июнь!M19*1000 -> 3943200 | J18: =июнь!Q19*1000 -> 3943200 | K18: =J18-F18 -> -245300 | R18: 4211.5 | S18: =R18*1000 -> 4211500 | T18: =F18-S18 -> -23000
A19: 12 | B19: ЗАТО г. Фокино | C19: =D19+E19 -> 3085 | D19: 3085 | F19: =C19*250 -> 771250 | G19: 700000 | H19: =F19-G19 -> 71250 | I19: =июнь!M20*1000 -> 456300 | J19: =июнь!Q20*1000 -> 456300 | K19: =J19-F19 -> -314950 | R19: 741 | S19: =R19*1000 -> 741000 | T19: =F19-S19 -> 30250
A20: 13 | B20: Анучинский МР | C20: =D20+E20 -> 1408 | E20: 1408 | F20: =C20*250 -> 352000 | G20: 0 | H20: =F20-G20 -> 352000 | I20: =июнь!M21*1000 -> 150000 | J20: =июнь!Q21*1000 -> 150000 | K20: =J20-F20 -> -202000 | R20: 350.25 | S20: =R20*1000 -> 350250 | T20: =F20-S20 -> 1750
A21: 14 | B21: Дальнереченский МР | C21: =D21+E21 -> 1339 | E21: 1339 | F21: =C21*250 -> 334750 | G21: 0 | H21: =F21-G21 -> 334750 | I21: =июнь!M22*1000 -> 158900 | J21: =июнь!Q22*1000 -> 128900 | K21: =J21-F21 -> -205850 | R21: 334.8 | S21: =R21*1000 -> 334800 | T21: =F21-S21 -> -50
A22: 15 | B22: Кавалеровский МР | C22: =D22+E22 -> 2685 | D22: 2499 | E22: 186 | F22: =C22*250 -> 671250 | G22: 0 | H22: =F22-G22 -> 671250 | I22: =июнь!M23*1000 -> 533400 | J22: =июнь!Q23*1000 -> 461600 | K22: =J22-F22 -> -209650 | R22: 681.5 | S22: =R22*1000 -> 681500 | T22: =F22-S22 -> -10250
A23: 16 | B23: Кировский МР | C23: =D23+E23 -> 2605 | D23: 1764 | E23: 841 | F23: =C23*250 -> 651250 | G23: 400000 | H23: =F23-G23 -> 251250 | I23: =июнь!M24*1000 -> 189200 | J23: =июнь!Q24*1000 -> 189200 | K23: =J23-F23 -> -462050 | R23: 638.3 | S23: =R23*1000 -> 638300 | T23: =F23-S23 -> 12950
A24: 17 | B24: Красноармейский МР | C24: =D24+E24 -> 2389 | D24: 398 | E24: 1991 | F24: =C24*250 -> 597250 | G24: 595500 | H24: =F24-G24 -> 1750 | I24: =июнь!M25*1000 -> 595500 | J24: =июнь!Q25*1000 -> 595500 | K24: =J24-F24 -> -1750 | R24: 576.7 | S24: =R24*1000 -> 576700 | T24: =F24-S24 -> 20550
A25: 18 | B25: Лазовский МР | C25: =D25+E25 -> 1632 | D25: 841 | E25: 791 | F25: =C25*250 -> 408000 | G25: 408000 | H25: =F25-G25 -> 0 | I25: =июнь!M26*1000 -> 568000 | J25: =июнь!Q26*1000 -> 568000 | K25: =J25-F25 -> 160000 | R25: 411 | S25: =R25*1000 -> 411000 | T25: =F25-S25 -> -3000
A26: 19 | B26: Михайловский МР | C26: =D26+E26 -> 3890 | D26: 929 | E26: 2961 | F26: =C26*250 -> 972500 | G26: 972500 | H26: =F26-G26 -> 0 | I26: =июнь!M27*1000 -> 5707200 | J26: =июнь!Q27*1000 -> 5707200 | K26: =J26-F26 -> 4734700 | R26: 1002 | S26: =R26*1000 -> 1002000 | T26: =F26-S26 -> -29500
A27: 20 | B27: Надеждинский МР | C27: =D27+E27 -> 3894 | E27: 3894 | F27: =C27*250 -> 973500 | G27: 1000000 | H27: =F27-G27 -> -26500 | I27: =июнь!M28*1000 -> 1000000 | J27: =июнь!Q28*1000 -> 475100 | K27: =J27-F27 -> -498400 | R27: 1000 | S27: =R27*1000 -> 1000000 | T27: =F27-S27 -> -26500
A28: 21 | B28: Октябрьский МР | C28: =D28+E28 -> 3441 | D28: 635 | E28: 2806 | F28: =C28*250 -> 860250 | G28: 200000 | H28: =F28-G28 -> 660250 | I28: =июнь!M29*1000 -> 752500 | J28: =июнь!Q29*1000 -> 752500 | K28: =J28-F28 -> -107750 | R28: 881.5 | S28: =R28*1000 -> 881500 | T28: =F28-S28 -> -21250
A29: 22 | B29: Ольгинский МР | C29: =D29+E29 -> 1142 | D29: 416 | E29: 726 | F29: =C29*250 -> 285500 | G29: 285500 | H29: =F29-G29 -> 0 | I29: =июнь!M30*1000 -> 236900 | J29: =июнь!Q30*1000 -> 236900 | K29: =J29-F29 -> -48600 | S29: =R29*1000 -> 0 | T29: =F29-S29 -> 285500
A30: 23 | B30: Партизанский МР | C30: =D30+E30 -> 3081 | E30: 3081 | F30: =C30*250 -> 770250 | G30: 760000 | H30: =F30-G30 -> 10250 | I30: =июнь!M31*1000 -> 760000 | J30: =июнь!Q31*1000 -> 760000 | K30: =J30-F30 -> -10250 | R30: 5964.5 | S30: =R30*1000 -> 5964500 | T30: =F30-S30 -> -5194250
A31: 22 | B31: Пограничный МР | C31: =D31+E31 -> 2482 | D31: 1304 | E31: 1178 | F31: =C31*250 -> 620500 | G31: 621500 | H31: =F31-G31 -> -1000 | I31: =июнь!M32*1000 -> 99900 | J31: =июнь!Q32*1000 -> 99900 | K31: =J31-F31 -> -520600 | R31: 630 | S31: =R31*1000 -> 630000 | T31: =F31-S31 -> -9500
A32: 25 | B32: Пожарский МР | C32: =D32+E32 -> 3502 | D32: 2412 | E32: 1090 | F32: =C32*250 -> 875500 | G32: 876000 | H32: =F32-G32 -> -500 | I32: =июнь!M33*1000 -> 876000 | J32: =июнь!Q33*1000 -> 876000 | K32: =J32-F32 -> 500 | R32: 876 | S32: =R32*1000 -> 876000 | T32: =F32-S32 -> -500
A33: 26 | B33: Спасский МР | C33: =D33+E33 -> 2870 | E33: 2870 | F33: =C33*250 -> 717500 | G33: 712250 | H33: =F33-G33 -> 5250 | I33: =июнь!M34*1000 -> 384500 | J33: =июнь!Q34*1000 -> 384500 | K33: =J33-F33 -> -333000 | R33: 723 | S33: =R33*1000 -> 723000 | T33: =F33-S33 -> -5500
A34: 27 | B34: Тернейский МР | C34: =D34+E34 -> 1453 | D34: 1100 | E34: 353 | F34: =C34*250 -> 363250 | G34: 225096 | H34: =F34-G34 -> 138154 | I34: =июнь!M35*1000 -> 151400 | J34: =июнь!Q35*1000 -> 151400 | K34: =J34-F34 -> -211850 | R34: 363.5 | S34: =R34*1000 -> 363500 | T34: =F34-S34 -> -250
A35: 28 | B35: Ханкайский МР | C35: =D35+E35 -> 2517 | E35: 2517 | F35: =C35*250 -> 629250 | G35: 860000 | H35: =F35-G35 -> -230750 | I35: =июнь!M36*1000 -> 843700 | J35: =июнь!Q36*1000 -> 843700 | K35: =J35-F35 -> 214450 | R35: 644 | S35: =R35*1000 -> 644000 | T35: =F35-S35 -> -14750
A36: 29 | B36: Хасанский МР | C36: =D36+E36 -> 3475 | D36: 2692 | E36: 783 | F36: =C36*250 -> 868750 | G36: 868250 | H36: =F36-G36 -> 500 | I36: =июнь!M37*1000 -> 864000 | J36: =июнь!Q37*1000 -> 864000 | K36: =J36-F36 -> -4750 | R36: 864 | S36: =R36*1000 -> 864000 | T36: =F36-S36 -> 4750
A37: 30 | B37: Хорольский МР | C37: =D37+E37 -> 3173 | D37: 996 | E37: 2177 | F37: =C37*250 -> 793250 | G37: 784250 | H37: =F37-G37 -> 9000 | I37: =июнь!M38*1000 -> 784300 | J37: =июнь!Q38*1000 -> 784300 | K37: =J37-F37 -> -8950 | R37: 794 | S37: =R37*1000 -> 794000 | T37: =F37-S37 -> -750
A38: 31 | B38: Черниговский МР | C38: =D38+E38 -> 4029 | D38: 1124 | E38: 2905 | F38: =C38*250 -> 1007250 | G38: 1366450 | H38: =F38-G38 -> -359200 | I38: =июнь!M39*1000 -> 2209700 | J38: =июнь!Q39*1000 -> 2209700 | K38: =J38-F38 -> 1202450 | R38: 1012 | S38: =R38*1000 -> 1012000 | T38: =F38-S38 -> -4750
A39: 32 | B39: Чугуевский МР | C39: =D39+E39 -> 3235 | E39: 3235 | F39: =C39*250 -> 808750 | G39: 799000 | H39: =F39-G39 -> 9750 | I39: =июнь!M40*1000 -> 199000 | J39: =июнь!Q40*1000 -> 199000 | K39: =J39-F39 -> -609750 | R39: 3821.5 | S39: =R39*1000 -> 3821500 | T39: =F39-S39 -> -3012750
A40: 33 | B40: Шкотовский МР | C40: =D40+E40 -> 2086 | D40: 959 | E40: 1127 | F40: =C40*250 -> 521500 | G40: 460000 | H40: =F40-G40 -> 61500 | I40: =июнь!M41*1000 -> 522000 | J40: =июнь!Q41*1000 -> 478000 | K40: =J40-F40 -> -43500 | R40: 522 | S40: =R40*1000 -> 522000 | T40: =F40-S40 -> -500
A41: 34 | B41: Яковлевский МР | C41: =D41+E41 -> 1821 | E41: 1821 | F41: =C41*250 -> 455250 | G41: 456250 | H41: =F41-G41 -> -1000 | I41: =июнь!M42*1000 -> 455600 | J41: =июнь!Q42*1000 -> 455600 | K41: =J41-F41 -> 350 | R41: 5825 | S41: =R41*1000 -> 5825000 | T41: =F41-S41 -> -5369750
B42: ИТОГО | C42: =SUM(C8:C41) -> 181925 | D42: =SUM(D8:D41) -> 133630 | E42: =SUM(E8:E41) -> 48295 | F42: =SUM(F8:F41) -> 45481250 | G42: =SUM(G8:G41) -> 33976433 | H42: =SUM(H8:H41) -> 11504817 | I42: =SUM(I8:I41) -> 44555200 | J42: =SUM(J8:J41) -> 43883600 | ... T42: =SUM(T8:T41) -> -14492050

Sheet август
B1: Отчет о расходовании средств субвенций | U1: УТВЕРЖДЕНО приказом департамента образования и науки Приморского края от 11января 2011 года № 1-а
B2: на реализацию основных общеобразовательных программ в муниципальных общеобразовательных учреждениях на 10 _августа_2011 г.
V4: в тыс. руб.
A5: № п/п | B5: Наименование муниципального общеобразовательного учреждения | C5: Число учащихся (ВСЕГО) | F5: Число классов | I5: Доведен объем субвенций на 2011 г. | J5: Финансирование муниципальных общеобразоват. учреждений с начала года | K5: Фактические расходы с начала года (начислено) | O5: Исполнено с начала года (выплачено) | S5: Остаток "+" (недостаток " -") средств на десятое число месяца, следующего за отчетным | T5: Недостаток средств на окончательный расчет за январь месяц | U5: остаток в фин органе | V5: Финансиро вание мун. образ с начала года | W5: % исполнения к плану | X5: отклонение от прогнозного исполнения 58,3% за 7 месяцев | Y5: Финансирование за июль
K6: ВСЕГО | L6: Оплата труда (фактически начисленная заработная плата с учетом начислений на оплату труда) | M6: Учебные расходы | O6: ВСЕГО | P6: Оплата труда (кассовые расходы) | Q6: Учебные расходы
C7: ВСЕГО | D7: город | E7: село | F7: ВСЕГО | G7: город | H7: село | M7: Всего | N7: в том числе расходы на приобретение учебников | Q7: Всего | R7: в том числе расходы на приобретение учебников
A8: 1 | B8: 2 | C8: 3=3.1+3.2 | D8: 3.1. | E8: 3.2. | F8: 4=4.1+4.2 | G8: 4.1. | H8: 4.2. | I8: 5 | J8: 6 | K8: 7 | L8: 8 | M8: 9 | N8: 10 | O8: 11 | P8: 12 | Q8: 13 | R8: 14 | S8: 15=6-7 | U8: 16 | V8: 17=6+16
A9: 1 | B9: Арсеньевский ГО | C9: =D9+E9 -> 5420 | D9: 5420 | F9: =G9+H9 -> 218 | G9: 218 | I9: 105846 | J9: 58436.8 | K9: =L9+M9 -> 58436.8 | L9: 57685.3 | M9: 751.5 | N9: 498 | O9: =P9+Q9 -> 58436.8 | P9: 57685.3 | Q9: 751.5 | R9: 498 | S9: =J9-K9 -> 0 | T9: =J9-K9 -> 0 | V9: =J9+U9 -> 58436.8 | W9: =V9/I9*100 -> 55.2 | X9: =58.3-W9 -> 3.1 | Y9: 2900009 | Z9: =L9*1000 -> 57685300
A10: 2 | B10: Артемовский ГО | C10: =D10+E10 -> 10346 | D10: 9660 | E10: 686 | F10: =G10+H10 -> 423 | G10: 378 | H10: 45 | I10: 210389 | J10: 110830.8 | K10: =L10+M10 -> 110830.8 | L10: 108424.5 | M10: 2406.3 | N10: 2406.3 | O10: =P10+Q10 -> 110830.8 | P10: 108424.5 | Q10: 2406.3 | R10: 2406.3 | S10: =J10-K10 -> 0 | T10: =J10-K10 -> 0 | U10: 2654.3 | V10: =J10+U10 -> 113485.1 | W10: =V10/I10*100 -> 53.9 | X10: =58.3-W10 -> 4.4 | Y10: 6743000 | Z10: =L10*1000 -> 108424500
A11: 3 | B11: ЗАТО Большой Камень | C11: =D11+E11 -> 3808 | D11: 3760 | E11: 48 | F11: =G11+H11 -> 169 | G11: 162 | H11: 7 | I11: 77169 | J11: 40854.5 | K11: =L11+M11 -> 40852.6 | L11: 40064.8 | M11: 787.8 | N11: 638 | O11: =P11+Q11 -> 40852.6 | P11: 40064.8 | Q11: 787.8 | R11: 638 | S11: =J11-K11 -> 1.9 | T11: =J11-K11 -> 1.9 | U11: 757.5 | V11: =J11+U11 -> 41612 | W11: =V11/I11*100 -> 53.9 | X11: =58.3-W11 -> 4.4 | Y11: 1000000 | Z11: =L11*1000 -> 40064800
A12: 4 | B12: Владивостокский ГО | C12: =D12+E12 -> 46598 | D12: 44195 | E12: 2403 | F12: =G12+H12 -> 1813 | G12: 1675 | H12: 138 | I12: 949856 | J12: 581875.6 | K12: =L12+M12 -> 573856.5 | L12: 562484.5 | M12: 11372 | N12: 11056.2 | O12: =P12+Q12 -> 581875.6 | P12: 570227.6 | Q12: 11648 | R12: 11056.2 | S12: =J12-K12 -> 8019.1 | T12: =J12-K12 -> 8019.1 | V12: =J12+U12 -> 581875.6 | W12: =V12/I12*100 -> 61.3 | X12: =58.3-W12 -> -3 | Y12: 8512630 | Z12: =L12*1000 -> 562484500
A13: 5 | B13: Дальнегорский ГО | C13: =D13+E13 -> 4322 | D13: 3475 | E13: 847 | F13: =G13+H13 -> 199 | G13: 140 | H13: 59 | I13: 114545 | J13: 61959.9 | K13: =L13+M13 -> 61960 | L13: 60875.2 | M13: 1084.8 | N13: 884.9 | O13: =P13+Q13 -> 61960 | P13: 60875.2 | Q13: 1084.8 | R13: 851.4 | S13: =J13-K13 -> -0.1 | T13: =J13-K13 -> -0.1 | V13: =J13+U13 -> 61959.9 | W13: =V13/I13*100 -> 54.1 | X13: =58.3-W13 -> 4.2 | Y13: 1920323 | Z13: =L13*1000 -> 60875200
A14: 6 | B14: Дальнереченский ГО | C14: =D14+E14 -> 3653 | D14: 3199 | E14: 454 | F14: =G14+H14 -> 162 | G14: 131 | H14: 31 | I14: 84865 | J14: 43548.9 | K14: =L14+M14 -> 44139.7 | L14: 43453.6 | M14: 686.1 | N14: 351 | O14: =P14+Q14 -> 43549 | P14: 42896.9 | Q14: 652.1 | R14: 265 | S14: =J14-K14 -> -590.8 | T14: =J14-K14 -> -590.8 | U14: 0 | V14: =J14+U14 -> 43548.9 | W14: =V14/I14*100 -> 51.3 | X14: =58.3-W14 -> 7 | Y14: 700000 | Z14: =L14*1000 -> 43453600
A15: 7 | B15: Лесозаводский ГО | C15: =D15+E15 -> 4827 | D15: 4199 | E15: 628 | F15: =G15+H15 -> 245 | G15: 177 | H15: 68 | I15: 109479 | J15: 74095 | K15: =L15+M15 -> 63777 | L15: 62570 | M15: 1207 | N15: 1207 | O15: =P15+Q15 -> 63777 | P15: 62570 | Q15: 1207 | R15: 1207 | S15: =J15-K15 -> 10318 | T15: =J15-K15 -> 10318 | V15: =J15+U15 -> 74095 | W15: =V15/I15*100 -> 67.7 | X15: =58.3-W15 -> -9.4 | Y15: 3200000 | Z15: =L15*1000 -> 62570000
A16: 8 | B16: Находкинский ГО | C16: =D16+E16 -> 14824 | D16: 14800 | E16: 24 | F16: =G16+H16 -> 583 | G16: 581 | H16: 2 | I16: 294700 | J16: 169861.8 | K16: =L16+M16 -> 167804.3 | L16: 164018.3 | M16: 3786 | N16: 2659.9 | O16: =P16+Q16 -> 167804.3 | P16: 164018.3 | Q16: 3786 | R16: 2659.9 | S16: =J16-K16 -> 2057.5 | T16: =J16-K16 -> 2057.5 | V16: =J16+U16 -> 169861.8 | W16: =V16/I16*100 -> 57.6 | X16: =58.3-W16 -> 0.7 | Y16: 0 | Z16: =L16*1000 -> 164018300
A17: 9 | B17: Партизанский ГО | C17: =D17+E17 -> 4477 | D17: 3843 | E17: 634 | F17: =G17+H17 -> 199 | G17: 158 | H17: 41 | I17: 102356 | J17: 58312 | K17: =L17+M17 -> 57972.5 | L17: 55833 | M17: 2139.5 | N17: 1011 | O17: =P17+Q17 -> 58312 | P17: 56172.5 | Q17: 2139.5 | R17: 1011 | S17: =J17-K17 -> 339.5 | V17: =J17+U17 -> 58312 | W17: =V17/I17*100 -> 57 | X17: =58.3-W17 -> 1.3 | Y17: 1000000 | Z17: =L17*1000 -> 55833000
A18: 10 | B18: ГО Спасск-Дальний | C18: =D18+E18 -> 5048 | D18: 5048 | F18: =G18+H18 -> 224 | G18: 224 | I18: 101639 | J18: 57039 | K18: =L18+M18 -> 57154.9 | L18: 55923.9 | M18: 1231 | N18: 1016.5 | O18: =P18+Q18 -> 57039 | P18: 55808 | Q18: 1231 | R18: 1016.5 | S18: =J18-K18 -> -115.9 | T18: =J18-K18 -> -115.9 | U18: 0 | V18: =J18+U18 -> 57039 | W18: =V18/I18*100 -> 56.1 | X18: =58.3-W18 -> 2.2 | Y18: 1527751 | Z18: =L18*1000 -> 55923900
A19: 11 | B19: Уссурийский ГО | C19: =D19+E19 -> 16624 | D19: 14189 | E19: 2435 | F19: =G19+H19 -> 699 | G19: 554 | H19: 145 | I19: 379318 | J19: 220134.5 | K19: =L19+M19 -> 213680.3 | L19: 209468.8 | M19: 4211.5 | N19: 3235.2 | O19: =P19+Q19 -> 212889.1 | P19: 208717.3 | Q19: 4171.8 | R19: 3150.8 | S19: =J19-K19 -> 6454.2 | T19: =J19-K19 -> 6454.2 | V19: =J19+U19 -> 220134.5 | W19: =V19/I19*100 -> 58 | X19: =58.3-W19 -> 0.3 | Y19: 13881870 | Z19: =L19*1000 -> 209468800
A20: 12 | B20: ЗАТО г. Фокино | C20: =D20+E20 -> 3062 | D20: 3062 | F20: =G20+H20 -> 136 | G20: 136 | I20: 58417 | J20: 37420.3 | K20: =L20+M20 -> 34703.4 | L20: 34101 | M20: 602.4 | N20: 171.8 | O20: =P20+Q20 -> 33609.5 | P20: 33307.1 | Q20: 302.4 | R20: 171.8 | S20: =J20-K20 -> 2716.9 | V20: =J20+U20 -> 37420.3 | W20: =V20/I20*100 -> 64.1 | X20: =58.3-W20 -> -5.8 | Y20: 1300000 | Z20: =L20*1000 -> 34101000
A21: 13 | B21: Анучинский МР | C21: =D21+E21 -> 1404 | E21: 1404 | F21: =G21+H21 -> 97 | H21: 97 | I21: 53326 | J21: 28137.9 | K21: =L21+M21 -> 28137.9 | L21: 27987.9 | M21: 150 | N21: 150 | O21: =P21+Q21 -> 28137.9 | P21: 27987.9 | Q21: 150 | R21: 150 | S21: =J21-K21 -> 0 | T21: =J21-K21 -> 0 | U21: 971.9 | V21: =J21+U21 -> 29109.8 | W21: =V21/I21*100 -> 54.6 | X21: =58.3-W21 -> 3.7 | Y21: 2200000 | Z21: =L21*1000 -> 27987900
A22: 14 | B22: Дальнереченский МР | C22: =D22+E22 -> 1336 | E22: 1336 | F22: =G22+H22 -> 113 | H22: 113 | I22: 56085 | J22: 31990.2 | K22: =L22+M22 -> 31990.2 | L22: 31828.3 | M22: 161.9 | N22: 78.1 | O22: =P22+Q22 -> 31990.2 | P22: 31828.3 | Q22: 161.9 | R22: 78.1 | S22: =J22-K22 -> 0 | T22: =J22-K22 -> 0 | U22: 405.2 | V22: =J22+U22 -> 32395.4 | W22: =V22/I22*100 -> 57.8 | X22: =58.3-W22 -> 0.5 | Y22: 1073190 | Z22: =L22*1000 -> 31828300
A23: 15 | B23: Кавалеровский МР | C23: =D23+E23 -> 2653 | D23: 2467 | E23: 186 | F23: =G23+H23 -> 120 | G23: 105 | H23: 15 | I23: 62379 | J23: 39818.9 | K23: =L23+M23 -> 39169.8 | L23: 38636.4 | M23: 533.4 | N23: 533.4 | O23: =P23+Q23 -> 39218.2 | P23: 38684.9 | Q23: 533.3 | R23: 533.3 | S23: =J23-K23 -> 649.1 | T23: =J23-K23 -> 649.1 | V23: =J23+U23 -> 39818.9 | W23: =V23/I23*100 -> 63.8 | X23: =58.3-W23 -> -5.5 | Y23: 500000 | Z23: =L23*1000 -> 38636400
A24: 16 | B24: Кировский МР | C24: =D24+E24 -> 2585 | D24: 1753 | E24: 832 | F24: =G24+H24 -> 176 | G24: 84 | H24: 92 | I24: 67577 | J24: 46959.9 | K24: =L24+M24 -> 46696.3 | L24: 46103.1 | M24: 593.2 | N24: 391.4 | O24: =P24+Q24 -> 46959.9 | P24: 46366.7 | Q24: 593.2 | R24: 391.4 | S24: =J24-K24 -> 263.6 | T24: =J24-K24 -> 263.6 | U24: 1013.4 | V24: =J24+U24 -> 47973.3 | W24: =V24/I24*100 -> 71 | X24: =58.3-W24 -> -12.7 | Y24: 2100000 | Z24: =L24*1000 -> 46103100
A25: 17 | B25: Красноармейский МР | C25: =D25+E25 -> 2382 | D25: 418 | E25: 1964 | F25: =G25+H25 -> 169 | G25: 21 | H25: 148 | I25: 92581 | J25: 47033.1 | K25: =L25+M25 -> 46450.6 | L25: 45855.1 | M25: 595.5 | N25: 595.5 | O25: =P25+Q25 -> 46450.6 | P25: 45855.1 | Q25: 595.5 | R25: 595.5 | S25: =J25-K25 -> 582.5 | T25: =J25-K25 -> 582.5 | V25: =J25+U25 -> 47033.1 | W25: =V25/I25*100 -> 50.8 | X25: =58.3-W25 -> 7.5 | Y25: 0 | Z25: =L25*1000 -> 45855100
A26: 18 | B26: Лазовский МР | C26: =D26+E26 -> 1632 | D26: 841 | E26: 791 | F26: =G26+H26 -> 112 | G26: 40 | H26: 72 | I26: 48560 | J26: 30374.2 | K26: =L26+M26 -> 30429.3 | L26: 29861.3 | M26: 568 | N26: 371.2 | O26: =P26+Q26 -> 30374.3 | P26: 29806.3 | Q26: 568 | R26: 371.2 | S26: =J26-K26 -> -55.1 | T26: =J26-K26 -> -55.1 | U26: 0 | V26: =J26+U26 -> 30374.2 | W26: =V26/I26*100 -> 62.5 | X26: =58.3-W26 -> -4.2 | Y26: 450000 | Z26: =L26*1000 -> 29861300
A27: 19 | B27: Михайловский МР | C27: =D27+E27 -> 3890 | D27: 929 | E27: 2961 | F27: =G27+H27 -> 203 | G27: 38 | H27: 165 | I27: 132327 | J27: 70673.2 | K27: =L27+M27 -> 70349.6 | L27: 62172.4 | M27: 8177.2 | N27: 907.9 | O27: =P27+Q27 -> 70349.6 | P27: 62172.4 | Q27: 8177.2 | R27: 907.9 | S27: =J27-K27 -> 323.6 | T27: =J27-K27 -> 323.6 | U27: 984.3 | V27: =J27+U27 -> 71657.5 | W27: =V27/I27*100 -> 54.2 | X27: =58.3-W27 -> 4.1 | Y27: 3200000 | Z27: =L27*1000 -> 62172400
A28: 20 | B28: Надеждинский МР | C28: =D28+E28 -> 3894 | E28: 3894 | F28: =G28+H28 -> 222 | H28: 222 | I28: 148524 | J28: 90297.6 | K28: =L28+M28 -> 87902.9 | L28: 86902.9 | M28: 1000 | O28: =P28+Q28 -> 89893.7 | P28: 89145.3 | Q28: 748.4 | S28: =J28-K28 -> 2394.7 | T28: =J28-K28 -> 2394.7 | V28: =J28+U28 -> 90297.6 | W28: =V28/I28*100 -> 60.8 | X28: =58.3-W28 -> -2.5 | Y28: 0 | Z28: =L28*1000 -> 86902900
A29: 21 | B29: Октябрьский МР | C29: =D29+E29 -> 3441 | D29: 635 | E29: 2806 | F29: =G29+H29 -> 195 | G29: 25 | H29: 170 | I29: 125982 | J29: 72006 | K29: =L29+M29 -> 62516.9 | L29: 61762.3 | M29: 754.6 | N29: 637.1 | O29: =P29+Q29 -> 62516.9 | P29: 61762.3 | Q29: 754.6 | R29: 637.1 | S29: =J29-K29 -> 9489.1 | V29: =J29+U29 -> 72006 | W29: =V29/I29*100 -> 57.2 | X29: =58.3-W29 -> 1.1 | Y29: 0 | Z29: =L29*1000 -> 61762300
A30: 22 | B30: Ольгинский МР | C30: =D30+E30 -> 1142 | D30: 417 | E30: 725 | F30: =G30+H30 -> 102 | G30: 21 | H30: 81 | I30: 41462 | J30: 26349.1 | K30: =L30+M30 -> 26349.1 | L30: 26063.6 | M30: 285.5 | N30: 236.9 | O30: =P30+Q30 -> 26349.1 | P30: 26063.6 | Q30: 285.5 | R30: 236.9 | S30: =J30-K30 -> 0 | T30: =J30-K30 -> 0 | U30: 0 | V30: =J30+U30 -> 26349.1 | W30: =V30/I30*100 -> 63.5 | X30: =58.3-W30 -> -5.2 | Y30: 736000 | Z30: =L30*1000 -> 26063600
A31: 23 | B31: Партизанский МР | C31: =D31+E31 -> 3045 | E31: 3045 | F31: =G31+H31 -> 219 | H31: 219 | I31: 117125 | J31: 61872.4 | K31: =L31+M31 -> 56431.3 | L31: 55671.3 | M31: 760 | N31: 277.9 | O31: =P31+Q31 -> 56431.3 | P31: 55671.3 | Q31: 760 | R31: 277.9 | S31: =J31-K31 -> 5441.1 | V31: =J31+U31 -> 61872.4 | W31: =V31/I31*100 -> 52.8 | X31: =58.3-W31 -> 5.5 | Y31: 1500000 | Z31: =L31*1000 -> 55671300
A32: 22 | B32: Пограничный МР | C32: =D32+E32 -> 2486 | D32: 1300 | E32: 1186 | F32: =G32+H32 -> 167 | G32: 64 | H32: 103 | I32: 71806 | J32: 40929.7 | K32: =L32+M32 -> 40895 | L32: 40476.9 | M32: 418.1 | N32: 369.1 | O32: =P32+Q32 -> 40895 | P32: 40476.9 | Q32: 418.1 | R32: 369.1 | S32: =J32-K32 -> 34.7 | T32: =J32-K32 -> 34.7 | U32: 3106.7 | V32: =J32+U32 -> 44036.4 | W32: =V32/I32*100 -> 61.3 | X32: =58.3-W32 -> -3 | Y32: 1840000 | Z32: =L32*1000 -> 40476900
A33: 25 | B33: Пожарский МР | C33: =D33+E33 -> 3467 | D33: 2369 | E33: 1098 | F33: =G33+H33 -> 198 | G33: 98 | H33: 100 | I33: 90676 | J33: 46787 | K33: =L33+M33 -> 47491.8 | L33: 46615.8 | M33: 876 | N33: 436.8 | O33: =P33+Q33 -> 46787 | P33: 45911 | Q33: 876 | R33: 631.3 | S33: =J33-K33 -> -704.8 | V33: =J33+U33 -> 46787 | W33: =V33/I33*100 -> 51.6 | X33: =58.3-W33 -> 6.7 | Y33: 1550000 | Z33: =L33*1000 -> 46615800
A34: 26 | B34: Спасский МР | C34: =D34+E34 -> 2829 | E34: 2829 | F34: =G34+H34 -> 181 | H34: 181 | I34: 131927 | J34: 60720 | K34: =L34+M34 -> 60720 | L34: 60335.5 | M34: 384.5 | N34: 26.5 | O34: =P34+Q34 -> 60720 | P34: 60335.5 | Q34: 384.5 | R34: 26.5 | S34: =J34-K34 -> 0 | T34: =J34-K34 -> 0 | V34: =J34+U34 -> 60720 | W34: =V34/I34*100 -> 46 | X34: =58.3-W34 -> 12.3 | Y34: 4030550 | Z34: без учета 935,0 учебных расходов | AA34: без учета 935,0 учебных расходов
A35: 27 | B35: Тернейский МР | C35: =D35+E35 -> 1453 | D35: 1100 | E35: 353 | F35: =G35+H35 -> 117 | G35: 55 | H35: 62 | I35: 39742 | J35: 32509.6 | K35: =L35+M35 -> 31215.5 | L35: 30899.6 | M35: 315.9 | O35: =P35+Q35 -> 31180.6 | P35: 30864.7 | Q35: 315.9 | S35: =J35-K35 -> 1294.1 | T35: =J35-K35 -> 1294.1 | U35: 0 | V35: =J35+U35 -> 32509.6 | W35: =V35/I35*100 -> 81.8 | X35: =58.3-W35 -> -23.5 | Y35: 1725200 | Z35: =L35*1000 -> 30899600
A36: 28 | B36: Ханкайский МР | C36: =D36+E36 -> 2495 | E36: 2495 | F36: =G36+H36 -> 174 | H36: 174 | I36: 102957 | J36: 60499.4 | K36: =L36+M36 -> 60079.6 | L36: 59235.9 | M36: 843.7 | N36: 826.7 | O36: =P36+Q36 -> 60065.9 | P36: 59222.2 | Q36: 843.7 | R36: 826.7 | S36: =J36-K36 -> 419.8 | T36: =J36-K36 -> 419.8 | V36: =J36+U36 -> 60499.4 | W36: =V36/I36*100 -> 58.8 | X36: =58.3-W36 -> -0.5 | Y36: 2080000 | Z36: =L36*1000 -> 59235900
A37: 29 | B37: Хасанский МР | C37: =D37+E37 -> 3405 | D37: 2623 | E37: 782 | F37: =G37+H37 -> 203 | G37: 133 | H37: 70 | I37: 88879 | J37: 54100.6 | K37: =L37+M37 -> 54052.1 | L37: 53188.1 | M37: 864 | N37: 166.1 | O37: =P37+Q37 -> 54100.6 | P37: 53236.6 | Q37: 864 | R37: 166.1 | S37: =J37-K37 -> 48.5 | T37: =J37-K37 -> 48.5 | V37: =J37+U37 -> 54100.6 | W37: =V37/I37*100 -> 60.9 | X37: =58.3-W37 -> -2.6 | Y37: 2600000 | Z37: =L37*1000 -> 53188100
A38: 30 | B38: Хорольский МР | C38: =D38+E38 -> 3131 | D38: 996 | E38: 2135 | F38: =G38+H38 -> 193 | G38: 46 | H38: 147 | I38: 109964 | J38: 58772.8 | K38: =L38+M38 -> 58772.8 | L38: 57988.5 | M38: 784.3 | N38: 534.3 | O38: =P38+Q38 -> 58772.8 | P38: 57988.5 | Q38: 784.3 | R38: 534.3 | S38: =J38-K38 -> 0 | T38: =J38-K38 -> 0 | V38: =J38+U38 -> 58772.8 | W38: =V38/I38*100 -> 53.4 | X38: =58.3-W38 -> 4.9 | Y38: 6500000 | Z38: =L38*1000 -> 57988500
A39: 31 | B39: Черниговский МР | C39: =D39+E39 -> 4029 | D39: 1124 | E39: 2905 | F39: =G39+H39 -> 233 | G39: 58 | H39: 175 | I39: 136277 | J39: 77155.5 | K39: =L39+M39 -> 76836.5 | L39: 74626.8 | M39: 2209.7 | N39: 325 | O39: =P39+Q39 -> 77155.5 | P39: 74945.8 | Q39: 2209.7 | R39: 325 | S39: =J39-K39 -> 319 | T39: =J39-K39 -> 319 | U39: 214.3 | V39: =J39+U39 -> 77369.8 | W39: =V39/I39*100 -> 56.8 | X39: =58.3-W39 -> 1.5 | Y39: 4000000 | Z39: =L39*1000 -> 74626800
A40: 32 | B40: Чугуевский МР | C40: =D40+E40 -> 3180 | E40: 3180 | F40: =G40+H40 -> 248 | H40: 248 | I40: 134646 | J40: 75006 | K40: =L40+M40 -> 74950 | L40: 74454 | M40: 496 | N40: 496 | O40: =P40+Q40 -> 74950 | P40: 74454 | Q40: 496 | R40: 496 | S40: =J40-K40 -> 56 | T40: =J40-K40 -> 56 | U40: 0 | V40: =J40+U40 -> 75006 | W40: =V40/I40*100 -> 55.7 | X40: =58.3-W40 -> 2.6 | Y40: 3700000 | Z40: =L40*1000 -> 74454000
A41: 33 | B41: Шкотовский МР | C41: =D41+E41 -> 2073 | D41: 951 | E41: 1122 | F41: =G41+H41 -> 119 | G41: 41 | H41: 78 | I41: 66425 | J41: 39679.7 | K41: =L41+M41 -> 39395.6 | L41: 38873.6 | M41: 522 | N41: 402.1 | O41: =P41+Q41 -> 38857.5 | P41: 38267.3 | Q41: 590.2 | R41: 402.1 | S41: =J41-K41 -> 284.1 | T41: =J41-K41 -> 284.1 | V41: =J41+U41 -> 39679.7 | W41: =V41/I41*100 -> 59.7 | X41: =58.3-W41 -> -1.4 | Y41: 2100000 | Z41: =L41*1000 -> 38873600
A42: 34 | B42: Яковлевский МР | C42: =D42+E42 -> 1829 | E42: 1829 | F42: =G42+H42 -> 130 | H42: 130 | I42: 72213 | J42: 39556.4 | K42: =L42+M42 -> 39333.6 | L42: 38665.7 | M42: 667.9 | N42: 361.4 | O42: =P42+Q42 -> 39556.4 | P42: 38888.5 | Q42: 667.9 | R42: 361.4 | S42: =J42-K42 -> 222.8 | V42: =J42+U42 -> 39556.4 | W42: =V42/I42*100 -> 54.8 | X42: =58.3-W42 -> 3.5 | Y42: 1500000 | Z42: =L42*1000 -> 38665700
B43: резерв | C43: =D43+E43 -> 0 | F43: =G43+H43 -> 0 | I43: 198592 | J43: 0 | K43: =L43+M43 -> 0 | O43: =P43+Q43 -> 0 | P43: =J43 -> 0 | S43: =J43-K43 -> 0 | T43: =J43-K43 -> 0 | V43: =J43+U43 -> 0 | W43: =V43/I43*100 -> 0 | Z43: =L43*1000 -> 0
B44: ИТОГО | C44: =SUM(C9:C43) -> 180790 | D44: =SUM(D9:D43) -> 132773 | E44: =SUM(E9:E43) -> 48017 | F44: =SUM(F9:F43) -> 8761 | G44: =SUM(G9:G43) -> 5363 | H44: =SUM(H9:H43) -> 3398 | I44: =SUM(I9:I43) -> 4778611 | J44: =SUM(J9:J43) -> 2645598.3 | ... V44: =SUM(V9:V43) -> 2655705.9
B63: Исп. Бушманова И.О.
B64: 40 20 99

Sheet фот август
A1: Приложение к отчету
A3: на 10 августа 2011 года
B5: Наименование муниципального образования | C5: ФОТ (начисленный) в тыс. руб. январь | E5: ИТОГО 211+213 | F5: Процент надтарифного фонда | G5: ФОТ (начисленный) в тыс. руб. Февраль | I5: ИТОГО 211+213 | J5: Процент надтарифного фонда | K5: ФОТ (начисленный) в тыс. руб. Март | M5: ИТОГО 211+213 | N5: Процент надтарифного фонда | O5: ФОТ (начисленный) в тыс. руб. Апрель | Q5: ИТОГО 211+213 | R5: Процент надтарифного фонда | S5: ФОТ (начисленный) в тыс. руб. Май | U5: ИТОГО 211+213 | V5: Процент надтарифного фонда | W5: ФОТ (начисленный) в тыс. руб. ИЮНЬ | Y5: ИТОГО 211+213 | Z5: Процент надтарифного фонда | AA5: ФОТ (начисленный) в тыс. руб. ИЮЛЬ | AC5: ИТОГО 211+213 | AD5: Процент надтарифного фонда | AE5: Итого начислено за ЯНВАРЬ-ИЮЛЬ
C6: КОСГУ 211 | D6: КОСГУ 213 | G6: КОСГУ 211 | H6: КОСГУ 213 | K6: КОСГУ 211 | L6: КОСГУ 213 | O6: КОСГУ 211 | P6: КОСГУ 213 | S6: КОСГУ 211 | T6: КОСГУ 213 | W6: КОСГУ 211 | X6: КОСГУ 213 | AA6: КОСГУ 211 | AB6: КОСГУ 213 | AF6: Проверка
A7: 1 | B7: Арсеньевский ГО | C7: 5648 | D7: 1919 | E7: =C7+D7 -> 7567 | F7: 23 | G7: 5448 | H7: 1831 | I7: =G7+H7 -> 7279 | J7: 24 | K7: 5608 | L7: 1910 | M7: =K7+L7 -> 7518 | N7: 23 | O7: 5669 | P7: 1940 | Q7: =O7+P7 -> 7609 | R7: 23 | S7: 9831 | T7: 2082 | U7: =S7+T7 -> 11913 | V7: 23 | W7: 9849 | X7: 3051 | Y7: =W7+X7 -> 12900 | Z7: 24 | AA7: 1711 | AB7: 1189 | AC7: =AA7+AB7 -> 2900 | AD7: 41 | AE7: =E7+I7+M7+Q7+U7+Y7+AC7 -> 57686 | AF7: =август!L9-'фот август'!AE7 -> -1
A8: 2 | B8: Артемовский ГО | C8: 10328 | D8: 3528 | E8: =C8+D8 -> 13856 | F8: 26 | G8: 10945 | H8: 3502 | I8: =G8+H8 -> 14447 | J8: 26 | K8: 9794 | L8: 3556 | M8: =K8+L8 -> 13350 | N8: 26 | O8: 10382 | P8: 3542 | Q8: =O8+P8 -> 13924 | R8: 26 | S8: 18065 | T8: 6169 | U8: =S8+T8 -> 24234 | V8: 26 | W8: 17795 | X8: 6096 | Y8: =W8+X8 -> 23891 | Z8: 26 | AA8: 3469 | AB8: 1253 | AC8: =AA8+AB8 -> 4722 | AD8: 26 | AE8: =E8+I8+M8+Q8+U8+Y8+AC8 -> 108424 | AF8: =август!L10-'фот август'!AE8 -> 1
A9: 3 | B9: ЗАТО Большой Камень | C9: 3913 | D9: 1331 | E9: =C9+D9 -> 5244 | F9: 20 | G9: 3902 | H9: 1308 | I9: =G9+H9 -> 5210 | J9: 22 | K9: 3878 | L9: 1294 | M9: =K9+L9 -> 5172 | N9: 21 | O9: 3869 | P9: 1348 | Q9: =O9+P9 -> 5217 | R9: 21 | S9: 6879 | T9: 2341 | U9: =S9+T9 -> 9220 | V9: 21 | W9: 6681 | X9: 2292 | Y9: =W9+X9 -> 8973 | Z9: 21 | AA9: 761 | AB9: 268 | AC9: =AA9+AB9 -> 1029 | AD9: 21 | AE9: =E9+I9+M9+Q9+U9+Y9+AC9 -> 40065 | AF9: =август!L11-'фот август'!AE9 -> 0
A10: 4 | B10: Владивостокский ГО | C10: 54121 | D10: 19844 | E10: =C10+D10 -> 73965 | F10: 25 | G10: 54085 | H10: 18901 | I10: =G10+H10 -> 72986 | J10: 25 | K10: 55523 | L10: 19823 | M10: =K10+L10 -> 75346 | N10: 25 | O10: 54023 | P10: 19682 | Q10: =O10+P10 -> 73705 | R10: 25 | S10: 130818 | T10: 28286 | U10: =S10+T10 -> 159104 | V10: 25 | W10: 51854 | X10: 32283 | Y10: =W10+X10 -> 84137 | Z10: 25 | AA10: 16787 | AB10: 6455 | AC10: =AA10+AB10 -> 23242 | AD10: 25 | AE10: =E10+I10+M10+Q10+U10+Y10+AC10 -> 562485 | AF10: =август!L12-'фот август'!AE10 -> -1
A11: 5 | B11: Дальнегорский ГО | C11: 5800 | D11: 1948 | E11: =C11+D11 -> 7748 | F11: 26 | G11: 5661 | H11: 1976 | I11: =G11+H11 -> 7637 | J11: 27 | K11: 6010 | L11: 2060 | M11: =K11+L11 -> 8070 | N11: 28 | O11: 5746 | P11: 2088 | Q11: =O11+P11 -> 7834 | R11: 22 | S11: 6348 | T11: 1956 | U11: =S11+T11 -> 8304 | V11: 21 | W11: 14774 | X11: 4589 | Y11: =W11+X11 -> 19363 | Z11: 18 | AA11: 1222 | AB11: 698 | AC11: =AA11+AB11 -> 1920 | AD11: 21 | AE11: =E11+I11+M11+Q11+U11+Y11+AC11 -> 60876 | AF11: =август!L13-'фот август'!AE11 -> -1
A12: 6 | B12: Дальнереченский ГО | C12: 4263 | D12: 1407 | E12: =C12+D12 -> 5670 | F12: 25 | G12: 4254 | H12: 1398 | I12: =G12+H12 -> 5652 | J12: 25 | K12: 4411 | L12: 1461 | M12: =K12+L12 -> 5872 | N12: 24 | O12: 4165 | P12: 1416 | Q12: =O12+P12 -> 5581 | R12: 27 | S12: 4706 | T12: 1461 | U12: =S12+T12 -> 6167 | V12: 26 | W12: 9694 | X12: 3187 | Y12: =W12+X12 -> 12881 | Z12: 22 | AA12: 1274 | AB12: 429 | AC12: =AA12+AB12 -> 1703 | AD12: 28 | AE12: =E12+I12+M12+Q12+U12+Y12+AC12 -> 43526 | AF12: =август!L14-'фот август'!AE12 -> -72
A13: 7 | B13: Лесозаводский ГО | C13: 5961 | D13: 2280 | E13: =C13+D13 -> 8241 | F13: 39 | G13: 5237 | H13: 2722 | I13: =G13+H13 -> 7959 | J13: 39 | K13: 4927 | L13: 2561 | M13: =K13+L13 -> 7488 | N13: 39 | O13: 5961 | P13: 2039 | Q13: =O13+P13 -> 8000 | R13: 39 | S13: 8558 | T13: 2927 | U13: =S13+T13 -> 11485 | V13: 39 | W13: 11439 | X13: 3912 | Y13: =W13+X13 -> 15351 | Z13: 39 | AA13: 2863 | AB13: 1183 | AC13: =AA13+AB13 -> 4046 | AD13: 39 | AE13: =E13+I13+M13+Q13+U13+Y13+AC13 -> 62570 | AF13: =август!L15-'фот август'!AE13 -> 0
A14: 8 | B14: Находкинский ГО | C14: 15711 | D14: 5287 | E14: =C14+D14 -> 20998 | F14: 20 | G14: 15547 | H14: 5327 | I14: =G14+H14 -> 20874 | J14: 21 | K14: 15603 | L14: 5224 | M14: =K14+L14 -> 20827 | N14: 21 | O14: 15292 | P14: 5294 | Q14: =O14+P14 -> 20586 | R14: 19 | S14: 27149 | T14: 9234 | U14: =S14+T14 -> 36383 | V14: 16 | W14: 28109 | X14: 9735 | Y14: =W14+X14 -> 37844 | Z14: 16 | AA14: 4774 | AB14: 1733 | AC14: =AA14+AB14 -> 6507 | AD14: 14 | AE14: =E14+I14+M14+Q14+U14+Y14+AC14 -> 164019 | AF14: =август!L16-'фот август'!AE14 -> -1
A15: 9 | B15: Партизанский ГО | C15: 5235 | D15: 2095 | E15: =C15+D15 -> 7330 | F15: 18 | G15: 5347 | H15: 2079 | I15: =G15+H15 -> 7426 | J15: 18 | K15: =5182.63 -> 5183 | L15: 2070 | M15: =K15+L15 -> 7253 | N15: 18 | O15: 5731 | P15: 1975 | Q15: =O15+P15 -> 7706 | R15: 24 | S15: 8288 | T15: 2620 | U15: =S15+T15 -> 10908 | V15: 24 | W15: 9432 | X15: 3155 | Y15: =W15+X15 -> 12587 | Z15: 17 | AA15: 1813 | AB15: 811 | AC15: =AA15+AB15 -> 2624 | AD15: 17 | AE15: =E15+I15+M15+Q15+U15+Y15+AC15 -> 55834 | AF15: =август!L17-'фот август'!AE15 -> -1
A16: 10 | B16: ГО Спасск-Дальний | C16: 5376 | D16: 1832 | E16: =C16+D16 -> 7208 | F16: 21 | G16: 5621 | H16: 1915 | I16: =G16+H16 -> 7536 | J16: 28 | K16: 5679 | L16: 1931 | M16: =K16+L16 -> 7610 | N16: 25 | O16: 5597 | P16: 1907 | Q16: =O16+P16 -> 7504 | R16: 25 | S16: 11985 | T16: 4094 | U16: =S16+T16 -> 16079 | V16: 25 | W16: 6221 | X16: 2123 | Y16: =W16+X16 -> 8344 | Z16: 25 | AA16: 1226 | AB16: 418 | AC16: =AA16+AB16 -> 1644 | AD16: 25 | AE16: =E16+I16+M16+Q16+U16+Y16+AC16 -> 55925 | AF16: =август!L18-'фот август'!AE16 -> -1
A17: 11 | B17: Уссурийский ГО | C17: 19847 | D17: 6689 | E17: =C17+D17 -> 26536 | F17: 27 | G17: 19981 | H17: 6985 | I17: =G17+H17 -> 26966 | J17: 27 | K17: 20092 | L17: 6868 | M17: =K17+L17 -> 26960 | N17: 27 | O17: 20535 | P17: 6977 | Q17: =O17+P17 -> 27512 | R17: 27 | S17: 38936 | T17: 10203 | U17: =S17+T17 -> 49139 | V17: 27 | W17: 28807 | X17: 13123 | Y17: =W17+X17 -> 41930 | Z17: 27 | AA17: 7774 | AB17: 2653 | AC17: =AA17+AB17 -> 10427 | AD17: 27 | AE17: =E17+I17+M17+Q17+U17+Y17+AC17 -> 209470 | AF17: =август!L19-'фот август'!AE17 -> -1
A18: 12 | B18: ЗАТО г. Фокино | C18: 3334 | D18: 1140 | E18: =C18+D18 -> 4474 | F18: 15 | G18: 3459 | H18: 1183 | I18: =G18+H18 -> 4642 | J18: 20 | K18: 3396 | L18: 1162 | M18: =K18+L18 -> 4558 | N18: 18 | O18: 3394 | P18: 1161 | Q18: =O18+P18 -> 4555 | R18: 18 | S18: 8829 | T18: 3019 | U18: =S18+T18 -> 11848 | V18: 20 | W18: 2083 | X18: 712 | Y18: =W18+X18 -> 2795 | Z18: 8 | AA18: 915 | AB18: 313 | AC18: =AA18+AB18 -> 1228 | AD18: 5 | AE18: =E18+I18+M18+Q18+U18+Y18+AC18 -> 34100 | AF18: =август!L20-'фот август'!AE18 -> 1
A19: 13 | B19: Анучинский МР | C19: 2761 | D19: 916 | E19: =C19+D19 -> 3677 | F19: 33 | G19: 2751 | H19: 928 | I19: =G19+H19 -> 3679 | J19: 32 | K19: 2696 | L19: 913 | M19: =K19+L19 -> 3609 | N19: 33 | O19: 2699 | P19: 917 | Q19: =O19+P19 -> 3616 | R19: 33 | S19: 5696 | T19: 1941 | U19: =S19+T19 -> 7637 | V19: 28 | W19: 3403 | X19: 1140 | Y19: =W19+X19 -> 4543 | Z19: 28 | AA19: 932 | AB19: 296 | AC19: =AA19+AB19 -> 1228 | AD19: 27 | AE19: =E19+I19+M19+Q19+U19+Y19+AC19 -> 27989 | AF19: =август!L21-'фот август'!AE19 -> -1
A20: 14 | B20: Дальнереченский МР | C20: 3485 | D20: 1190 | E20: =C20+D20 -> 4675 | F20: 33 | G20: 3037 | H20: 1032 | I20: =G20+H20 -> 4069 | J20: 35 | K20: 2997 | L20: 1016 | M20: =K20+L20 -> 4013 | N20: 33 | O20: 2985 | P20: 1016 | Q20: =O20+P20 -> 4001 | R20: 33 | S20: 4442 | T20: 1514 | U20: =S20+T20 -> 5956 | V20: 32 | W20: 6178 | X20: 2111 | Y20: =W20+X20 -> 8289 | Z20: 63 | AA20: 616 | AB20: 207 | AC20: =AA20+AB20 -> 823 | AD20: 0 | AE20: =E20+I20+M20+Q20+U20+Y20+AC20 -> 31826 | AF20: =август!L22-'фот август'!AE20 -> 2
A21: 15 | B21: Кавалеровский МР | C21: 3609 | D21: 1228 | E21: =C21+D21 -> 4837 | F21: 22 | G21: 3531 | H21: 1196 | I21: =G21+H21 -> 4727 | J21: 23 | K21: 3521 | L21: 1190 | M21: =K21+L21 -> 4711 | N21: 23 | O21: 3507 | P21: 1194 | Q21: =O21+P21 -> 4701 | R21: 21 | S21: 4480 | T21: 1526 | U21: =S21+T21 -> 6006 | V21: 22 | W21: 9477 | X21: 3241 | Y21: =W21+X21 -> 12718 | Z21: 22 | AA21: 698 | AB21: 238 | AC21: =AA21+AB21 -> 936 | AD21: 19 | AE21: =E21+I21+M21+Q21+U21+Y21+AC21 -> 38636 | AF21: =август!L23-'фот август'!AE21 -> 0
A22: 16 | B22: Кировский МР | C22: 5063 | D22: 1719 | E22: =C22+D22 -> 6782 | F22: 22 | G22: 5000 | H22: 1784 | I22: =G22+H22 -> 6784 | J22: 21 | K22: 4295 | L22: 1475 | M22: =K22+L22 -> 5770 | N22: 23 | O22: 4151 | P22: 1418 | Q22: =O22+P22 -> 5569 | R22: 23 | S22: 6815 | T22: 2325 | U22: =S22+T22 -> 9140 | V22: 18 | W22: 7568 | X22: 2574 | Y22: =W22+X22 -> 10142 | Z22: 19 | AA22: 1430 | AB22: 485 | AC22: =AA22+AB22 -> 1915 | AD22: 18 | AE22: =E22+I22+M22+Q22+U22+Y22+AC22 -> 46102 | AF22: =август!L24-'фот август'!AE22 -> 1
A23: 17 | B23: Красноармейский МР | C23: 4416 | D23: 1483 | E23: =C23+D23 -> 5899 | F23: 26 | G23: 4339 | H23: 1484 | I23: =G23+H23 -> 5823 | J23: 26 | K23: 4454 | L23: 1521 | M23: =K23+L23 -> 5975 | N23: 26 | O23: 4389 | P23: 1493 | Q23: =O23+P23 -> 5882 | R23: 26 | S23: 6644 | T23: 2255 | U23: =S23+T23 -> 8899 | V23: 26 | W23: 9272 | X23: 3172 | Y23: =W23+X23 -> 12444 | Z23: 26 | AA23: 704 | AB23: 229 | AC23: =AA23+AB23 -> 933 | AD23: 26 | AE23: =E23+I23+M23+Q23+U23+Y23+AC23 -> 45855 | AF23: =август!L25-'фот август'!AE23 -> 0
A24: 18 | B24: Лазовский МР | C24: 2713 | D24: 928 | E24: =C24+D24 -> 3641 | F24: 27 | G24: 2889 | H24: 988 | I24: =G24+H24 -> 3877 | J24: 27 | K24: 2792 | L24: 955 | M24: =K24+L24 -> 3747 | N24: 27 | O24: 2885 | P24: 987 | Q24: =O24+P24 -> 3872 | R24: 27 | S24: 3204 | T24: 1096 | U24: =S24+T24 -> 4300 | W24: 7365 | X24: 2519 | Y24: =W24+X24 -> 9884 | Z24: 27 | AA24: 405 | AB24: 139 | AC24: =AA24+AB24 -> 544 | AD24: 27 | AE24: =E24+I24+M24+Q24+U24+Y24+AC24 -> 29865 | AF24: =август!L26-'фот август'!AE24 -> -4
A25: 19 | B25: Михайловский МР | C25: 6178 | D25: 2105 | E25: =C25+D25 -> 8283 | F25: 32 | G25: 6042 | H25: 2063 | I25: =G25+H25 -> 8105 | J25: 32 | K25: 6201 | L25: 2110 | M25: =K25+L25 -> 8311 | N25: 34 | O25: 6110 | P25: 2082 | Q25: =O25+P25 -> 8192 | R25: 32 | S25: 15769 | T25: 5387 | U25: =S25+T25 -> 21156 | V25: 20 | W25: 4379 | X25: 1495 | Y25: =W25+X25 -> 5874 | Z25: 30 | AA25: 1706 | AB25: 545 | AC25: =AA25+AB25 -> 2251 | AD25: 18 | AE25: =E25+I25+M25+Q25+U25+Y25+AC25 -> 62172 | AF25: =август!L27-'фот август'!AE25 -> 0
A26: 20 | B26: Надеждинский МР | C26: 8085 | D26: 2712 | E26: =C26+D26 -> 10797 | F26: 34 | G26: 7978 | H26: 2855 | I26: =G26+H26 -> 10833 | J26: 35 | K26: 8382 | L26: 3186 | M26: =K26+L26 -> 11568 | N26: 35 | O26: 8429 | P26: 2895 | Q26: =O26+P26 -> 11324 | R26: 35 | S26: 9349 | T26: 3279 | U26: =S26+T26 -> 12628 | V26: 34 | W26: 19065 | X26: 6412 | Y26: =W26+X26 -> 25477 | Z26: 35 | AA26: 3193 | AB26: 1083 | AC26: =AA26+AB26 -> 4276 | AD26: 33 | AE26: =E26+I26+M26+Q26+U26+Y26+AC26 -> 86903 | AF26: =август!L28-'фот август'!AE26 -> 0
A27: 21 | B27: Октябрьский МР | C27: 5920 | D27: 2003 | E27: =C27+D27 -> 7923 | F27: 31 | G27: 5644 | H27: 1915 | I27: =G27+H27 -> 7559 | J27: 31 | K27: 5907 | L27: 2004 | M27: =K27+L27 -> 7911 | N27: 31 | O27: 5923 | P27: 2008 | Q27: =O27+P27 -> 7931 | R27: 31 | S27: 10209 | T27: 3491 | U27: =S27+T27 -> 13700 | V27: 31 | W27: 9935 | X27: 3398 | Y27: =W27+X27 -> 13333 | Z27: 31 | AA27: 2540 | AB27: 866 | AC27: =AA27+AB27 -> 3406 | AD27: 31 | AE27: =E27+I27+M27+Q27+U27+Y27+AC27 -> 61763 | AF27: =август!L29-'фот август'!AE27 -> -1
A28: 22 | B28: Ольгинский МР | C28: 2457 | D28: 909 | E28: =C28+D28 -> 3366 | F28: 18 | G28: 2362 | H28: 988 | I28: =G28+H28 -> 3350 | J28: 18 | K28: 2535 | L28: 757 | M28: =K28+L28 -> 3292 | N28: 19 | O28: 2451 | P28: 663 | Q28: =O28+P28 -> 3114 | R28: 19 | S28: 6450 | T28: 1956 | U28: =S28+T28 -> 8406 | V28: 19 | W28: 2697 | X28: 1103 | Y28: =W28+X28 -> 3800 | Z28: 19 | AA28: 508 | AB28: 228 | AC28: =AA28+AB28 -> 736 | AD28: 22 | AE28: =E28+I28+M28+Q28+U28+Y28+AC28 -> 26064 | AF28: =август!L30-'фот август'!AE28 -> 0
A29: 23 | B29: Партизанский МР | C29: 5344 | D29: 1819 | E29: =C29+D29 -> 7163 | F29: 35 | G29: 5469 | H29: 1858 | I29: =G29+H29 -> 7327 | J29: 34 | K29: 5303 | L29: 1795 | M29: =K29+L29 -> 7098 | N29: 33 | O29: 5410 | P29: 1845 | Q29: =O29+P29 -> 7255 | R29: 30 | S29: 7301 | T29: 2487 | U29: =S29+T29 -> 9788 | V29: 33 | W29: 11082 | X29: 3777 | Y29: =W29+X29 -> 14859 | Z29: 32 | AA29: 1627 | AB29: 555 | AC29: =AA29+AB29 -> 2182 | AD29: 23 | AE29: =E29+I29+M29+Q29+U29+Y29+AC29 -> 55672 | AF29: =август!L31-'фот август'!AE29 -> -1
A30: 24 | B30: Пограничный МР | C30: 3765 | D30: 1284 | E30: =C30+D30 -> 5049 | F30: 31 | G30: 3868 | H30: 1325 | I30: =G30+H30 -> 5193 | J30: 29 | K30: 4042 | L30: 1378 | M30: =K30+L30 -> 5420 | N30: 46 | O30: 3844 | P30: 1311 | Q30: =O30+P30 -> 5155 | R30: 37 | S30: 7582 | T30: 2284 | U30: =S30+T30 -> 9866 | V30: 17 | W30: 5468 | X30: 1868 | Y30: =W30+X30 -> 7336 | Z30: 8 | AA30: 1830 | AB30: 627 | AC30: =AA30+AB30 -> 2457 | AD30: 23 | AE30: =E30+I30+M30+Q30+U30+Y30+AC30 -> 40476 | AF30: =август!L32-'фот август'!AE30 -> 1
A31: 25 | B31: Пожарский МР | C31: 4298 | D31: 1459 | E31: =C31+D31 -> 5757 | F31: 33 | G31: 4328 | H31: 1478 | I31: =G31+H31 -> 5806 | J31: 29 | K31: 4384 | L31: 1498 | M31: =K31+L31 -> 5882 | N31: 27 | O31: 4391 | P31: 1447 | Q31: =O31+P31 -> 5838 | R31: 34 | S31: 5566 | T31: 1880 | U31: =S31+T31 -> 7446 | V31: 32 | W31: 10168 | X31: 3477 | Y31: =W31+X31 -> 13645 | Z31: 31 | AA31: 1602 | AB31: 641 | AC31: =AA31+AB31 -> 2243 | AD31: 12 | AE31: =E31+I31+M31+Q31+U31+Y31+AC31 -> 46617 | AF31: =август!L33-'фот август'!AE31 -> -1
A32: 26 | B32: Спасский МР | C32: 5882 | D32: 2008 | E32: =C32+D32 -> 7890 | F32: 34 | G32: 5859 | H32: 1993 | I32: =G32+H32 -> 7852 | J32: 35 | K32: 5812 | L32: 1964 | M32: =K32+L32 -> 7776 | N32: 35 | O32: 5883 | P32: 2003 | Q32: =O32+P32 -> 7886 | R32: 34 | S32: 15670 | T32: 5351 | U32: =S32+T32 -> 21021 | V32: 34 | W32: 3599 | X32: 1216 | Y32: =W32+X32 -> 4815 | Z32: 34 | AA32: 2315 | AB32: 780 | AC32: =AA32+AB32 -> 3095 | AD32: 34 | AE32: =E32+I32+M32+Q32+U32+Y32+AC32 -> 60335 | AF32: =август!L34-'фот август'!AE32 -> 1
A33: 27 | B33: Тернейский МР | C33: 3121 | D33: 1018 | E33: =C33+D33 -> 4139 | F33: 25 | G33: 2921 | H33: 975 | I33: =G33+H33 -> 3896 | J33: 26 | K33: 2932 | L33: 982 | M33: =K33+L33 -> 3914 | N33: 26 | O33: 2958 | P33: 1006 | Q33: =O33+P33 -> 3964 | R33: 26 | S33: 6189 | T33: 2152 | U33: =S33+T33 -> 8341 | V33: 28 | W33: 4429 | X33: 1533 | Y33: =W33+X33 -> 5962 | Z33: 27 | AA33: 507 | AB33: 178 | AC33: =AA33+AB33 -> 685 | AD33: 29 | AE33: =E33+I33+M33+Q33+U33+Y33+AC33 -> 30901 | AF33: =август!L35-'фот август'!AE33 -> -1
A34: 28 | B34: Ханкайский МР | C34: 4830 | D34: 1616 | E34: =C34+D34 -> 6446 | F34: 30 | G34: 4751 | H34: 1591 | I34: =G34+H34 -> 6342 | J34: 31 | K34: 5268 | L34: 1757 | M34: =K34+L34 -> 7025 | N34: 35 | O34: 9231 | P34: 3149 | Q34: =O34+P34 -> 12380 | R34: 58 | S34: 9661 | T34: 3285 | U34: =S34+T34 -> 12946 | V34: 49 | W34: 9241 | X34: 3140 | Y34: =W34+X34 -> 12381 | Z34: 34 | AA34: 1291 | AB34: 426 | AC34: =AA34+AB34 -> 1717 | AD34: 34 | AE34: =E34+I34+M34+Q34+U34+Y34+AC34 -> 59237 | AF34: =август!L36-'фот август'!AE34 -> -1
A35: 29 | B35: Хасанский МР | C35: 5171 | D35: 1762 | E35: =C35+D35 -> 6933 | G35: 4991 | H35: 1693 | I35: =G35+H35 -> 6684 | K35: 5231 | L35: 1777 | M35: =K35+L35 -> 7008 | N35: 0 | O35: 5246 | P35: 1788 | Q35: =O35+P35 -> 7034 | S35: 7627 | T35: 2603 | U35: =S35+T35 -> 10230 | W35: 9680 | X35: 3303 | Y35: =W35+X35 -> 12983 | AA35: 1731 | AB35: 588 | AC35: =AA35+AB35 -> 2319 | AE35: =E35+I35+M35+Q35+U35+Y35+AC35 -> 53191 | AF35: =август!L37-'фот август'!AE35 -> -3
A36: 30 | B36: Хорольский МР | C36: 5296 | D36: 1793 | E36: =C36+D36 -> 7089 | F36: 33 | G36: 5331 | H36: 1798 | I36: =G36+H36 -> 7129 | J36: 33 | K36: 5354 | L36: 1817 | M36: =K36+L36 -> 7171 | N36: 33 | O36: 5224 | P36: 1773 | Q36: =O36+P36 -> 6997 | R36: 33 | S36: 7656 | T36: 2653 | U36: =S36+T36 -> 10309 | V36: 33 | W36: 9729 | X36: 3246 | Y36: =W36+X36 -> 12975 | Z36: 33 | AA36: 5470 | AB36: 852 | AC36: =AA36+AB36 -> 6322 | AD36: 33 | AE36: =E36+I36+M36+Q36+U36+Y36+AC36 -> 57992 | AF36: =август!L38-'фот август'!AE36 -> -4
A37: 31 | B37: Черниговский МР | C37: 6958 | D37: 2380 | E37: =C37+D37 -> 9338 | F37: 26 | G37: 6903 | H37: 2361 | I37: =G37+H37 -> 9264 | J37: 27 | K37: 6735 | L37: 2303 | M37: =K37+L37 -> 9038 | N37: 26 | O37: 6918 | P37: 2366 | Q37: =O37+P37 -> 9284 | R37: 25 | S37: 8000 | T37: 2736 | U37: =S37+T37 -> 10736 | V37: 28 | W37: 17373 | X37: 5941 | Y37: =W37+X37 -> 23314 | Z37: 26 | AA37: 2721 | AB37: 930 | AC37: =AA37+AB37 -> 3651 | AD37: 26 | AE37: =E37+I37+M37+Q37+U37+Y37+AC37 -> 74625 | AF37: =август!L39-'фот август'!AE37 -> 2
A38: 32 | B38: Чугуевский МР | C38: 7334 | D38: 2594 | E38: =C38+D38 -> 9928 | F38: 28 | G38: 7041 | H38: 2405 | I38: =G38+H38 -> 9446 | J38: 28 | K38: 7110 | L38: 2357 | M38: =K38+L38 -> 9467 | N38: 28 | O38: 7214 | P38: 2499 | Q38: =O38+P38 -> 9713 | R38: 28 | S38: 12539 | T38: 4264 | U38: =S38+T38 -> 16803 | V38: 29 | W38: 11895 | X38: 3947 | Y38: =W38+X38 -> 15842 | Z38: 29 | AA38: 2320 | AB38: 935 | AC38: =AA38+AB38 -> 3255 | AD38: 29 | AE38: =E38+I38+M38+Q38+U38+Y38+AC38 -> 74454 | AF38: =август!L40-'фот август'!AE38 -> 0
A39: 33 | B39: Шкотовский МР | C39: 3785 | D39: 1274 | E39: =C39+D39 -> 5059 | F39: 18 | G39: 3726 | H39: 1234 | I39: =G39+H39 -> 4960 | J39: 59 | K39: 3662 | L39: 1227 | M39: =K39+L39 -> 4889 | N39: 19 | O39: 3615 | P39: 1227 | Q39: =O39+P39 -> 4842 | R39: 19 | S39: 5505 | T39: 1870 | U39: =S39+T39 -> 7375 | V39: 19 | W39: 7059 | X39: 2405 | Y39: =W39+X39 -> 9464 | Z39: 20 | AA39: 1939 | AB39: 347 | AC39: =AA39+AB39 -> 2286 | AD39: 19 | AE39: =E39+I39+M39+Q39+U39+Y39+AC39 -> 38875 | AF39: =август!L41-'фот август'!AE39 -> -1
A40: 34 | B40: Яковлевский МР | C40: 3835 | D40: 1307 | E40: =C40+D40 -> 5142 | F40: 16 | G40: 3853 | H40: 1300 | I40: =G40+H40 -> 5153 | J40: 17 | K40: 3757 | L40: 1272 | M40: =K40+L40 -> 5029 | N40: 17 | O40: 3799 | P40: 1297 | Q40: =O40+P40 -> 5096 | R40: 17 | S40: 4128 | T40: 1412 | U40: =S40+T40 -> 5540 | W40: 7931 | X40: 2702 | Y40: =W40+X40 -> 10633 | Z40: 17 | AA40: 1546 | AB40: 529 | AC40: =AA40+AB40 -> 2075 | AD40: 17 | AE40: =E40+I40+M40+Q40+U40+Y40+AC40 -> 38668 | AF40: =август!L42-'фот август'!AE40 -> -2
B41: ИТОГО | C41: =SUM(C7:C40) -> 243843 | D41: =SUM(D7:D40) -> 84807 | E41: =SUM(E7:E40) -> 328650 | F41: =SUM(F7:F40)/34 -> 26 | G41: =SUM(G7:G40) -> 242101 | H41: =SUM(H7:H40) -> 84371 | I41: =SUM(I7:I40) -> 326472 | J41: =SUM(J7:J40)/34 -> 27 | K41: =SUM(K7:K40) -> 243474 | L41: =SUM(L7:L40) -> 85174 | M41: =SUM(M7:M40) -> 328648 | N41: =SUM(N7:N40)/34 -> 27 | O41: =SUM(O7:O40) -> 247626 | P41: =SUM(P7:P40) -> 85753 | Q41: =SUM(Q7:Q40) -> 333379 | R41: =SUM(R7:R40)/34 -> 27 | S41: =SUM(S7:S40) -> 450874 | T41: =SUM(T7:T40) -> 132139 | U41: =SUM(U7:U40) -> 583013 | V41: =SUM(V7:V40)/34 -> 24 | W41: =SUM(W7:W40) -> 383731 | X41: =SUM(X7:X40) -> 147978 | Y41: =SUM(Y7:Y40) -> 531709 | Z41: =SUM(Z7:Z40)/34 -> 25 | AA41: =SUM(AA7:AA40) -> 82220 | AB41: =SUM(AB7:AB40) -> 29107 | AC41: =SUM(AC7:AC40) -> 111327 | AD41: =SUM(AD7:AD40)/34 -> 23 | AE41: =SUM(AE7:AE40) -> 2543198

Sheet УЧЕБ РАСХ (2)
A2: Анализ исполнеия бюджета МО по учебным расходам
A4: № п/п | B4: Наименование муниципального общеобразовательного учреждения | C4: Число учащихся на 01.01.2011 (ВСЕГО) | F4: Объем учебных расходов на 2011 г. | G4: Финансирование учебных по состоянию на 13.08.2011 | H4: Остаток к финансированию (- превышение финансирования над расчетным объемом) | I4: Выписано счетов на учебн расх. По состоянию на 13.08.2011 | J4: Оплачено счетов по учеб. расходам по состоянию на 13.08.2011 | K4: Превышение оплаченных счетов над расчетным объемом | L4: Превышение расчетного объема | S4: Объем учебных расх согласно распределения | T4: отклонение
A7: 1 | B7: 2 | C7: 3 | D7: 3.1. | E7: 3.2. | F7: 4=3*250 руб. | G7: 5 | H7: 6 | I7: 7 | J7: 8 | K7: 9 | L7: 10
A8: 1 | B8: Арсеньевский ГО | C8: =D8+E8 -> 5491 | D8: 5491 | F8: =C8*250 -> 1372750 | G8: 500000 | H8: =F8-G8 -> 872750 | I8: =август!M9*1000 -> 751500 | J8: =август!Q9*1000 -> 751500 | K8: =J8-F8 -> -621250 | R8: 1389 | S8: =R8*1000 -> 1389000 | T8: =F8-S8 -> -16250
A9: 2 | B9: Артемовский ГО | C9: =D9+E9 -> 10394 | D9: 9701 | E9: 693 | F9: =C9*250 -> 2598500 | G9: 2580500 | H9: =F9-G9 -> 18000 | I9: =август!M10*1000 -> 2406300 | J9: =август!Q10*1000 -> 2406300 | K9: =J9-F9 -> -192200 | R9: 2660 | S9: =R9*1000 -> 2660000 | T9: =F9-S9 -> -61500
A10: 3 | B10: ЗАТО Большой Камень | C10: =D10+E10 -> 3823 | D10: 3777 | E10: 46 | F10: =C10*250 -> 955750 | G10: 953000 | H10: =F10-G10 -> 2750 | I10: =август!M11*1000 -> 787800 | J10: =август!Q11*1000 -> 787800 | K10: =J10-F10 -> -167950 | R10: 963.5 | S10: =R10*1000 -> 963500 | T10: =F10-S10 -> -7750
A11: 4 | B11: Владивостокский ГО | C11: =D11+E11 -> 46598 | D11: 44195 | E11: 2403 | F11: =C11*250 -> 11649500 | G11: 9953666 | H11: =F11-G11 -> 1695834 | I11: =август!M12*1000 -> 11372000 | J11: =август!Q12*1000 -> 11648000 | K11: =J11-F11 -> -1500 | R11: 11701.25 | S11: =R11*1000 -> 11701250 | T11: =F11-S11 -> -51750
A12: 5 | B12: Дальнегорский ГО | C12: =D12+E12 -> 4347 | D12: 3496 | E12: 851 | F12: =C12*250 -> 1086750 | G12: 1084750 | H12: =F12-G12 -> 2000 | I12: =август!M13*1000 -> 1084800 | J12: =август!Q13*1000 -> 1084800 | K12: =J12-F12 -> -1950 | R12: 1100 | S12: =R12*1000 -> 1100000 | T12: =F12-S12 -> -13250
A13: 6 | B13: Дальнереченский ГО | C13: =D13+E13 -> 3658 | D13: 3192 | E13: 466 | F13: =C13*250 -> 914500 | G13: 539440 | H13: =F13-G13 -> 375060 | I13: =август!M14*1000 -> 686100 | J13: =август!Q14*1000 -> 652100 | K13: =J13-F13 -> -262400 | R13: 928 | S13: =R13*1000 -> 928000 | T13: =F13-S13 -> -13500
A14: 7 | B14: Лесозаводский ГО | C14: =D14+E14 -> 4827 | D14: 4199 | E14: 628 | F14: =C14*250 -> 1206750 | G14: 1206750 | H14: =F14-G14 -> 0 | I14: =август!M15*1000 -> 1207000 | J14: =август!Q15*1000 -> 1207000 | K14: =J14-F14 -> 250 | R14: 1207 | S14: =R14*1000 -> 1207000 | T14: =F14-S14 -> -250
A15: 8 | B15: Находкинский ГО | C15: =D15+E15 -> 15130 | D15: 15102 | E15: 28 | F15: =C15*250 -> 3782500 | G15: 1893000 | H15: =F15-G15 -> 1889500 | I15: =август!M16*1000 -> 3786000 | J15: =август!Q16*1000 -> 3786000 | K15: =J15-F15 -> 3500 | R15: 3786 | S15: =R15*1000 -> 3786000 | T15: =F15-S15 -> -3500
A16: 9 | B16: Партизанский ГО | C16: =D16+E16 -> 4558 | D16: 3932 | E16: 626 | F16: =C16*250 -> 1139500 | G16: 1121000 | H16: =F16-G16 -> 18500 | I16: =август!M17*1000 -> 2139500 | J16: =август!Q17*1000 -> 2139500 | K16: =J16-F16 -> 1000000 | R16: 2139.5 | S16: =R16*1000 -> 2139500 | T16: =F16-S16 -> -1000000
A17: 10 | B17: ГО Спасск-Дальний | C17: =D17+E17 -> 5111 | D17: 5111 | F17: =C17*250 -> 1277750 | G17: 574749 | H17: =F17-G17 -> 703001 | I17: =август!M18*1000 -> 1231000 | J17: =август!Q18*1000 -> 1231000 | K17: =J17-F17 -> -46750 | R17: 1231 | S17: =R17*1000 -> 1231000 | T17: =F17-S17 -> 46750
A18: 11 | B18: Уссурийский ГО | C18: =D18+E18 -> 16754 | D18: 14280 | E18: 2474 | F18: =C18*250 -> 4188500 | G18: 219032 | H18: =F18-G18 -> 3969468 | I18: =август!M19*1000 -> 4211500 | J18: =август!Q19*1000 -> 4171800 | K18: =J18-F18 -> -16700 | R18: 4211.5 | S18: =R18*1000 -> 4211500 | T18: =F18-S18 -> -23000
A19: 12 | B19: ЗАТО г. Фокино | C19: =D19+E19 -> 3085 | D19: 3085 | F19: =C19*250 -> 771250 | G19: 700000 | H19: =F19-G19 -> 71250 | I19: =август!M20*1000 -> 602400 | J19: =август!Q20*1000 -> 302400 | K19: =J19-F19 -> -468850 | R19: 741 | S19: =R19*1000 -> 741000 | T19: =F19-S19 -> 30250
A20: 13 | B20: Анучинский МР | C20: =D20+E20 -> 1408 | E20: 1408 | F20: =C20*250 -> 352000 | G20: 0 | H20: =F20-G20 -> 352000 | I20: =август!M21*1000 -> 150000 | J20: =август!Q21*1000 -> 150000 | K20: =J20-F20 -> -202000 | R20: 350.25 | S20: =R20*1000 -> 350250 | T20: =F20-S20 -> 1750
A21: 14 | B21: Дальнереченский МР | C21: =D21+E21 -> 1339 | E21: 1339 | F21: =C21*250 -> 334750 | G21: 0 | H21: =F21-G21 -> 334750 | I21: =август!M22*1000 -> 161900 | J21: =август!Q22*1000 -> 161900 | K21: =J21-F21 -> -172850 | R21: 334.8 | S21: =R21*1000 -> 334800 | T21: =F21-S21 -> -50
A22: 15 | B22: Кавалеровский МР | C22: =D22+E22 -> 2685 | D22: 2499 | E22: 186 | F22: =C22*250 -> 671250 | G22: 0 | H22: =F22-G22 -> 671250 | I22: =август!M23*1000 -> 533400 | J22: =август!Q23*1000 -> 533300 | K22: =J22-F22 -> -137950 | R22: 681.5 | S22: =R22*1000 -> 681500 | T22: =F22-S22 -> -10250
A23: 16 | B23: Кировский МР | C23: =D23+E23 -> 2605 | D23: 1764 | E23: 841 | F23: =C23*250 -> 651250 | G23: 400000 | H23: =F23-G23 -> 251250 | I23: =август!M24*1000 -> 593200 | J23: =август!Q24*1000 -> 593200 | K23: =J23-F23 -> -58050 | R23: 638.3 | S23: =R23*1000 -> 638300 | T23: =F23-S23 -> 12950
A24: 17 | B24: Красноармейский МР | C24: =D24+E24 -> 2389 | D24: 398 | E24: 1991 | F24: =C24*250 -> 597250 | G24: 595500 | H24: =F24-G24 -> 1750 | I24: =август!M25*1000 -> 595500 | J24: =август!Q25*1000 -> 595500 | K24: =J24-F24 -> -1750 | R24: 576.7 | S24: =R24*1000 -> 576700 | T24: =F24-S24 -> 20550
A25: 18 | B25: Лазовский МР | C25: =D25+E25 -> 1632 | D25: 841 | E25: 791 | F25: =C25*250 -> 408000 | G25: 408000 | H25: =F25-G25 -> 0 | I25: =август!M26*1000 -> 568000 | J25: =август!Q26*1000 -> 568000 | K25: =J25-F25 -> 160000 | R25: 411 | S25: =R25*1000 -> 411000 | T25: =F25-S25 -> -3000
A26: 19 | B26: Михайловский МР | C26: =D26+E26 -> 3890 | D26: 929 | E26: 2961 | F26: =C26*250 -> 972500 | G26: 972500 | H26: =F26-G26 -> 0 | I26: =август!M27*1000 -> 8177200 | J26: =август!Q27*1000 -> 8177200 | K26: =J26-F26 -> 7204700 | R26: 1002 | S26: =R26*1000 -> 1002000 | T26: =F26-S26 -> -29500
A27: 20 | B27: Надеждинский МР | C27: =D27+E27 -> 3894 | E27: 3894 | F27: =C27*250 -> 973500 | G27: 1000000 | H27: =F27-G27 -> -26500 | I27: =август!M28*1000 -> 1000000 | J27: =август!Q28*1000 -> 748400 | K27: =J27-F27 -> -225100 | R27: 1000 | S27: =R27*1000 -> 1000000 | T27: =F27-S27 -> -26500
A28: 21 | B28: Октябрьский МР | C28: =D28+E28 -> 3441 | D28: 635 | E28: 2806 | F28: =C28*250 -> 860250 | G28: 200000 | H28: =F28-G28 -> 660250 | I28: =август!M29*1000 -> 754600 | J28: =август!Q29*1000 -> 754600 | K28: =J28-F28 -> -105650 | R28: 881.5 | S28: =R28*1000 -> 881500 | T28: =F28-S28 -> -21250
A29: 22 | B29: Ольгинский МР | C29: =D29+E29 -> 1142 | D29: 416 | E29: 726 | F29: =C29*250 -> 285500 | G29: 285500 | H29: =F29-G29 -> 0 | I29: =август!M30*1000 -> 285500 | J29: =август!Q30*1000 -> 285500 | K29: =J29-F29 -> 0 | S29: =R29*1000 -> 0 | T29: =F29-S29 -> 285500
A30: 23 | B30: Партизанский МР | C30: =D30+E30 -> 3081 | E30: 3081 | F30: =C30*250 -> 770250 | G30: 760000 | H30: =F30-G30 -> 10250 | I30: =август!M31*1000 -> 760000 | J30: =август!Q31*1000 -> 760000 | K30: =J30-F30 -> -10250 | R30: 5964.5 | S30: =R30*1000 -> 5964500 | T30: =F30-S30 -> -5194250
A31: 22 | B31: Пограничный МР | C31: =D31+E31 -> 2482 | D31: 1304 | E31: 1178 | F31: =C31*250 -> 620500 | G31: 621500 | H31: =F31-G31 -> -1000 | I31: =август!M32*1000 -> 418100 | J31: =август!Q32*1000 -> 418100 | K31: =J31-F31 -> -202400 | R31: 630 | S31: =R31*1000 -> 630000 | T31: =F31-S31 -> -9500
A32: 25 | B32: Пожарский МР | C32: =D32+E32 -> 3502 | D32: 2412 | E32: 1090 | F32: =C32*250 -> 875500 | G32: 876000 | H32: =F32-G32 -> -500 | I32: =август!M33*1000 -> 876000 | J32: =август!Q33*1000 -> 876000 | K32: =J32-F32 -> 500 | R32: 876 | S32: =R32*1000 -> 876000 | T32: =F32-S32 -> -500
A33: 26 | B33: Спасский МР | C33: =D33+E33 -> 2870 | E33: 2870 | F33: =C33*250 -> 717500 | G33: 1647250 | H33: =F33-G33 -> -929750 | I33: =август!M34*1000 -> 384500 | J33: =август!Q34*1000 -> 384500 | K33: =J33-F33 -> -333000 | R33: 723 | S33: =R33*1000 -> 723000 | T33: =F33-S33 -> -5500
A34: 27 | B34: Тернейский МР | C34: =D34+E34 -> 1453 | D34: 1100 | E34: 353 | F34: =C34*250 -> 363250 | G34: 225096 | H34: =F34-G34 -> 138154 | I34: =август!M35*1000 -> 315900 | J34: =август!Q35*1000 -> 315900 | K34: =J34-F34 -> -47350 | R34: 363.5 | S34: =R34*1000 -> 363500 | T34: =F34-S34 -> -250
A35: 28 | B35: Ханкайский МР | C35: =D35+E35 -> 2517 | E35: 2517 | F35: =C35*250 -> 629250 | G35: 860000 | H35: =F35-G35 -> -230750 | I35: =август!M36*1000 -> 843700 | J35: =август!Q36*1000 -> 843700 | K35: =J35-F35 -> 214450 | R35: 644 | S35: =R35*1000 -> 644000 | T35: =F35-S35 -> -14750
A36: 29 | B36: Хасанский МР | C36: =D36+E36 -> 3475 | D36: 2692 | E36: 783 | F36: =C36*250 -> 868750 | G36: 868250 | H36: =F36-G36 -> 500 | I36: =август!M37*1000 -> 864000 | J36: =август!Q37*1000 -> 864000 | K36: =J36-F36 -> -4750 | R36: 864 | S36: =R36*1000 -> 864000 | T36: =F36-S36 -> 4750
A37: 30 | B37: Хорольский МР | C37: =D37+E37 -> 3173 | D37: 996 | E37: 2177 | F37: =C37*250 -> 793250 | G37: 784250 | H37: =F37-G37 -> 9000 | I37: =август!M38*1000 -> 784300 | J37: =август!Q38*1000 -> 784300 | K37: =J37-F37 -> -8950 | R37: 794 | S37: =R37*1000 -> 794000 | T37: =F37-S37 -> -750
A38: 31 | B38: Черниговский МР | C38: =D38+E38 -> 4029 | D38: 1124 | E38: 2905 | F38: =C38*250 -> 1007250 | G38: 1366450 | H38: =F38-G38 -> -359200 | I38: =август!M39*1000 -> 2209700 | J38: =август!Q39*1000 -> 2209700 | K38: =J38-F38 -> 1202450 | R38: 1012 | S38: =R38*1000 -> 1012000 | T38: =F38-S38 -> -4750
A39: 32 | B39: Чугуевский МР | C39: =D39+E39 -> 3235 | E39: 3235 | F39: =C39*250 -> 808750 | G39: 799000 | H39: =F39-G39 -> 9750 | I39: =август!M40*1000 -> 496000 | J39: =август!Q40*1000 -> 496000 | K39: =J39-F39 -> -312750 | R39: 3821.5 | S39: =R39*1000 -> 3821500 | T39: =F39-S39 -> -3012750
A40: 33 | B40: Шкотовский МР | C40: =D40+E40 -> 2086 | D40: 959 | E40: 1127 | F40: =C40*250 -> 521500 | G40: 460000 | H40: =F40-G40 -> 61500 | I40: =август!M41*1000 -> 522000 | J40: =август!Q41*1000 -> 590200 | K40: =J40-F40 -> 68700 | R40: 522 | S40: =R40*1000 -> 522000 | T40: =F40-S40 -> -500
A41: 34 | B41: Яковлевский МР | C41: =D41+E41 -> 1821 | E41: 1821 | F41: =C41*250 -> 455250 | G41: 456250 | H41: =F41-G41 -> -1000 | I41: =август!M42*1000 -> 667900 | J41: =август!Q42*1000 -> 667900 | K41: =J41-F41 -> 212650 | R41: 5825 | S41: =R41*1000 -> 5825000 | T41: =F41-S41 -> -5369750
B42: ИТОГО | C42: =SUM(C8:C41) -> 181925 | D42: =SUM(D8:D41) -> 133630 | E42: =SUM(E8:E41) -> 48295 | F42: =SUM(F8:F41) -> 45481250 | G42: =SUM(G8:G41) -> 34911433 | H42: =SUM(H8:H41) -> 10569817 | I42: =SUM(I8:I41) -> 52227300 | J42: =SUM(J8:J41) -> 51946100 | ... T42: =SUM(T8:T41) -> -14492050

Sheet сентябрь
B1: Отчет о расходовании средств субвенций | U1: УТВЕРЖДЕНО приказом департамента образования и науки Приморского края от 11января 2011 года № 1-а
B2: на реализацию основных общеобразовательных программ в муниципальных общеобразовательных учреждениях на 10 _сентября_2011 г.
V4: в тыс. руб.
A5: № п/п | B5: Наименование муниципального общеобразовательного учреждения | C5: Число учащихся (ВСЕГО) | F5: Число классов | I5: Доведен объем субвенций на 2011 г. | J5: Финансирование муниципальных общеобразоват. учреждений с начала года | K5: Фактические расходы с начала года (начислено) | O5: Исполнено с начала года (выплачено) | S5: Остаток "+" (недостаток " -") средств на десятое число месяца, следующего за отчетным | T5: Недостаток средств на окончательный расчет за январь месяц | U5: остаток в фин органе | V5: Финансиро вание мун. образ с начала года | W5: % исполнения к плану | X5: отклонение от прогнозного исполнения 64% за 8 месяцев | Y5: Финансирование за июль
K6: ВСЕГО | L6: Оплата труда (фактически начисленная заработная плата с учетом начислений на оплату труда) | M6: Учебные расходы | O6: ВСЕГО | P6: Оплата труда (кассовые расходы) | Q6: Учебные расходы
C7: ВСЕГО | D7: город | E7: село | F7: ВСЕГО | G7: город | H7: село | M7: Всего | N7: в том числе расходы на приобретение учебников | Q7: Всего | R7: в том числе расходы на приобретение учебников
A8: 1 | B8: 2 | C8: 3=3.1+3.2 | D8: 3.1. | E8: 3.2. | F8: 4=4.1+4.2 | G8: 4.1. | H8: 4.2. | I8: 5 | J8: 6 | K8: 7 | L8: 8 | M8: 9 | N8: 10 | O8: 11 | P8: 12 | Q8: 13 | R8: 14 | S8: 15=6-7 | U8: 16 | V8: 17=6+16
A9: 1 | B9: Арсеньевский ГО | C9: =D9+E9 -> 5433 | D9: 5433 | F9: =G9+H9 -> 215 | G9: 215 | I9: 105846 | J9: 63448.8 | K9: =L9+M9 -> 63448.8 | L9: 62627.3 | M9: 821.5 | N9: 498 | O9: =P9+Q9 -> 63448.8 | P9: 62627.3 | Q9: 821.5 | R9: 498 | S9: =J9-K9 -> 0 | T9: =J9-K9 -> 0 | U9: 530 | V9: =J9+U9 -> 63978.8 | W9: =V9/I9*100 -> 60.4 | X9: =64-W9 -> 3.6 | Y9: 2900009 | Z9: =L9*1000 -> 62627300
A10: 2 | B10: Артемовский ГО | C10: =D10+E10 -> 10346 | D10: 9660 | E10: 686 | F10: =G10+H10 -> 423 | G10: 378 | H10: 45 | I10: 210389 | J10: 118006.4 | K10: =L10+M10 -> 118006.4 | L10: 115600.1 | M10: 2406.3 | N10: 2406.3 | O10: =P10+Q10 -> 118006.4 | P10: 115600.1 | Q10: 2406.3 | R10: 2406.3 | S10: =J10-K10 -> 0 | T10: =J10-K10 -> 0 | U10: 0 | V10: =J10+U10 -> 118006.4 | W10: =V10/I10*100 -> 56.1 | X10: =64-W10 -> 7.9 | Y10: 6743000 | Z10: =L10*1000 -> 115600100
A11: 3 | B11: ЗАТО Большой Камень | C11: =D11+E11 -> 3808 | D11: 3760 | E11: 48 | F11: =G11+H11 -> 169 | G11: 162 | H11: 7 | I11: 77169 | J11: 43610 | K11: =L11+M11 -> 43610 | L11: 42698.3 | M11: 911.7 | N11: 638 | O11: =P11+Q11 -> 43610 | P11: 42698.3 | Q11: 911.7 | R11: 638 | S11: =J11-K11 -> 0 | T11: =J11-K11 -> 0 | U11: 2 | V11: =J11+U11 -> 43612 | W11: =V11/I11*100 -> 56.5 | X11: =64-W11 -> 7.5 | Y11: 1000000 | Z11: =L11*1000 -> 42698300
A12: 4 | B12: Владивостокский ГО | C12: =D12+E12 -> 46598 | D12: 44195 | E12: 2403 | F12: =G12+H12 -> 1813 | G12: 1675 | H12: 138 | I12: 949856 | J12: 620075.6 | K12: =L12+M12 -> 617705.2 | L12: 606097.7 | M12: 11607.5 | N12: 11144.2 | O12: =P12+Q12 -> 617705.2 | P12: 606097.7 | Q12: 11607.5 | R12: 11144.2 | S12: =J12-K12 -> 2370.4 | T12: =J12-K12 -> 2370.4 | V12: =J12+U12 -> 620075.6 | W12: =V12/I12*100 -> 65.3 | X12: =64-W12 -> -1.3 | Y12: 8512630 | Z12: =L12*1000 -> 606097700
A13: 5 | B13: Дальнегорский ГО | C13: =D13+E13 -> 4313 | D13: 3484 | E13: 829 | F13: =G13+H13 -> 204 | G13: 146 | H13: 58 | I13: 114545 | J13: 66137.1 | K13: =L13+M13 -> 66137.2 | L13: 65052.4 | M13: 1084.8 | N13: 851.4 | O13: =P13+Q13 -> 66137.2 | P13: 65052.4 | Q13: 1084.8 | R13: 851.4 | S13: =J13-K13 -> -0.1 | T13: =J13-K13 -> -0.1 | V13: =J13+U13 -> 66137.1 | W13: =V13/I13*100 -> 57.7 | X13: =64-W13 -> 6.3 | Y13: 1920323 | Z13: =L13*1000 -> 65052400 | AA13: =I13*1000/C13 -> 26558.08
A14: 6 | B14: Дальнереченский ГО | C14: =D14+E14 -> 3603 | D14: 3156 | E14: 447 | F14: =G14+H14 -> 162 | G14: 131 | H14: 31 | I14: 84865 | J14: 48237.7 | K14: =L14+M14 -> 47152.7 | L14: 46192.5 | M14: 960.2 | N14: 547.7 | O14: =P14+Q14 -> 48237.8 | P14: 47382.1 | Q14: 855.7 | R14: 475.5 | S14: =J14-K14 -> 1085 | T14: =J14-K14 -> 1085 | U14: 1252.9 | V14: =J14+U14 -> 49490.6 | W14: =V14/I14*100 -> 58.3 | X14: =64-W14 -> 5.7 | Y14: 700000 | Z14: =L14*1000 -> 46192500
A15: 7 | B15: Лесозаводский ГО | C15: =D15+E15 -> 4754 | D15: 4175 | E15: 579 | F15: =G15+H15 -> 242 | G15: 172 | H15: 70 | I15: 109479 | J15: 74095 | K15: =L15+M15 -> 74095 | L15: 72888 | M15: 1207 | N15: 1207 | O15: =P15+Q15 -> 74095 | P15: 72888 | Q15: 1207 | R15: 1207 | S15: =J15-K15 -> 0 | T15: =J15-K15 -> 0 | V15: =J15+U15 -> 74095 | W15: =V15/I15*100 -> 67.7 | X15: =64-W15 -> -3.7 | Y15: 3200000 | Z15: =L15*1000 -> 72888000
A16: 8 | B16: Находкинский ГО | C16: =D16+E16 -> 14824 | D16: 14800 | E16: 24 | F16: =G16+H16 -> 583 | G16: 581 | H16: 2 | I16: 294700 | J16: 177861.8 | K16: =L16+M16 -> 176771.2 | L16: 172985.2 | M16: 3786 | N16: 2659.9 | O16: =P16+Q16 -> 176771.2 | P16: 172985.2 | Q16: 3786 | R16: 2659.9 | S16: =J16-K16 -> 1090.6 | T16: =J16-K16 -> 1090.6 | V16: =J16+U16 -> 177861.8 | W16: =V16/I16*100 -> 60.4 | X16: =64-W16 -> 3.6 | Y16: 0 | Z16: =L16*1000 -> 172985200
A17: 9 | B17: Партизанский ГО | C17: =D17+E17 -> 4477 | D17: 3843 | E17: 634 | F17: =G17+H17 -> 199 | G17: 158 | H17: 41 | I17: 102356 | J17: 62016.8 | K17: =L17+M17 -> 61952.7 | L17: 59813.2 | M17: 2139.5 | N17: 1011 | O17: =P17+Q17 -> 62016.8 | P17: 59877.3 | Q17: 2139.5 | R17: 1011 | S17: =J17-K17 -> 64.1 | V17: =J17+U17 -> 62016.8 | W17: =V17/I17*100 -> 60.6 | X17: =64-W17 -> 3.4 | Y17: 1000000 | Z17: =L17*1000 -> 59813200
A18: 10 | B18: ГО Спасск-Дальний | C18: =D18+E18 -> 5048 | D18: 5048 | F18: =G18+H18 -> 224 | G18: 224 | I18: 101639 | J18: 61746.1 | K18: =L18+M18 -> 61746.1 | L18: 60515.1 | M18: 1231 | N18: 1016.5 | O18: =P18+Q18 -> 61746.1 | P18: 60515.1 | Q18: 1231 | R18: 1016.5 | S18: =J18-K18 -> 0 | T18: =J18-K18 -> 0 | U18: 0 | V18: =J18+U18 -> 61746.1 | W18: =V18/I18*100 -> 60.8 | X18: =64-W18 -> 3.2 | Y18: 1527751 | Z18: =L18*1000 -> 60515100
A19: 11 | B19: Уссурийский ГО | C19: =D19+E19 -> 16624 | D19: 14189 | E19: 2435 | F19: =G19+H19 -> 699 | G19: 554 | H19: 145 | I19: 379318 | J19: 224619.5 | K19: =L19+M19 -> 224589.4 | L19: 220377.9 | M19: 4211.5 | N19: 3235.2 | O19: =P19+Q19 -> 222333.5 | P19: 218122 | Q19: 4211.5 | R19: 3235.2 | S19: =J19-K19 -> 30.1 | T19: =J19-K19 -> 30.1 | V19: =J19+U19 -> 224619.5 | W19: =V19/I19*100 -> 59.2 | X19: =64-W19 -> 4.8 | Y19: 13881870 | Z19: =L19*1000 -> 220377900
A20: 12 | B20: ЗАТО г. Фокино | C20: =D20+E20 -> 3062 | D20: 3062 | F20: =G20+H20 -> 136 | G20: 136 | I20: 58417 | J20: 41020.3 | K20: =L20+M20 -> 38013.7 | L20: 37359.4 | M20: 654.3 | N20: 171.8 | O20: =P20+Q20 -> 37155.4 | P20: 36501.1 | Q20: 654.3 | R20: 171.8 | S20: =J20-K20 -> 3006.6 | V20: =J20+U20 -> 41020.3 | W20: =V20/I20*100 -> 70.2 | X20: =64-W20 -> -6.2 | Y20: 1300000 | Z20: =L20*1000 -> 37359400
A21: 13 | B21: Анучинский МР | C21: =D21+E21 -> 1382 | E21: 1382 | F21: =G21+H21 -> 94 | H21: 94 | I21: 53326 | J21: 30393.5 | K21: =L21+M21 -> 30393.5 | L21: 30043.2 | M21: 350.3 | N21: 350.3 | O21: =P21+Q21 -> 30393.5 | P21: 30043.2 | Q21: 350.3 | R21: 350.3 | S21: =J21-K21 -> 0 | T21: =J21-K21 -> 0 | U21: 0 | V21: =J21+U21 -> 30393.5 | W21: =V21/I21*100 -> 57 | X21: =64-W21 -> 7 | Y21: 2200000 | Z21: =L21*1000 -> 30043200
A22: 14 | B22: Дальнереченский МР | C22: =D22+E22 -> 1259 | E22: 1259 | F22: =G22+H22 -> 110 | H22: 110 | I22: 56085 | J22: 33866.3 | K22: =L22+M22 -> 33866.3 | L22: 33699.4 | M22: 166.9 | N22: 81.1 | O22: =P22+Q22 -> 33866.3 | P22: 33699.4 | Q22: 166.9 | R22: 81.1 | S22: =J22-K22 -> 0 | T22: =J22-K22 -> 0 | U22: 1186.6 | V22: =J22+U22 -> 35052.9 | W22: =V22/I22*100 -> 62.5 | X22: =64-W22 -> 1.5 | Y22: 1073190 | Z22: =L22*1000 -> 33699400
A23: 15 | B23: Кавалеровский МР | C23: =D23+E23 -> 2702 | D23: 2515 | E23: 187 | F23: =G23+H23 -> 122 | G23: 106 | H23: 16 | I23: 62379 | J23: 42218.9 | K23: =L23+M23 -> 40727.7 | L23: 40175.7 | M23: 552 | N23: 552 | O23: =P23+Q23 -> 40759.5 | P23: 40207.5 | Q23: 552 | R23: 552 | S23: =J23-K23 -> 1491.2 | T23: =J23-K23 -> 1491.2 | V23: =J23+U23 -> 42218.9 | W23: =V23/I23*100 -> 67.7 | X23: =64-W23 -> -3.7 | Y23: 500000 | Z23: =L23*1000 -> 40175700
A24: 16 | B24: Кировский МР | C24: =D24+E24 -> 2585 | D24: 1753 | E24: 832 | F24: =G24+H24 -> 176 | G24: 84 | H24: 92 | I24: 67577 | J24: 49969.1 | K24: =L24+M24 -> 49419.6 | L24: 48785.5 | M24: 634.1 | N24: 426.2 | O24: =P24+Q24 -> 49969.1 | P24: 49335 | Q24: 634.1 | R24: 426.2 | S24: =J24-K24 -> 549.5 | T24: =J24-K24 -> 549.5 | U24: 4.2 | V24: =J24+U24 -> 49973.3 | W24: =V24/I24*100 -> 74 | X24: =64-W24 -> -10 | Y24: 2100000 | Z24: =L24*1000 -> 48785500
A25: 17 | B25: Красноармейский МР | C25: =D25+E25 -> 2382 | D25: 418 | E25: 1964 | F25: =G25+H25 -> 169 | G25: 21 | H25: 148 | I25: 92581 | J25: 48533.1 | K25: =L25+M25 -> 48665.5 | L25: 48070 | M25: 595.5 | N25: 595.5 | O25: =P25+Q25 -> 48533.1 | P25: 47937.6 | Q25: 595.5 | R25: 595.5 | S25: =J25-K25 -> -132.4 | T25: =J25-K25 -> -132.4 | V25: =J25+U25 -> 48533.1 | W25: =V25/I25*100 -> 52.4 | X25: =64-W25 -> 11.6 | Y25: 0 | Z25: =L25*1000 -> 48070000
A26: 18 | B26: Лазовский МР | C26: =D26+E26 -> 1632 | D26: 841 | E26: 791 | F26: =G26+H26 -> 112 | G26: 40 | H26: 72 | I26: 48560 | J26: 31824.1 | K26: =L26+M26 -> 31824.1 | L26: 31256.1 | M26: 568 | N26: 371.2 | O26: =P26+Q26 -> 31824.1 | P26: 31256.1 | Q26: 568 | R26: 371.2 | S26: =J26-K26 -> 0 | T26: =J26-K26 -> 0 | U26: 0 | V26: =J26+U26 -> 31824.1 | W26: =V26/I26*100 -> 65.5 | X26: =64-W26 -> -1.5 | Y26: 450000 | Z26: =L26*1000 -> 31256100
A27: 19 | B27: Михайловский МР | C27: =D27+E27 -> 3835 | D27: 907 | E27: 2928 | F27: =G27+H27 -> 196 | G27: 37 | H27: 159 | I27: 132327 | J27: 79557.5 | K27: =L27+M27 -> 79557.5 | L27: 70665.7 | M27: 8891.8 | N27: 907.9 | O27: =P27+Q27 -> 79557.5 | P27: 70665.7 | Q27: 8891.8 | R27: 907.9 | S27: =J27-K27 -> 0 | T27: =J27-K27 -> 0 | U27: 0 | V27: =J27+U27 -> 79557.5 | W27: =V27/I27*100 -> 60.1 | X27: =64-W27 -> 3.9 | Y27: 3200000 | Z27: =L27*1000 -> 70665700
A28: 20 | B28: Надеждинский МР | C28: =D28+E28 -> 3894 | E28: 3894 | F28: =G28+H28 -> 222 | H28: 222 | I28: 148524 | J28: 93568.1 | K28: =L28+M28 -> 93568.1 | L28: 92568.1 | M28: 1000 | O28: =P28+Q28 -> 91943.2 | P28: 90946.4 | Q28: 996.8 | S28: =J28-K28 -> 0 | T28: =J28-K28 -> 0 | V28: =J28+U28 -> 93568.1 | W28: =V28/I28*100 -> 63 | X28: =64-W28 -> 1 | Y28: 0 | Z28: =L28*1000 -> 92568100
A29: 21 | B29: Октябрьский МР | C29: =D29+E29 -> 3441 | D29: 635 | E29: 2806 | F29: =G29+H29 -> 195 | G29: 25 | H29: 170 | I29: 125982 | J29: 72006 | K29: =L29+M29 -> 67597.1 | L29: 66820.5 | M29: 776.6 | N29: 637.1 | O29: =P29+Q29 -> 67597.1 | P29: 66820.5 | Q29: 776.6 | R29: 637.1 | S29: =J29-K29 -> 4408.9 | V29: =J29+U29 -> 72006 | W29: =V29/I29*100 -> 57.2 | X29: =64-W29 -> 6.8 | Y29: 0 | Z29: =L29*1000 -> 66820500
A30: 22 | B30: Ольгинский МР | C30: =D30+E30 -> 1101 | D30: 395 | E30: 706 | F30: =G30+H30 -> 100 | G30: 21 | H30: 79 | I30: 41462 | J30: 27749.1 | K30: =L30+M30 -> 27802.1 | L30: 27516.6 | M30: 285.5 | N30: 236.9 | O30: =P30+Q30 -> 27749.1 | P30: 27463.6 | Q30: 285.5 | R30: 236.9 | S30: =J30-K30 -> -53 | T30: =J30-K30 -> -53 | U30: 0 | V30: =J30+U30 -> 27749.1 | W30: =V30/I30*100 -> 66.9 | X30: =64-W30 -> -2.9 | Y30: 736000 | Z30: =L30*1000 -> 27516600
A31: 23 | B31: Партизанский МР | C31: =D31+E31 -> 3045 | E31: 3045 | F31: =G31+H31 -> 219 | H31: 219 | I31: 117125 | J31: 61872.4 | K31: =L31+M31 -> 60291.2 | L31: 59531.2 | M31: 760 | N31: 277.9 | O31: =P31+Q31 -> 60291.2 | P31: 59531.2 | Q31: 760 | R31: 277.9 | S31: =J31-K31 -> 1581.2 | V31: =J31+U31 -> 61872.4 | W31: =V31/I31*100 -> 52.8 | X31: =64-W31 -> 11.2 | Y31: 1500000 | Z31: =L31*1000 -> 59531200
A32: 22 | B32: Пограничный МР | C32: =D32+E32 -> 2486 | D32: 1300 | E32: 1186 | F32: =G32+H32 -> 167 | G32: 64 | H32: 103 | I32: 71806 | J32: 43574.9 | K32: =L32+M32 -> 43833 | L32: 43356 | M32: 477 | N32: 369.1 | O32: =P32+Q32 -> 43833 | P32: 43356 | Q32: 477 | R32: 369.1 | S32: =J32-K32 -> -258.1 | T32: =J32-K32 -> -258.1 | U32: 1711.6 | V32: =J32+U32 -> 45286.5 | W32: =V32/I32*100 -> 63.1 | X32: =64-W32 -> 0.9 | Y32: 1840000 | Z32: =L32*1000 -> 43356000
A33: 25 | B33: Пожарский МР | C33: =D33+E33 -> 3467 | D33: 2369 | E33: 1098 | F33: =G33+H33 -> 198 | G33: 98 | H33: 100 | I33: 90676 | J33: 50145.6 | K33: =L33+M33 -> 50145.6 | L33: 49269.6 | M33: 876 | N33: 436.8 | O33: =P33+Q33 -> 50145.6 | P33: 49269.6 | Q33: 876 | R33: 631.3 | S33: =J33-K33 -> 0 | V33: =J33+U33 -> 50145.6 | W33: =V33/I33*100 -> 55.3 | X33: =64-W33 -> 8.7 | Y33: 1550000 | Z33: =L33*1000 -> 49269600
A34: 26 | B34: Спасский МР | C34: =D34+E34 -> 2726 | E34: 2726 | F34: =G34+H34 -> 171 | H34: 171 | I34: 131927 | J34: 66079.9 | K34: =L34+M34 -> 66079.9 | L34: 64416.9 | M34: 1663 | N34: 1037.5 | O34: =P34+Q34 -> 66079.9 | P34: 64416.9 | Q34: 1663 | R34: 1037.5 | S34: =J34-K34 -> 0 | T34: =J34-K34 -> 0 | V34: =J34+U34 -> 66079.9 | W34: =V34/I34*100 -> 50.1 | X34: =64-W34 -> 13.9 | Y34: 4030550 | Z34: без учета 935,0 учебных расходов
A35: 27 | B35: Тернейский МР | C35: =D35+E35 -> 1453 | D35: 1100 | E35: 353 | F35: =G35+H35 -> 117 | G35: 55 | H35: 62 | I35: 39742 | J35: 33399.5 | K35: =L35+M35 -> 33410.5 | L35: 33047 | M35: 363.5 | O35: =P35+Q35 -> 32412.6 | P35: 32049.1 | Q35: 363.5 | S35: =J35-K35 -> -11 | T35: =J35-K35 -> -11 | U35: 0 | V35: =J35+U35 -> 33399.5 | W35: =V35/I35*100 -> 84 | X35: =64-W35 -> -20 | Y35: 1725200 | Z35: =L35*1000 -> 33047000
A36: 28 | B36: Ханкайский МР | C36: =D36+E36 -> 2494 | E36: 2494 | F36: =G36+H36 -> 174 | H36: 174 | I36: 102957 | J36: 64113.6 | K36: =L36+M36 -> 64016.7 | L36: 63173 | M36: 843.7 | N36: 826.7 | O36: =P36+Q36 -> 62077.3 | P36: 61233.6 | Q36: 843.7 | R36: 826.7 | S36: =J36-K36 -> 96.9 | T36: =J36-K36 -> 96.9 | V36: =J36+U36 -> 64113.6 | W36: =V36/I36*100 -> 62.3 | X36: =64-W36 -> 1.7 | Y36: 2080000 | Z36: =L36*1000 -> 63173000
A37: 29 | B37: Хасанский МР | C37: =D37+E37 -> 3405 | D37: 2623 | E37: 782 | F37: =G37+H37 -> 203 | G37: 133 | H37: 70 | I37: 88879 | J37: 57377.6 | K37: =L37+M37 -> 57377.6 | L37: 56513.6 | M37: 864 | N37: 275.5 | O37: =P37+Q37 -> 57377.6 | P37: 56513.6 | Q37: 864 | R37: 275.5 | S37: =J37-K37 -> 0 | T37: =J37-K37 -> 0 | V37: =J37+U37 -> 57377.6 | W37: =V37/I37*100 -> 64.6 | X37: =64-W37 -> -0.6 | Y37: 2600000 | Z37: =L37*1000 -> 56513600
A38: 30 | B38: Хорольский МР | C38: =D38+E38 -> 3131 | D38: 996 | E38: 2135 | F38: =G38+H38 -> 193 | G38: 46 | H38: 147 | I38: 109964 | J38: 65172.8 | K38: =L38+M38 -> 62454.8 | L38: 61670.5 | M38: 784.3 | N38: 554.2 | O38: =P38+Q38 -> 62454.8 | P38: 61670.5 | Q38: 784.3 | R38: 554.2 | S38: =J38-K38 -> 2718 | T38: =J38-K38 -> 2718 | V38: =J38+U38 -> 65172.8 | W38: =V38/I38*100 -> 59.3 | X38: =64-W38 -> 4.7 | Y38: 6500000 | Z38: =L38*1000 -> 61670500
A39: 31 | B39: Черниговский МР | C39: =D39+E39 -> 4029 | D39: 1124 | E39: 2905 | F39: =G39+H39 -> 233 | G39: 58 | H39: 175 | I39: 136277 | J39: 82769.8 | K39: =L39+M39 -> 80787.9 | L39: 78529.4 | M39: 2258.5 | N39: 325 | O39: =P39+Q39 -> 82769.8 | P39: 80511.3 | Q39: 2258.5 | R39: 325 | S39: =J39-K39 -> 1981.9 | T39: =J39-K39 -> 1981.9 | U39: 0 | V39: =J39+U39 -> 82769.8 | W39: =V39/I39*100 -> 60.7 | X39: =64-W39 -> 3.3 | Y39: 4000000 | Z39: =L39*1000 -> 78529400
A40: 32 | B40: Чугуевский МР | C40: =D40+E40 -> 3180 | E40: 3180 | F40: =G40+H40 -> 248 | H40: 248 | I40: 134646 | J40: 79587 | K40: =L40+M40 -> 79587 | L40: 79091 | M40: 496 | N40: 496 | O40: =P40+Q40 -> 80083 | P40: 79587 | Q40: 496 | R40: 496 | S40: =J40-K40 -> 0 | T40: =J40-K40 -> 0 | U40: 0 | V40: =J40+U40 -> 79587 | W40: =V40/I40*100 -> 59.1 | X40: =64-W40 -> 4.9 | Y40: 3700000 | Z40: =L40*1000 -> 79091000
A41: 33 | B41: Шкотовский МР | C41: =D41+E41 -> 2063 | D41: 947 | E41: 1116 | F41: =G41+H41 -> 119 | G41: 41 | H41: 78 | I41: 66425 | J41: 42179.7 | K41: =L41+M41 -> 42179.7 | L41: 41572.4 | M41: 607.3 | N41: 402.1 | O41: =P41+Q41 -> 40245.7 | P41: 39638.4 | Q41: 607.3 | R41: 402.1 | S41: =J41-K41 -> 0 | T41: =J41-K41 -> 0 | V41: =J41+U41 -> 42179.7 | W41: =V41/I41*100 -> 63.5 | X41: =64-W41 -> 0.5 | Y41: 2100000 | Z41: =L41*1000 -> 41572400
A42: 34 | B42: Яковлевский МР | C42: =D42+E42 -> 1774 | E42: 1774 | F42: =G42+H42 -> 124 | H42: 124 | I42: 72213 | J42: 41968.3 | K42: =L42+M42 -> 42048.6 | L42: 41374.7 | M42: 673.9 | N42: 444.2 | O42: =P42+Q42 -> 41968.3 | P42: 41294.4 | Q42: 673.9 | R42: 444.2 | S42: =J42-K42 -> -80.3 | V42: =J42+U42 -> 41968.3 | W42: =V42/I42*100 -> 58.1 | X42: =64-W42 -> 5.9 | Y42: 1500000 | Z42: =L42*1000 -> 41374700
B43: резерв | C43: =D43+E43 -> 0 | F43: =G43+H43 -> 0 | I43: 198592 | J43: 0 | K43: =L43+M43 -> 0 | O43: =P43+Q43 -> 0 | P43: =J43 -> 0 | S43: =J43-K43 -> 0 | T43: =J43-K43 -> 0 | V43: =J43+U43 -> 0 | W43: =V43/I43*100 -> 0 | Z43: =L43*1000 -> 0
B44: ИТОГО | C44: =SUM(C9:C43) -> 180356 | D44: =SUM(D9:D43) -> 132728 | E44: =SUM(E9:E43) -> 47628 | F44: =SUM(F9:F43) -> 8731 | G44: =SUM(G9:G43) -> 5361 | H44: =SUM(H9:H43) -> 3370 | I44: =SUM(I9:I43) -> 4778611 | J44: =SUM(J9:J43) -> 2798801.9 | ... V44: =SUM(V9:V43) -> 2803489.2 | X44: =(I44-I43)/12*8 -> 3053346
X45: =X44/I44*100 -> 63.896099
B63: Исп. Бушманова И.О.
B64: 40 20 99

Sheet фот сентябрь
A1: Приложение к отчету
A3: на 10 сентября 2011 года
B5: Наименование муниципального образования | C5: ФОТ (начисленный) в тыс. руб. январь | E5: ИТОГО 211+213 | F5: Процент надтарифного фонда | G5: ФОТ (начисленный) в тыс. руб. Февраль | I5: ИТОГО 211+213 | J5: Процент надтарифного фонда | K5: ФОТ (начисленный) в тыс. руб. Март | M5: ИТОГО 211+213 | N5: Процент надтарифного фонда | O5: ФОТ (начисленный) в тыс. руб. Апрель | Q5: ИТОГО 211+213 | R5: Процент надтарифного фонда | S5: ФОТ (начисленный) в тыс. руб. Май | U5: ИТОГО 211+213 | V5: Процент надтарифного фонда | W5: ФОТ (начисленный) в тыс. руб. ИЮНЬ | Y5: ИТОГО 211+213 | Z5: Процент надтарифного фонда | AA5: ФОТ (начисленный) в тыс. руб. ИЮЛЬ | AC5: ИТОГО 211+213 | AD5: Процент надтарифного фонда | AE5: ФОТ (начисленный) в тыс. руб. АВГУСТ | AG5: ИТОГО 211+213 | AH5: Процент надтарифного фонда | AI5: ФОТ (начисленный) в тыс. руб. СЕНТЯБРЬ | AK5: ИТОГО 211+213 | AL5: Процент надтарифного фонда | AM5: Итого начислено за ЯНВАРЬ-АВГУСТ
C6: КОСГУ 211 | D6: КОСГУ 213 | G6: КОСГУ 211 | H6: КОСГУ 213 | K6: КОСГУ 211 | L6: КОСГУ 213 | O6: КОСГУ 211 | P6: КОСГУ 213 | S6: КОСГУ 211 | T6: КОСГУ 213 | W6: КОСГУ 211 | X6: КОСГУ 213 | AA6: КОСГУ 211 | AB6: КОСГУ 213 | AE6: КОСГУ 211 | AF6: КОСГУ 213 | AI6: КОСГУ 211 | AJ6: КОСГУ 213 | AN6: Проверка
A7: 1 | B7: Арсеньевский ГО | C7: 5648 | D7: 1919 | E7: =C7+D7 -> 7567 | F7: 23 | G7: 5448 | H7: 1831 | I7: =G7+H7 -> 7279 | J7: 24 | K7: 5608 | L7: 1910 | M7: =K7+L7 -> 7518 | N7: 23 | O7: 5669 | P7: 1940 | Q7: =O7+P7 -> 7609 | R7: 23 | S7: 9831 | T7: 2082 | U7: =S7+T7 -> 11913 | V7: 23 | W7: 9849 | X7: 3051 | Y7: =W7+X7 -> 12900 | Z7: 24 | AA7: 1711 | AB7: 1189 | AC7: =AA7+AB7 -> 2900 | AD7: 41 | AE7: 3019 | AF7: 1923 | AG7: =AE7+AF7 -> 4942 | AH7: 29 | AK7: =AI7+AJ7 -> 0 | AM7: =E7+I7+M7+Q7+U7+Y7+AC7+AG7 -> 62628 | AN7: =август!L9-'фот сентябрь'!AM7 -> -4943 | AO7: =сентябрь!L9-AM7 -> -1
A8: 2 | B8: Артемовский ГО | C8: 10328 | D8: 3528 | E8: =C8+D8 -> 13856 | F8: 26 | G8: 10945 | H8: 3502 | I8: =G8+H8 -> 14447 | J8: 26 | K8: 9794 | L8: 3556 | M8: =K8+L8 -> 13350 | N8: 26 | O8: 10382 | P8: 3542 | Q8: =O8+P8 -> 13924 | R8: 26 | S8: 18065 | T8: 6169 | U8: =S8+T8 -> 24234 | V8: 26 | W8: 17795 | X8: 6096 | Y8: =W8+X8 -> 23891 | Z8: 26 | AA8: 3469 | AB8: 1253 | AC8: =AA8+AB8 -> 4722 | AD8: 26 | AE8: 5482 | AF8: 1694 | AG8: =AE8+AF8 -> 7176 | AH8: 26 | AK8: =AI8+AJ8 -> 0 | AM8: =E8+I8+M8+Q8+U8+Y8+AC8+AG8 -> 115600 | AN8: =август!L10-'фот сентябрь'!AM8 -> -7176 | AO8: =сентябрь!L10-AM8 -> 0
A9: 3 | B9: ЗАТО Большой Камень | C9: 3913 | D9: 1331 | E9: =C9+D9 -> 5244 | F9: 20 | G9: 3902 | H9: 1308 | I9: =G9+H9 -> 5210 | J9: 22 | K9: 3878 | L9: 1294 | M9: =K9+L9 -> 5172 | N9: 21 | O9: 3869 | P9: 1348 | Q9: =O9+P9 -> 5217 | R9: 21 | S9: 6879 | T9: 2341 | U9: =S9+T9 -> 9220 | V9: 21 | W9: 6681 | X9: 2292 | Y9: =W9+X9 -> 8973 | Z9: 21 | AA9: 761 | AB9: 268 | AC9: =AA9+AB9 -> 1029 | AD9: 21 | AE9: 1960 | AF9: 673 | AG9: =AE9+AF9 -> 2633 | AH9: 21 | AK9: =AI9+AJ9 -> 0 | AM9: =E9+I9+M9+Q9+U9+Y9+AC9+AG9 -> 42698 | AN9: =август!L11-'фот сентябрь'!AM9 -> -2633 | AO9: =сентябрь!L11-AM9 -> 0
A10: 4 | B10: Владивостокский ГО | C10: 54121 | D10: 19844 | E10: =C10+D10 -> 73965 | F10: 25 | G10: 54085 | H10: 18901 | I10: =G10+H10 -> 72986 | J10: 25 | K10: 55523 | L10: 19823 | M10: =K10+L10 -> 75346 | N10: 25 | O10: 54023 | P10: 19682 | Q10: =O10+P10 -> 73705 | R10: 25 | S10: 130818 | T10: 28286 | U10: =S10+T10 -> 159104 | V10: 25 | W10: 51854 | X10: 32283 | Y10: =W10+X10 -> 84137 | Z10: 25 | AA10: 16787 | AB10: 6455 | AC10: =AA10+AB10 -> 23242 | AD10: 25 | AE10: 31898 | AF10: 11715 | AG10: =AE10+AF10 -> 43613 | AH10: 25 | AK10: =AI10+AJ10 -> 0 | AM10: =E10+I10+M10+Q10+U10+Y10+AC10+AG10 -> 606098 | AN10: =август!L12-'фот сентябрь'!AM10 -> -43614 | AO10: =сентябрь!L12-AM10 -> 0
A11: 5 | B11: Дальнегорский ГО | C11: 5800 | D11: 1948 | E11: =C11+D11 -> 7748 | F11: 26 | G11: 5661 | H11: 1976 | I11: =G11+H11 -> 7637 | J11: 27 | K11: 6010 | L11: 2060 | M11: =K11+L11 -> 8070 | N11: 28 | O11: 5746 | P11: 2088 | Q11: =O11+P11 -> 7834 | R11: 22 | S11: 6348 | T11: 1956 | U11: =S11+T11 -> 8304 | V11: 21 | W11: 14774 | X11: 4589 | Y11: =W11+X11 -> 19363 | Z11: 18 | AA11: 1222 | AB11: 698 | AC11: =AA11+AB11 -> 1920 | AD11: 21 | AE11: 3073 | AF11: 1104 | AG11: =AE11+AF11 -> 4177 | AH11: 24 | AK11: =AI11+AJ11 -> 0 | AM11: =E11+I11+M11+Q11+U11+Y11+AC11+AG11 -> 65053 | AN11: =август!L13-'фот сентябрь'!AM11 -> -4178 | AO11: =сентябрь!L13-AM11 -> -1
A12: 6 | B12: Дальнереченский ГО | C12: 4263 | D12: 1407 | E12: =C12+D12 -> 5670 | F12: 25 | G12: 4254 | H12: 1398 | I12: =G12+H12 -> 5652 | J12: 25 | K12: 4411 | L12: 1461 | M12: =K12+L12 -> 5872 | N12: 24 | O12: 4165 | P12: 1416 | Q12: =O12+P12 -> 5581 | R12: 27 | S12: 4706 | T12: 1461 | U12: =S12+T12 -> 6167 | V12: 26 | W12: 9694 | X12: 3187 | Y12: =W12+X12 -> 12881 | Z12: 22 | AA12: 1274 | AB12: 429 | AC12: =AA12+AB12 -> 1703 | AD12: 28 | AE12: 1992 | AF12: 675 | AG12: =AE12+AF12 -> 2667 | AH12: 32 | AK12: =AI12+AJ12 -> 0 | AM12: =E12+I12+M12+Q12+U12+Y12+AC12+AG12 -> 46193 | AN12: =август!L14-'фот сентябрь'!AM12 -> -2739 | AO12: =сентябрь!L14-AM12 -> -1
A13: 7 | B13: Лесозаводский ГО | C13: 5961 | D13: 2280 | E13: =C13+D13 -> 8241 | F13: 39 | G13: 5237 | H13: 2722 | I13: =G13+H13 -> 7959 | J13: 39 | K13: 4927 | L13: 2561 | M13: =K13+L13 -> 7488 | N13: 39 | O13: 5961 | P13: 2039 | Q13: =O13+P13 -> 8000 | R13: 39 | S13: 8558 | T13: 2927 | U13: =S13+T13 -> 11485 | V13: 39 | W13: 11439 | X13: 3912 | Y13: =W13+X13 -> 15351 | Z13: 39 | AA13: 2863 | AB13: 1183 | AC13: =AA13+AB13 -> 4046 | AD13: 39 | AE13: =2407 -> 2407 | AF13: 1047 | AG13: =AE13+AF13 -> 3454 | AH13: 39 | AI13: 4948 | AJ13: 1916 | AK13: =AI13+AJ13 -> 6864 | AL13: 39 | AM13: =E13+I13+M13+Q13+U13+Y13+AC13+AG13+AK13 -> 72888 | AN13: =август!L15-'фот сентябрь'!AM13 -> -10318 | AO13: =сентябрь!L15-AM13 -> 0
A14: 8 | B14: Находкинский ГО | C14: 15711 | D14: 5287 | E14: =C14+D14 -> 20998 | F14: 20 | G14: 15547 | H14: 5327 | I14: =G14+H14 -> 20874 | J14: 21 | K14: 15603 | L14: 5224 | M14: =K14+L14 -> 20827 | N14: 21 | O14: 15292 | P14: 5294 | Q14: =O14+P14 -> 20586 | R14: 19 | S14: 27149 | T14: 9234 | U14: =S14+T14 -> 36383 | V14: 16 | W14: 28109 | X14: 9735 | Y14: =W14+X14 -> 37844 | Z14: 16 | AA14: 4774 | AB14: 1733 | AC14: =AA14+AB14 -> 6507 | AD14: 14 | AE14: 6746 | AF14: 2221 | AG14: =AE14+AF14 -> 8967 | AH14: 19 | AK14: =AI14+AJ14 -> 0 | AM14: =E14+I14+M14+Q14+U14+Y14+AC14+AG14 -> 172986 | AN14: =август!L16-'фот сентябрь'!AM14 -> -8968 | AO14: =сентябрь!L16-AM14 -> -1
A15: 9 | B15: Партизанский ГО | C15: 5235 | D15: 2095 | E15: =C15+D15 -> 7330 | F15: 18 | G15: 5347 | H15: 2079 | I15: =G15+H15 -> 7426 | J15: 18 | K15: =5182.63 -> 5183 | L15: 2070 | M15: =K15+L15 -> 7253 | N15: 18 | O15: 5731 | P15: 1975 | Q15: =O15+P15 -> 7706 | R15: 24 | S15: 8288 | T15: 2620 | U15: =S15+T15 -> 10908 | V15: 24 | W15: 9432 | X15: 3155 | Y15: =W15+X15 -> 12587 | Z15: 17 | AA15: 1813 | AB15: 811 | AC15: =AA15+AB15 -> 2624 | AD15: 17 | AE15: 2844 | AF15: 1136 | AG15: =AE15+AF15 -> 3980 | AH15: 17 | AK15: =AI15+AJ15 -> 0 | AM15: =E15+I15+M15+Q15+U15+Y15+AC15+AG15 -> 59814 | AN15: =август!L17-'фот сентябрь'!AM15 -> -3981 | AO15: =сентябрь!L17-AM15 -> -1
A16: 10 | B16: ГО Спасск-Дальний | C16: 5376 | D16: 1832 | E16: =C16+D16 -> 7208 | F16: 21 | G16: 5621 | H16: 1915 | I16: =G16+H16 -> 7536 | J16: 28 | K16: 5679 | L16: 1931 | M16: =K16+L16 -> 7610 | N16: 25 | O16: 5597 | P16: 1907 | Q16: =O16+P16 -> 7504 | R16: 25 | S16: 11985 | T16: 4094 | U16: =S16+T16 -> 16079 | V16: 25 | W16: 6221 | X16: 2123 | Y16: =W16+X16 -> 8344 | Z16: 25 | AA16: 1226 | AB16: 418 | AC16: =AA16+AB16 -> 1644 | AD16: 25 | AE16: 3424 | AF16: 1167 | AG16: =AE16+AF16 -> 4591 | AH16: 25 | AK16: =AI16+AJ16 -> 0 | AM16: =E16+I16+M16+Q16+U16+Y16+AC16+AG16 -> 60516 | AN16: =август!L18-'фот сентябрь'!AM16 -> -4592 | AO16: =сентябрь!L18-AM16 -> -1
A17: 11 | B17: Уссурийский ГО | C17: 19847 | D17: 6689 | E17: =C17+D17 -> 26536 | F17: 27 | G17: 19981 | H17: 6985 | I17: =G17+H17 -> 26966 | J17: 27 | K17: 20092 | L17: 6868 | M17: =K17+L17 -> 26960 | N17: 27 | O17: 20535 | P17: 6977 | Q17: =O17+P17 -> 27512 | R17: 27 | S17: 38936 | T17: 10203 | U17: =S17+T17 -> 49139 | V17: 27 | W17: 28807 | X17: 13123 | Y17: =W17+X17 -> 41930 | Z17: 27 | AA17: 7774 | AB17: 2653 | AC17: =AA17+AB17 -> 10427 | AD17: 27 | AE17: 8125 | AF17: 2784 | AG17: =AE17+AF17 -> 10909 | AH17: 27 | AK17: =AI17+AJ17 -> 0 | AM17: =E17+I17+M17+Q17+U17+Y17+AC17+AG17 -> 220379 | AN17: =август!L19-'фот сентябрь'!AM17 -> -10910 | AO17: =сентябрь!L19-AM17 -> -1
A18: 12 | B18: ЗАТО г. Фокино | C18: 3334 | D18: 1140 | E18: =C18+D18 -> 4474 | F18: 15 | G18: 3459 | H18: 1183 | I18: =G18+H18 -> 4642 | J18: 20 | K18: 3396 | L18: 1162 | M18: =K18+L18 -> 4558 | N18: 18 | O18: 3394 | P18: 1161 | Q18: =O18+P18 -> 4555 | R18: 18 | S18: 8829 | T18: 3019 | U18: =S18+T18 -> 11848 | V18: 20 | W18: 2083 | X18: 712 | Y18: =W18+X18 -> 2795 | Z18: 8 | AA18: 915 | AB18: 313 | AC18: =AA18+AB18 -> 1228 | AD18: 5 | AE18: 2428 | AF18: 830 | AG18: =AE18+AF18 -> 3258 | AH18: 12 | AK18: =AI18+AJ18 -> 0 | AM18: =E18+I18+M18+Q18+U18+Y18+AC18+AG18 -> 37358 | AN18: =август!L20-'фот сентябрь'!AM18 -> -3257 | AO18: =сентябрь!L20-AM18 -> 1
A19: 13 | B19: Анучинский МР | C19: 2761 | D19: 916 | E19: =C19+D19 -> 3677 | F19: 33 | G19: 2751 | H19: 928 | I19: =G19+H19 -> 3679 | J19: 32 | K19: 2696 | L19: 913 | M19: =K19+L19 -> 3609 | N19: 33 | O19: 2699 | P19: 917 | Q19: =O19+P19 -> 3616 | R19: 33 | S19: 5696 | T19: 1941 | U19: =S19+T19 -> 7637 | V19: 28 | W19: 3403 | X19: 1140 | Y19: =W19+X19 -> 4543 | Z19: 28 | AA19: 932 | AB19: 296 | AC19: =AA19+AB19 -> 1228 | AD19: 27 | AE19: 1548 | AF19: 508 | AG19: =AE19+AF19 -> 2056 | AH19: 35 | AK19: =AI19+AJ19 -> 0 | AM19: =E19+I19+M19+Q19+U19+Y19+AC19+AG19 -> 30045 | AN19: =август!L21-'фот сентябрь'!AM19 -> -2057 | AO19: =сентябрь!L21-AM19 -> -2
A20: 14 | B20: Дальнереченский МР | C20: 3485 | D20: 1190 | E20: =C20+D20 -> 4675 | F20: 33 | G20: 3037 | H20: 1032 | I20: =G20+H20 -> 4069 | J20: 35 | K20: 2997 | L20: 1016 | M20: =K20+L20 -> 4013 | N20: 33 | O20: 2985 | P20: 1016 | Q20: =O20+P20 -> 4001 | R20: 33 | S20: 4442 | T20: 1514 | U20: =S20+T20 -> 5956 | V20: 32 | W20: 6178 | X20: 2111 | Y20: =W20+X20 -> 8289 | Z20: 63 | AA20: 616 | AB20: 207 | AC20: =AA20+AB20 -> 823 | AD20: 0 | AE20: 1406 | AF20: 465 | AG20: =AE20+AF20 -> 1871 | AH20: 0 | AK20: =AI20+AJ20 -> 0 | AM20: =E20+I20+M20+Q20+U20+Y20+AC20+AG20 -> 33697 | AN20: =август!L22-'фот сентябрь'!AM20 -> -1869 | AO20: =сентябрь!L22-AM20 -> 2
A21: 15 | B21: Кавалеровский МР | C21: 3609 | D21: 1228 | E21: =C21+D21 -> 4837 | F21: 22 | G21: 3531 | H21: 1196 | I21: =G21+H21 -> 4727 | J21: 23 | K21: 3521 | L21: 1190 | M21: =K21+L21 -> 4711 | N21: 23 | O21: 3507 | P21: 1194 | Q21: =O21+P21 -> 4701 | R21: 21 | S21: 4480 | T21: 1526 | U21: =S21+T21 -> 6006 | V21: 22 | W21: 9477 | X21: 3241 | Y21: =W21+X21 -> 12718 | Z21: 22 | AA21: 698 | AB21: 238 | AC21: =AA21+AB21 -> 936 | AD21: 19 | AE21: 1149 | AF21: 390 | AG21: =AE21+AF21 -> 1539 | AH21: 21 | AK21: =AI21+AJ21 -> 0 | AM21: =E21+I21+M21+Q21+U21+Y21+AC21+AG21 -> 40175 | AN21: =август!L23-'фот сентябрь'!AM21 -> -1539 | AO21: =сентябрь!L23-AM21 -> 1
A22: 16 | B22: Кировский МР | C22: 5063 | D22: 1719 | E22: =C22+D22 -> 6782 | F22: 22 | G22: 5000 | H22: 1784 | I22: =G22+H22 -> 6784 | J22: 21 | K22: 4295 | L22: 1475 | M22: =K22+L22 -> 5770 | N22: 23 | O22: 4151 | P22: 1418 | Q22: =O22+P22 -> 5569 | R22: 23 | S22: 6815 | T22: 2325 | U22: =S22+T22 -> 9140 | V22: 18 | W22: 7568 | X22: 2574 | Y22: =W22+X22 -> 10142 | Z22: 19 | AA22: 1430 | AB22: 485 | AC22: =AA22+AB22 -> 1915 | AD22: 18 | AE22: 2001 | AF22: 681 | AG22: =AE22+AF22 -> 2682 | AH22: 18 | AK22: =AI22+AJ22 -> 0 | AM22: =E22+I22+M22+Q22+U22+Y22+AC22+AG22 -> 48784 | AN22: =август!L24-'фот сентябрь'!AM22 -> -2681 | AO22: =сентябрь!L24-AM22 -> 2
A23: 17 | B23: Красноармейский МР | C23: 4416 | D23: 1483 | E23: =C23+D23 -> 5899 | F23: 26 | G23: 4339 | H23: 1484 | I23: =G23+H23 -> 5823 | J23: 26 | K23: 4454 | L23: 1521 | M23: =K23+L23 -> 5975 | N23: 26 | O23: 4389 | P23: 1493 | Q23: =O23+P23 -> 5882 | R23: 26 | S23: 6644 | T23: 2255 | U23: =S23+T23 -> 8899 | V23: 26 | W23: 9272 | X23: 3172 | Y23: =W23+X23 -> 12444 | Z23: 26 | AA23: 704 | AB23: 229 | AC23: =AA23+AB23 -> 933 | AD23: 26 | AE23: 1719 | AF23: 496 | AG23: =AE23+AF23 -> 2215 | AH23: 26 | AK23: =AI23+AJ23 -> 0 | AM23: =E23+I23+M23+Q23+U23+Y23+AC23+AG23 -> 48070 | AN23: =август!L25-'фот сентябрь'!AM23 -> -2215 | AO23: =сентябрь!L25-AM23 -> 0
A24: 18 | B24: Лазовский МР | C24: 2713 | D24: 928 | E24: =C24+D24 -> 3641 | F24: 27 | G24: 2889 | H24: 988 | I24: =G24+H24 -> 3877 | J24: 27 | K24: 2792 | L24: 955 | M24: =K24+L24 -> 3747 | N24: 27 | O24: 2885 | P24: 987 | Q24: =O24+P24 -> 3872 | R24: 27 | S24: 3204 | T24: 1096 | U24: =S24+T24 -> 4300 | W24: 7365 | X24: 2519 | Y24: =W24+X24 -> 9884 | Z24: 27 | AA24: 405 | AB24: 139 | AC24: =AA24+AB24 -> 544 | AD24: 27 | AE24: 1039 | AF24: 356 | AG24: =AE24+AF24 -> 1395 | AH24: 27 | AK24: =AI24+AJ24 -> 0 | AM24: =E24+I24+M24+Q24+U24+Y24+AC24+AG24 -> 31260 | AN24: =август!L26-'фот сентябрь'!AM24 -> -1399 | AO24: =сентябрь!L26-AM24 -> -4
A25: 19 | B25: Михайловский МР | C25: 6178 | D25: 2105 | E25: =C25+D25 -> 8283 | F25: 32 | G25: 6042 | H25: 2063 | I25: =G25+H25 -> 8105 | J25: 32 | K25: 6201 | L25: 2110 | M25: =K25+L25 -> 8311 | N25: 34 | O25: 6110 | P25: 2082 | Q25: =O25+P25 -> 8192 | R25: 32 | S25: 15769 | T25: 5387 | U25: =S25+T25 -> 21156 | V25: 20 | W25: 4379 | X25: 1495 | Y25: =W25+X25 -> 5874 | Z25: 30 | AA25: 1706 | AB25: 545 | AC25: =AA25+AB25 -> 2251 | AD25: 18 | AE25: 6810 | AF25: 1684 | AG25: =AE25+AF25 -> 8494 | AH25: 24 | AK25: =AI25+AJ25 -> 0 | AM25: =E25+I25+M25+Q25+U25+Y25+AC25+AG25 -> 70666 | AN25: =август!L27-'фот сентябрь'!AM25 -> -8494 | AO25: =сентябрь!L27-AM25 -> 0
A26: 20 | B26: Надеждинский МР | C26: 8085 | D26: 2712 | E26: =C26+D26 -> 10797 | F26: 34 | G26: 7978 | H26: 2855 | I26: =G26+H26 -> 10833 | J26: 35 | K26: 8382 | L26: 3186 | M26: =K26+L26 -> 11568 | N26: 35 | O26: 8429 | P26: 2895 | Q26: =O26+P26 -> 11324 | R26: 35 | S26: 9349 | T26: 3279 | U26: =S26+T26 -> 12628 | V26: 34 | W26: 19065 | X26: 6412 | Y26: =W26+X26 -> 25477 | Z26: 35 | AA26: 3193 | AB26: 1083 | AC26: =AA26+AB26 -> 4276 | AD26: 33 | AE26: 4291 | AF26: 1374 | AG26: =AE26+AF26 -> 5665 | AH26: 35 | AK26: =AI26+AJ26 -> 0 | AM26: =E26+I26+M26+Q26+U26+Y26+AC26+AG26 -> 92568 | AN26: =август!L28-'фот сентябрь'!AM26 -> -5665 | AO26: =сентябрь!L28-AM26 -> 0
A27: 21 | B27: Октябрьский МР | C27: 5920 | D27: 2003 | E27: =C27+D27 -> 7923 | F27: 31 | G27: 5644 | H27: 1915 | I27: =G27+H27 -> 7559 | J27: 31 | K27: 5907 | L27: 2004 | M27: =K27+L27 -> 7911 | N27: 31 | O27: 5923 | P27: 2008 | Q27: =O27+P27 -> 7931 | R27: 31 | S27: 10209 | T27: 3491 | U27: =S27+T27 -> 13700 | V27: 31 | W27: 9935 | X27: 3398 | Y27: =W27+X27 -> 13333 | Z27: 31 | AA27: 2540 | AB27: 866 | AC27: =AA27+AB27 -> 3406 | AD27: 31 | AE27: 3784 | AF27: 1274 | AG27: =AE27+AF27 -> 5058 | AH27: 31 | AK27: =AI27+AJ27 -> 0 | AM27: =E27+I27+M27+Q27+U27+Y27+AC27+AG27 -> 66821 | AN27: =август!L29-'фот сентябрь'!AM27 -> -5059 | AO27: =сентябрь!L29-AM27 -> -1
A28: 22 | B28: Ольгинский МР | C28: 2457 | D28: 909 | E28: =C28+D28 -> 3366 | F28: 18 | G28: 2362 | H28: 988 | I28: =G28+H28 -> 3350 | J28: 18 | K28: 2535 | L28: 757 | M28: =K28+L28 -> 3292 | N28: 19 | O28: 2451 | P28: 663 | Q28: =O28+P28 -> 3114 | R28: 19 | S28: 6450 | T28: 1956 | U28: =S28+T28 -> 8406 | V28: 19 | W28: 2697 | X28: 1103 | Y28: =W28+X28 -> 3800 | Z28: 19 | AA28: 508 | AB28: 228 | AC28: =AA28+AB28 -> 736 | AD28: 22 | AE28: 1042 | AF28: 411 | AG28: =AE28+AF28 -> 1453 | AH28: 17 | AK28: =AI28+AJ28 -> 0 | AM28: =E28+I28+M28+Q28+U28+Y28+AC28+AG28 -> 27517 | AN28: =август!L30-'фот сентябрь'!AM28 -> -1453 | AO28: =сентябрь!L30-AM28 -> 0
A29: 23 | B29: Партизанский МР | C29: 5344 | D29: 1819 | E29: =C29+D29 -> 7163 | F29: 35 | G29: 5469 | H29: 1858 | I29: =G29+H29 -> 7327 | J29: 34 | K29: 5303 | L29: 1795 | M29: =K29+L29 -> 7098 | N29: 33 | O29: 5410 | P29: 1845 | Q29: =O29+P29 -> 7255 | R29: 30 | S29: 7301 | T29: 2487 | U29: =S29+T29 -> 9788 | V29: 33 | W29: 11082 | X29: 3777 | Y29: =W29+X29 -> 14859 | Z29: 32 | AA29: 1627 | AB29: 555 | AC29: =AA29+AB29 -> 2182 | AD29: 23 | AE29: 2892 | AF29: 968 | AG29: =AE29+AF29 -> 3860 | AH29: 32 | AK29: =AI29+AJ29 -> 0 | AM29: =E29+I29+M29+Q29+U29+Y29+AC29+AG29 -> 59532 | AN29: =август!L31-'фот сентябрь'!AM29 -> -3861 | AO29: =сентябрь!L31-AM29 -> -1
A30: 24 | B30: Пограничный МР | C30: 3765 | D30: 1284 | E30: =C30+D30 -> 5049 | F30: 31 | G30: 3868 | H30: 1325 | I30: =G30+H30 -> 5193 | J30: 29 | K30: 4042 | L30: 1378 | M30: =K30+L30 -> 5420 | N30: 46 | O30: 3844 | P30: 1311 | Q30: =O30+P30 -> 5155 | R30: 37 | S30: 7582 | T30: 2284 | U30: =S30+T30 -> 9866 | V30: 17 | W30: 5468 | X30: 1868 | Y30: =W30+X30 -> 7336 | Z30: 8 | AA30: 1830 | AB30: 627 | AC30: =AA30+AB30 -> 2457 | AD30: 23 | AE30: 2154 | AF30: 725 | AG30: =AE30+AF30 -> 2879 | AH30: 27 | AK30: =AI30+AJ30 -> 0 | AM30: =E30+I30+M30+Q30+U30+Y30+AC30+AG30 -> 43355 | AN30: =август!L32-'фот сентябрь'!AM30 -> -2878 | AO30: =сентябрь!L32-AM30 -> 1
A31: 25 | B31: Пожарский МР | C31: 4298 | D31: 1459 | E31: =C31+D31 -> 5757 | F31: 33 | G31: 4328 | H31: 1478 | I31: =G31+H31 -> 5806 | J31: 29 | K31: 4384 | L31: 1498 | M31: =K31+L31 -> 5882 | N31: 27 | O31: 4391 | P31: 1447 | Q31: =O31+P31 -> 5838 | R31: 34 | S31: 5566 | T31: 1880 | U31: =S31+T31 -> 7446 | V31: 32 | W31: 10168 | X31: 3477 | Y31: =W31+X31 -> 13645 | Z31: 31 | AA31: 1602 | AB31: 641 | AC31: =AA31+AB31 -> 2243 | AD31: 12 | AE31: 2011 | AF31: 643 | AG31: =AE31+AF31 -> 2654 | AH31: 33 | AK31: =AI31+AJ31 -> 0 | AM31: =E31+I31+M31+Q31+U31+Y31+AC31+AG31 -> 49271 | AN31: =август!L33-'фот сентябрь'!AM31 -> -2655 | AO31: =сентябрь!L33-AM31 -> -1
A32: 26 | B32: Спасский МР | C32: 5882 | D32: 2008 | E32: =C32+D32 -> 7890 | F32: 34 | G32: 5859 | H32: 1993 | I32: =G32+H32 -> 7852 | J32: 35 | K32: 5812 | L32: 1964 | M32: =K32+L32 -> 7776 | N32: 35 | O32: 5883 | P32: 2003 | Q32: =O32+P32 -> 7886 | R32: 34 | S32: 15670 | T32: 5351 | U32: =S32+T32 -> 21021 | V32: 34 | W32: 3599 | X32: 1216 | Y32: =W32+X32 -> 4815 | Z32: 34 | AA32: 2315 | AB32: 780 | AC32: =AA32+AB32 -> 3095 | AD32: 34 | AE32: 3042 | AF32: 1039 | AG32: =AE32+AF32 -> 4081 | AH32: 31 | AK32: =AI32+AJ32 -> 0 | AM32: =E32+I32+M32+Q32+U32+Y32+AC32+AG32 -> 64416 | AN32: =август!L34-'фот сентябрь'!AM32 -> -4081 | AO32: =сентябрь!L34-AM32 -> 1
A33: 27 | B33: Тернейский МР | C33: 3121 | D33: 1018 | E33: =C33+D33 -> 4139 | F33: 25 | G33: 2921 | H33: 975 | I33: =G33+H33 -> 3896 | J33: 26 | K33: 2932 | L33: 982 | M33: =K33+L33 -> 3914 | N33: 26 | O33: 2958 | P33: 1006 | Q33: =O33+P33 -> 3964 | R33: 26 | S33: 6189 | T33: 2152 | U33: =S33+T33 -> 8341 | V33: 28 | W33: 4429 | X33: 1533 | Y33: =W33+X33 -> 5962 | Z33: 27 | AA33: 507 | AB33: 178 | AC33: =AA33+AB33 -> 685 | AD33: 29 | AE33: 1638 | AF33: 509 | AG33: =AE33+AF33 -> 2147 | AH33: 26 | AK33: =AI33+AJ33 -> 0 | AM33: =E33+I33+M33+Q33+U33+Y33+AC33+AG33 -> 33048 | AN33: =август!L35-'фот сентябрь'!AM33 -> -2148 | AO33: =сентябрь!L35-AM33 -> -1
A34: 28 | B34: Ханкайский МР | C34: 4830 | D34: 1616 | E34: =C34+D34 -> 6446 | F34: 30 | G34: 4751 | H34: 1591 | I34: =G34+H34 -> 6342 | J34: 31 | K34: 5268 | L34: 1757 | M34: =K34+L34 -> 7025 | N34: 35 | O34: 9231 | P34: 3149 | Q34: =O34+P34 -> 12380 | R34: 58 | S34: 9661 | T34: 3285 | U34: =S34+T34 -> 12946 | V34: 49 | W34: 9241 | X34: 3140 | Y34: =W34+X34 -> 12381 | Z34: 34 | AA34: 1291 | AB34: 426 | AC34: =AA34+AB34 -> 1717 | AD34: 34 | AE34: 2942 | AF34: 995 | AG34: =AE34+AF34 -> 3937 | AH34: 35 | AK34: =AI34+AJ34 -> 0 | AM34: =E34+I34+M34+Q34+U34+Y34+AC34+AG34 -> 63174 | AN34: =август!L36-'фот сентябрь'!AM34 -> -3938 | AO34: =сентябрь!L36-AM34 -> -1
A35: 29 | B35: Хасанский МР | C35: 5171 | D35: 1762 | E35: =C35+D35 -> 6933 | G35: 4991 | H35: 1693 | I35: =G35+H35 -> 6684 | K35: 5231 | L35: 1777 | M35: =K35+L35 -> 7008 | N35: 0 | O35: 5246 | P35: 1788 | Q35: =O35+P35 -> 7034 | S35: 7627 | T35: 2603 | U35: =S35+T35 -> 10230 | W35: 9680 | X35: 3303 | Y35: =W35+X35 -> 12983 | AA35: 1731 | AB35: 588 | AC35: =AA35+AB35 -> 2319 | AE35: 2407 | AF35: 918 | AG35: =AE35+AF35 -> 3325 | AK35: =AI35+AJ35 -> 0 | AM35: =E35+I35+M35+Q35+U35+Y35+AC35+AG35 -> 56516 | AN35: =август!L37-'фот сентябрь'!AM35 -> -3328 | AO35: =сентябрь!L37-AM35 -> -2
A36: 30 | B36: Хорольский МР | C36: 5296 | D36: 1793 | E36: =C36+D36 -> 7089 | F36: 33 | G36: 5331 | H36: 1798 | I36: =G36+H36 -> 7129 | J36: 33 | K36: 5354 | L36: 1817 | M36: =K36+L36 -> 7171 | N36: 33 | O36: 5224 | P36: 1773 | Q36: =O36+P36 -> 6997 | R36: 33 | S36: 7656 | T36: 2653 | U36: =S36+T36 -> 10309 | V36: 33 | W36: 9729 | X36: 3246 | Y36: =W36+X36 -> 12975 | Z36: 33 | AA36: 5470 | AB36: 852 | AC36: =AA36+AB36 -> 6322 | AD36: 33 | AE36: 2029 | AF36: 1654 | AG36: =AE36+AF36 -> 3683 | AH36: 33 | AK36: =AI36+AJ36 -> 0 | AM36: =E36+I36+M36+Q36+U36+Y36+AC36+AG36 -> 61675 | AN36: =август!L38-'фот сентябрь'!AM36 -> -3687 | AO36: =сентябрь!L38-AM36 -> -5
A37: 31 | B37: Черниговский МР | C37: 6958 | D37: 2380 | E37: =C37+D37 -> 9338 | F37: 26 | G37: 6903 | H37: 2361 | I37: =G37+H37 -> 9264 | J37: 27 | K37: 6735 | L37: 2303 | M37: =K37+L37 -> 9038 | N37: 26 | O37: 6918 | P37: 2366 | Q37: =O37+P37 -> 9284 | R37: 25 | S37: 8000 | T37: 2736 | U37: =S37+T37 -> 10736 | V37: 28 | W37: 17373 | X37: 5941 | Y37: =W37+X37 -> 23314 | Z37: 26 | AA37: 2722 | AB37: 931 | AC37: =AA37+AB37 -> 3653 | AD37: 26 | AE37: 2906 | AF37: 994 | AG37: =AE37+AF37 -> 3900 | AH37: 26 | AK37: =AI37+AJ37 -> 0 | AM37: =E37+I37+M37+Q37+U37+Y37+AC37+AG37 -> 78527 | AN37: =август!L39-'фот сентябрь'!AM37 -> -3900 | AO37: =сентябрь!L39-AM37 -> 2
A38: 32 | B38: Чугуевский МР | C38: 7334 | D38: 2594 | E38: =C38+D38 -> 9928 | F38: 28 | G38: 7041 | H38: 2405 | I38: =G38+H38 -> 9446 | J38: 28 | K38: 7110 | L38: 2357 | M38: =K38+L38 -> 9467 | N38: 28 | O38: 7214 | P38: 2499 | Q38: =O38+P38 -> 9713 | R38: 28 | S38: 12539 | T38: 4264 | U38: =S38+T38 -> 16803 | V38: 29 | W38: 11895 | X38: 3947 | Y38: =W38+X38 -> 15842 | Z38: 29 | AA38: 2320 | AB38: 935 | AC38: =AA38+AB38 -> 3255 | AD38: 29 | AE38: 3315 | AF38: 1322 | AG38: =AE38+AF38 -> 4637 | AH38: 29 | AK38: =AI38+AJ38 -> 0 | AM38: =E38+I38+M38+Q38+U38+Y38+AC38+AG38 -> 79091 | AN38: =август!L40-'фот сентябрь'!AM38 -> -4637 | AO38: =сентябрь!L40-AM38 -> 0
A39: 33 | B39: Шкотовский МР | C39: 3785 | D39: 1274 | E39: =C39+D39 -> 5059 | F39: 18 | G39: 3726 | H39: 1234 | I39: =G39+H39 -> 4960 | J39: 59 | K39: 3662 | L39: 1227 | M39: =K39+L39 -> 4889 | N39: 19 | O39: 3615 | P39: 1227 | Q39: =O39+P39 -> 4842 | R39: 19 | S39: 5505 | T39: 1870 | U39: =S39+T39 -> 7375 | V39: 19 | W39: 7059 | X39: 2405 | Y39: =W39+X39 -> 9464 | Z39: 20 | AA39: 1939 | AB39: 347 | AC39: =AA39+AB39 -> 2286 | AD39: 19 | AE39: 1997 | AF39: 702 | AG39: =AE39+AF39 -> 2699 | AH39: 19 | AK39: =AI39+AJ39 -> 0 | AM39: =E39+I39+M39+Q39+U39+Y39+AC39+AG39 -> 41574 | AN39: =август!L41-'фот сентябрь'!AM39 -> -2700 | AO39: =сентябрь!L41-AM39 -> -2
A40: 34 | B40: Яковлевский МР | C40: 3835 | D40: 1307 | E40: =C40+D40 -> 5142 | F40: 16 | G40: 3853 | H40: 1300 | I40: =G40+H40 -> 5153 | J40: 17 | K40: 3757 | L40: 1272 | M40: =K40+L40 -> 5029 | N40: 17 | O40: 3799 | P40: 1297 | Q40: =O40+P40 -> 5096 | R40: 17 | S40: 4128 | T40: 1412 | U40: =S40+T40 -> 5540 | W40: 7931 | X40: 2702 | Y40: =W40+X40 -> 10633 | Z40: 17 | AA40: 1546 | AB40: 529 | AC40: =AA40+AB40 -> 2075 | AD40: 17 | AE40: 2028 | AF40: 682 | AG40: =AE40+AF40 -> 2710 | AH40: 17 | AK40: =AI40+AJ40 -> 0 | AM40: =E40+I40+M40+Q40+U40+Y40+AC40+AG40 -> 41378 | AN40: =август!L42-'фот сентябрь'!AM40 -> -2712 | AO40: =сентябрь!L42-AM40 -> -3
B41: ИТОГО | C41: =SUM(C7:C40) -> 243843 | D41: =SUM(D7:D40) -> 84807 | E41: =SUM(E7:E40) -> 328650 | F41: =SUM(F7:F40)/34 -> 26 | G41: =SUM(G7:G40) -> 242101 | H41: =SUM(H7:H40) -> 84371 | I41: =SUM(I7:I40) -> 326472 | J41: =SUM(J7:J40)/34 -> 27 | K41: =SUM(K7:K40) -> 243474 | L41: =SUM(L7:L40) -> 85174 | M41: =SUM(M7:M40) -> 328648 | N41: =SUM(N7:N40)/34 -> 27 | O41: =SUM(O7:O40) -> 247626 | P41: =SUM(P7:P40) -> 85753 | Q41: =SUM(Q7:Q40) -> 333379 | R41: =SUM(R7:R40)/34 -> 27 | S41: =SUM(S7:S40) -> 450874 | T41: =SUM(T7:T40) -> 132139 | U41: =SUM(U7:U40) -> 583013 | V41: =SUM(V7:V40)/34 -> 24 | W41: =SUM(W7:W40) -> 383731 | X41: =SUM(X7:X40) -> 147978 | Y41: =SUM(Y7:Y40) -> 531709 | Z41: =SUM(Z7:Z40)/34 -> 25 | AA41: =SUM(AA7:AA40) -> 82221 | AB41: =SUM(AB7:AB40) -> 29108 | AC41: =SUM(AC7:AC40) -> 111329 | AD41: =SUM(AD7:AD40)/34 -> 23 | AE41: =SUM(AE7:AE40) -> 127548 | AF41: =SUM(AF7:AF40) -> 45759 | AG41: =SUM(AG7:AG40) -> 173307 | AH41: =SUM(AH7:AH40)/34 -> 25 | AI41: =SUM(AI7:AI40) -> 4948 | AJ41: =SUM(AJ7:AJ40) -> 1916 | AK41: =SUM(AK7:AK40) -> 6864 | AL41: =SUM(AL7:AL40)/34 -> 1 | AM41: =SUM(AM7:AM40) -> 2723371

Sheet октябрь
B1: Отчет о расходовании средств субвенций | U1: УТВЕРЖДЕНО приказом департамента образования и науки Приморского края от 11января 2011 года № 1-а
B2: на реализацию основных общеобразовательных программ в муниципальных общеобразовательных учреждениях на 10 _октября_2011 г.
V4: в тыс. руб.
A5: № п/п | B5: Наименование муниципального общеобразовательного учреждения | C5: Число учащихся (ВСЕГО) | F5: Число классов | I5: Доведен объем субвенций на 2011 г. | J5: Финансирование муниципальных общеобразоват. учреждений с начала года | K5: Фактические расходы с начала года (начислено) | O5: Исполнено с начала года (выплачено) | S5: Остаток "+" (недостаток " -") средств на десятое число месяца, следующего за отчетным | T5: Недостаток средств на окончательный расчет за январь месяц | U5: остаток в фин органе | V5: Финансиро вание мун. образ с начала года | W5: % исполнения к плану | X5: отклонение от прогнозного исполнения 75% за 9 месяцев | Y5: Финансирование за июль
K6: ВСЕГО | L6: Оплата труда (фактически начисленная заработная плата с учетом начислений на оплату труда) | M6: Учебные расходы | O6: ВСЕГО | P6: Оплата труда (кассовые расходы) | Q6: Учебные расходы
C7: ВСЕГО | D7: город | E7: село | F7: ВСЕГО | G7: город | H7: село | M7: Всего | N7: в том числе расходы на приобретение учебников | Q7: Всего | R7: в том числе расходы на приобретение учебников
A8: 1 | B8: 2 | C8: 3=3.1+3.2 | D8: 3.1. | E8: 3.2. | F8: 4=4.1+4.2 | G8: 4.1. | H8: 4.2. | I8: 5 | J8: 6 | K8: 7 | L8: 8 | M8: 9 | N8: 10 | O8: 11 | P8: 12 | Q8: 13 | R8: 14 | S8: 15=6-7 | U8: 16 | V8: 17=6+16
A9: 1 | B9: Арсеньевский ГО | C9: =D9+E9 -> 5386 | D9: 5386 | F9: =G9+H9 -> 215 | G9: 215 | I9: 105846 | J9: 74378.8 | K9: =L9+M9 -> 74378.8 | L9: 73027.3 | M9: 1351.5 | N9: 595.4 | O9: =P9+Q9 -> 74378.8 | P9: 73027.3 | Q9: 1351.5 | R9: 595.4 | S9: =J9-K9 -> 0 | T9: =J9-K9 -> 0 | U9: 0 | V9: =J9+U9 -> 74378.8 | W9: =V9/I9*100 -> 70.3 | X9: =75-W9 -> 4.7 | Y9: 2900009 | Z9: =L9*1000 -> 73027300
A10: 2 | B10: Артемовский ГО | C10: =D10+E10 -> 10457 | D10: 9841 | E10: 616 | F10: =G10+H10 -> 423 | G10: 378 | H10: 45 | I10: 210389 | J10: 140232.4 | K10: =L10+M10 -> 140232.4 | L10: 137826.1 | M10: 2406.3 | N10: 2406.3 | O10: =P10+Q10 -> 140232.4 | P10: 137826.1 | Q10: 2406.3 | R10: 2406.3 | S10: =J10-K10 -> 0 | T10: =J10-K10 -> 0 | U10: 0 | V10: =J10+U10 -> 140232.4 | W10: =V10/I10*100 -> 66.7 | X10: =75-W10 -> 8.3 | Y10: 6743000 | Z10: =L10*1000 -> 137826100
A11: 3 | B11: ЗАТО Большой Камень | C11: =D11+E11 -> 3885 | D11: 3836 | E11: 49 | F11: =G11+H11 -> 171 | G11: 164 | H11: 7 | I11: 77169 | J11: 49974.7 | K11: =L11+M11 -> 49972.8 | L11: 49061.1 | M11: 911.7 | N11: 638 | O11: =P11+Q11 -> 49972.8 | P11: 49061.1 | Q11: 911.7 | R11: 638 | S11: =J11-K11 -> 1.9 | T11: =J11-K11 -> 1.9 | U11: 1537.6 | V11: =J11+U11 -> 51512.3 | W11: =V11/I11*100 -> 66.8 | X11: =75-W11 -> 8.2 | Y11: 1000000 | Z11: =L11*1000 -> 49061100
A12: 4 | B12: Владивостокский ГО | C12: =D12+E12 -> 46144 | D12: 43750 | E12: 2394 | F12: =G12+H12 -> 1771 | G12: 1634 | H12: 137 | I12: 949856 | J12: 714175.6 | K12: =L12+M12 -> 703920.6 | L12: 692254 | M12: 11666.6 | N12: 11370.5 | O12: =P12+Q12 -> 703920.6 | P12: 692254 | Q12: 11666.6 | R12: 11370.5 | S12: =J12-K12 -> 10255 | T12: =J12-K12 -> 10255 | V12: =J12+U12 -> 714175.6 | W12: =V12/I12*100 -> 75.2 | X12: =75-W12 -> -0.2 | Y12: 8512630 | Z12: =L12*1000 -> 692254000
A13: 5 | B13: Дальнегорский ГО | C13: =D13+E13 -> 4355 | D13: 3530 | E13: 825 | F13: =G13+H13 -> 203 | G13: 145 | H13: 58 | I13: 114545 | J13: 77937.1 | K13: =L13+M13 -> 77937.2 | L13: 76852.4 | M13: 1084.8 | N13: 851.4 | O13: =P13+Q13 -> 77937.2 | P13: 76852.4 | Q13: 1084.8 | R13: 851.4 | S13: =J13-K13 -> -0.1 | T13: =J13-K13 -> -0.1 | V13: =J13+U13 -> 77937.1 | W13: =V13/I13*100 -> 68 | X13: =75-W13 -> 7 | Y13: 1920323 | Z13: =L13*1000 -> 76852400 | AA13: =I13*1000/C13 -> 26301.952
A14: 6 | B14: Дальнереченский ГО | C14: =D14+E14 -> 3611 | D14: 3184 | E14: 427 | F14: =G14+H14 -> 162 | G14: 131 | H14: 31 | I14: 84865 | J14: 53689.9 | K14: =L14+M14 -> 53915 | L14: 52954.8 | M14: 960.2 | N14: 547.7 | O14: =P14+Q14 -> 53738 | P14: 52834.5 | Q14: 903.5 | R14: 523.3 | S14: =J14-K14 -> -225.1 | T14: =J14-K14 -> -225.1 | U14: 3100.7 | V14: =J14+U14 -> 56790.6 | W14: =V14/I14*100 -> 66.9 | X14: =75-W14 -> 8.1 | Y14: 700000 | Z14: =L14*1000 -> 52954800
A15: 7 | B15: Лесозаводский ГО | C15: =D15+E15 -> 4754 | D15: 4175 | E15: 579 | F15: =G15+H15 -> 242 | G15: 172 | H15: 70 | I15: 109479 | J15: 77095 | K15: =L15+M15 -> 77095 | L15: 75888 | M15: 1207 | N15: 1207 | O15: =P15+Q15 -> 77095 | P15: 75888 | Q15: 1207 | R15: 1207 | S15: =J15-K15 -> 0 | T15: =J15-K15 -> 0 | V15: =J15+U15 -> 77095 | W15: =V15/I15*100 -> 70.4 | X15: =75-W15 -> 4.6 | Y15: 3200000 | Z15: =L15*1000 -> 75888000
A16: 8 | B16: Находкинский ГО | C16: =D16+E16 -> 15219 | D16: 15219 | E16: 0 | F16: =G16+H16 -> 587 | G16: 587 | H16: 0 | I16: 294700 | J16: 203861.8 | K16: =L16+M16 -> 202490.7 | L16: 198704.7 | M16: 3786 | N16: 2659.9 | O16: =P16+Q16 -> 202490.7 | P16: 198704.7 | Q16: 3786 | R16: 2659.9 | S16: =J16-K16 -> 1371.1 | T16: =J16-K16 -> 1371.1 | V16: =J16+U16 -> 203861.8 | W16: =V16/I16*100 -> 69.2 | X16: =75-W16 -> 5.8 | Y16: 0 | Z16: =L16*1000 -> 198704700
A17: 9 | B17: Партизанский ГО | C17: =D17+E17 -> 4493 | D17: 3875 | E17: 618 | F17: =G17+H17 -> 195 | G17: 156 | H17: 39 | I17: 102356 | J17: 68716.8 | K17: =L17+M17 -> 70135.3 | L17: 67995.8 | M17: 2139.5 | N17: 1011 | O17: =P17+Q17 -> 68716.8 | P17: 66577.3 | Q17: 2139.5 | R17: 1011 | S17: =J17-K17 -> -1418.5 | V17: =J17+U17 -> 68716.8 | W17: =V17/I17*100 -> 67.1 | X17: =75-W17 -> 7.9 | Y17: 1000000 | Z17: =L17*1000 -> 67995800
A18: 10 | B18: ГО Спасск-Дальний | C18: =D18+E18 -> 5101 | D18: 5101 | F18: =G18+H18 -> 220 | G18: 220 | I18: 101639 | J18: 71352.1 | K18: =L18+M18 -> 71392.9 | L18: 70161.9 | M18: 1231 | N18: 1006.2 | O18: =P18+Q18 -> 71352.1 | P18: 70121.1 | Q18: 1231 | R18: 1006.2 | S18: =J18-K18 -> -40.8 | T18: =J18-K18 -> -40.8 | U18: 0 | V18: =J18+U18 -> 71352.1 | W18: =V18/I18*100 -> 70.2 | X18: =75-W18 -> 4.8 | Y18: 1527751 | Z18: =L18*1000 -> 70161900
A19: 11 | B19: Уссурийский ГО | C19: =D19+E19 -> 17046 | D19: 14638 | E19: 2408 | F19: =G19+H19 -> 687 | G19: 553 | H19: 134 | I19: 379318 | J19: 259657.5 | K19: =L19+M19 -> 255230 | L19: 251018.5 | M19: 4211.5 | N19: 3235.2 | O19: =P19+Q19 -> 249614.3 | P19: 245402.8 | Q19: 4211.5 | R19: 3235.2 | S19: =J19-K19 -> 4427.5 | T19: =J19-K19 -> 4427.5 | V19: =J19+U19 -> 259657.5 | W19: =V19/I19*100 -> 68.5 | X19: =75-W19 -> 6.5 | Y19: 13881870 | Z19: =L19*1000 -> 251018500
A20: 12 | B20: ЗАТО г. Фокино | C20: =D20+E20 -> 3114 | D20: 3114 | F20: =G20+H20 -> 138 | G20: 138 | I20: 58417 | J20: 44920.3 | K20: =L20+M20 -> 43501.7 | L20: 42847.4 | M20: 654.3 | N20: 171.8 | O20: =P20+Q20 -> 42452.2 | P20: 41797.9 | Q20: 654.3 | R20: 171.8 | S20: =J20-K20 -> 1418.6 | V20: =J20+U20 -> 44920.3 | W20: =V20/I20*100 -> 76.9 | X20: =75-W20 -> -1.9 | Y20: 1300000 | Z20: =L20*1000 -> 42847400
A21: 13 | B21: Анучинский МР | C21: =D21+E21 -> 1384 | E21: 1384 | F21: =G21+H21 -> 95 | H21: 95 | I21: 53326 | J21: 34393.5 | K21: =L21+M21 -> 34613.5 | L21: 34263.2 | M21: 350.3 | N21: 249.9 | O21: =P21+Q21 -> 34393.5 | P21: 34043.2 | Q21: 350.3 | R21: 249.9 | S21: =J21-K21 -> -220 | T21: =J21-K21 -> -220 | U21: 0 | V21: =J21+U21 -> 34393.5 | W21: =V21/I21*100 -> 64.5 | X21: =75-W21 -> 10.5 | Y21: 2200000 | Z21: =L21*1000 -> 34263200
A22: 14 | B22: Дальнереченский МР | C22: =D22+E22 -> 1258 | E22: 1258 | F22: =G22+H22 -> 106 | H22: 106 | I22: 56085 | J22: 37992.8 | K22: =L22+M22 -> 38308.9 | L22: 38085.1 | M22: 223.8 | N22: 107.8 | O22: =P22+Q22 -> 37992.8 | P22: 37769 | Q22: 223.8 | R22: 107.8 | S22: =J22-K22 -> -316.1 | T22: =J22-K22 -> -316.1 | U22: 0 | V22: =J22+U22 -> 37992.8 | W22: =V22/I22*100 -> 67.7 | X22: =75-W22 -> 7.3 | Y22: 1073190 | Z22: =L22*1000 -> 38085100
A23: 15 | B23: Кавалеровский МР | C23: =D23+E23 -> 2692 | D23: 2510 | E23: 182 | F23: =G23+H23 -> 122 | G23: 106 | H23: 16 | I23: 62379 | J23: 46588.9 | K23: =L23+M23 -> 46152.1 | L23: 45470.9 | M23: 681.2 | N23: 552 | O23: =P23+Q23 -> 46113.5 | P23: 45432.3 | Q23: 681.2 | R23: 552 | S23: =J23-K23 -> 436.8 | T23: =J23-K23 -> 436.8 | V23: =J23+U23 -> 46588.9 | W23: =V23/I23*100 -> 74.7 | X23: =75-W23 -> 0.3 | Y23: 500000 | Z23: =L23*1000 -> 45470900
A24: 16 | B24: Кировский МР | C24: =D24+E24 -> 2537 | D24: 1701 | E24: 836 | F24: =G24+H24 -> 161 | G24: 74 | H24: 87 | I24: 67577 | J24: 55373.4 | K24: =L24+M24 -> 55382.4 | L24: 54744.2 | M24: 638.2 | N24: 426.2 | O24: =P24+Q24 -> 55373.4 | P24: 54735.2 | Q24: 638.2 | R24: 426.2 | S24: =J24-K24 -> -9 | T24: =J24-K24 -> -9 | V24: =J24+U24 -> 55373.4 | W24: =V24/I24*100 -> 81.9 | X24: =75-W24 -> -6.9 | Y24: 2100000 | Z24: =L24*1000 -> 54744200
A25: 17 | B25: Красноармейский МР | C25: =D25+E25 -> 2338 | D25: 422 | E25: 1916 | F25: =G25+H25 -> 166 | G25: 22 | H25: 144 | I25: 92581 | J25: 54533.1 | K25: =L25+M25 -> 55084.8 | L25: 54489.3 | M25: 595.5 | N25: 595.5 | O25: =P25+Q25 -> 54530.1 | P25: 53934.6 | Q25: 595.5 | R25: 595.5 | S25: =J25-K25 -> -551.7 | T25: =J25-K25 -> -551.7 | V25: =J25+U25 -> 54533.1 | W25: =V25/I25*100 -> 58.9 | X25: =75-W25 -> 16.1 | Y25: 0 | Z25: =L25*1000 -> 54489300
A26: 18 | B26: Лазовский МР | C26: =D26+E26 -> 1542 | D26: 755 | E26: 787 | F26: =G26+H26 -> 105 | G26: 36 | H26: 69 | I26: 48560 | J26: 35624.1 | K26: =L26+M26 -> 36242.4 | L26: 35674.4 | M26: 568 | N26: 371.2 | O26: =P26+Q26 -> 35624.1 | P26: 35056.1 | Q26: 568 | R26: 371.2 | S26: =J26-K26 -> -618.3 | T26: =J26-K26 -> -618.3 | U26: 0 | V26: =J26+U26 -> 35624.1 | W26: =V26/I26*100 -> 73.4 | X26: =75-W26 -> 1.6 | Y26: 450000 | Z26: =L26*1000 -> 35674400
A27: 19 | B27: Михайловский МР | C27: =D27+E27 -> 3858 | D27: 907 | E27: 2951 | F27: =G27+H27 -> 195 | G27: 36 | H27: 159 | I27: 132327 | J27: 86007.5 | K27: =L27+M27 -> 87164.5 | L27: 77817.7 | M27: 9346.8 | N27: 982.2 | O27: =P27+Q27 -> 86007.5 | P27: 76660.7 | Q27: 9346.8 | R27: 982.2 | S27: =J27-K27 -> -1157 | T27: =J27-K27 -> -1157 | U27: 0 | V27: =J27+U27 -> 86007.5 | W27: =V27/I27*100 -> 65 | X27: =75-W27 -> 10 | Y27: 3200000 | Z27: =L27*1000 -> 77817700
A28: 20 | B28: Надеждинский МР | C28: =D28+E28 -> 3874 | E28: 3874 | F28: =G28+H28 -> 224 | H28: 224 | I28: 148524 | J28: 107068.1 | K28: =L28+M28 -> 105848.3 | L28: 104848.3 | M28: 1000 | O28: =P28+Q28 -> 106610.4 | P28: 105613.6 | Q28: 996.8 | S28: =J28-K28 -> 1219.8 | T28: =J28-K28 -> 1219.8 | V28: =J28+U28 -> 107068.1 | W28: =V28/I28*100 -> 72.1 | X28: =75-W28 -> 2.9 | Y28: 0 | Z28: =L28*1000 -> 104848300
A29: 21 | B29: Октябрьский МР | C29: =D29+E29 -> 3441 | D29: 635 | E29: 2806 | F29: =G29+H29 -> 195 | G29: 25 | H29: 170 | I29: 125982 | J29: 82357.9 | K29: =L29+M29 -> 77343.4 | L29: 76566.8 | M29: 776.6 | N29: 637.1 | O29: =P29+Q29 -> 77343.4 | P29: 76566.8 | Q29: 776.6 | R29: 637.1 | S29: =J29-K29 -> 5014.5 | V29: =J29+U29 -> 82357.9 | W29: =V29/I29*100 -> 65.4 | X29: =75-W29 -> 9.6 | Y29: 0 | Z29: =L29*1000 -> 76566800
A30: 22 | B30: Ольгинский МР | C30: =D30+E30 -> 1108 | D30: 402 | E30: 706 | F30: =G30+H30 -> 100 | G30: 21 | H30: 79 | I30: 41462 | J30: 32458.1 | K30: =L30+M30 -> 32238.9 | L30: 31953.4 | M30: 285.5 | N30: 236.9 | O30: =P30+Q30 -> 32238.9 | P30: 31953.4 | Q30: 285.5 | R30: 236.9 | S30: =J30-K30 -> 219.2 | T30: =J30-K30 -> 219.2 | U30: 0 | V30: =J30+U30 -> 32458.1 | W30: =V30/I30*100 -> 78.3 | X30: =75-W30 -> -3.3 | Y30: 736000 | Z30: =L30*1000 -> 31953400
A31: 23 | B31: Партизанский МР | C31: =D31+E31 -> 3079 | E31: 3079 | F31: =G31+H31 -> 206 | H31: 206 | I31: 117125 | J31: 70671.1 | K31: =L31+M31 -> 69042.5 | L31: 68282.5 | M31: 760 | N31: 277.9 | O31: =P31+Q31 -> 69042.5 | P31: 68282.5 | Q31: 760 | R31: 277.9 | S31: =J31-K31 -> 1628.6 | V31: =J31+U31 -> 70671.1 | W31: =V31/I31*100 -> 60.3 | X31: =75-W31 -> 14.7 | Y31: 1500000 | Z31: =L31*1000 -> 68282500
A32: 22 | B32: Пограничный МР | C32: =D32+E32 -> 2486 | D32: 1300 | E32: 1186 | F32: =G32+H32 -> 167 | G32: 64 | H32: 103 | I32: 71806 | J32: 49613.2 | K32: =L32+M32 -> 49453.5 | L32: 48878 | M32: 575.5 | N32: 369.1 | O32: =P32+Q32 -> 49453.5 | P32: 48878 | Q32: 575.5 | R32: 369.1 | S32: =J32-K32 -> 159.7 | T32: =J32-K32 -> 159.7 | U32: 1346.3 | V32: =J32+U32 -> 50959.5 | W32: =V32/I32*100 -> 71 | X32: =75-W32 -> 4 | Y32: 1840000 | Z32: =L32*1000 -> 48878000
A33: 25 | B33: Пожарский МР | C33: =D33+E33 -> 3420 | D33: 2350 | E33: 1070 | F33: =G33+H33 -> 194 | G33: 94 | H33: 100 | I33: 90676 | J33: 57645.6 | K33: =L33+M33 -> 57330.7 | L33: 56454.7 | M33: 876 | N33: 436.8 | O33: =P33+Q33 -> 57330.7 | P33: 56454.7 | Q33: 876 | R33: 631.3 | S33: =J33-K33 -> 314.9 | V33: =J33+U33 -> 57645.6 | W33: =V33/I33*100 -> 63.6 | X33: =75-W33 -> 11.4 | Y33: 1550000 | Z33: =L33*1000 -> 56454700
A34: 26 | B34: Спасский МР | C34: =D34+E34 -> 2730 | E34: 2730 | F34: =G34+H34 -> 170 | H34: 170 | I34: 131927 | J34: 77579.9 | K34: =L34+M34 -> 75642.4 | L34: 73979.4 | M34: 1663 | N34: 1037.5 | O34: =P34+Q34 -> 77579.9 | P34: 75916.9 | Q34: 1663 | R34: 1037.5 | S34: =J34-K34 -> 1937.5 | T34: =J34-K34 -> 1937.5 | V34: =J34+U34 -> 77579.9 | W34: =V34/I34*100 -> 58.8 | X34: =75-W34 -> 16.2 | Y34: 4030550 | Z34: без учета 935,0 учебных расходов
A35: 27 | B35: Тернейский МР | C35: =D35+E35 -> 1415 | D35: 1095 | E35: 320 | F35: =G35+H35 -> 119 | G35: 54 | H35: 65 | I35: 39742 | J35: 37645.3 | K35: =L35+M35 -> 37505.8 | L35: 37142.3 | M35: 363.5 | O35: =P35+Q35 -> 37505.8 | P35: 37142.3 | Q35: 363.5 | S35: =J35-K35 -> 139.5 | T35: =J35-K35 -> 139.5 | U35: 0 | V35: =J35+U35 -> 37645.3 | W35: =V35/I35*100 -> 94.7 | X35: =75-W35 -> -19.7 | Y35: 1725200 | Z35: =L35*1000 -> 37142300
A36: 28 | B36: Ханкайский МР | C36: =D36+E36 -> 2498 | E36: 2498 | F36: =G36+H36 -> 174 | H36: 174 | I36: 102957 | J36: 72093.6 | K36: =L36+M36 -> 71989.7 | L36: 71146 | M36: 843.7 | N36: 826.7 | O36: =P36+Q36 -> 72053.2 | P36: 71209.5 | Q36: 843.7 | R36: 826.7 | S36: =J36-K36 -> 103.9 | T36: =J36-K36 -> 103.9 | V36: =J36+U36 -> 72093.6 | W36: =V36/I36*100 -> 70 | X36: =75-W36 -> 5 | Y36: 2080000 | Z36: =L36*1000 -> 71146000
A37: 29 | B37: Хасанский МР | C37: =D37+E37 -> 3449 | D37: 2671 | E37: 778 | F37: =G37+H37 -> 192 | G37: 129 | H37: 63 | I37: 88879 | J37: 65160.6 | K37: =L37+M37 -> 65160.6 | L37: 64296.6 | M37: 864 | N37: 275.5 | O37: =P37+Q37 -> 65160.6 | P37: 64296.6 | Q37: 864 | R37: 275.5 | S37: =J37-K37 -> 0 | T37: =J37-K37 -> 0 | V37: =J37+U37 -> 65160.6 | W37: =V37/I37*100 -> 73.3 | X37: =75-W37 -> 1.7 | Y37: 2600000 | Z37: =L37*1000 -> 64296600
A38: 30 | B38: Хорольский МР | C38: =D38+E38 -> 3091 | D38: 1022 | E38: 2069 | F38: =G38+H38 -> 188 | G38: 46 | H38: 142 | I38: 109964 | J38: 69672.8 | K38: =L38+M38 -> 71999.1 | L38: 71214.8 | M38: 784.3 | N38: 554.2 | O38: =P38+Q38 -> 71999.1 | P38: 71214.8 | Q38: 784.3 | R38: 554.2 | S38: =J38-K38 -> -2326.3 | T38: =J38-K38 -> -2326.3 | U38: 3000 | V38: =J38+U38 -> 72672.8 | W38: =V38/I38*100 -> 66.1 | X38: =75-W38 -> 8.9 | Y38: 6500000 | Z38: =L38*1000 -> 71214800
A39: 31 | B39: Черниговский МР | C39: =D39+E39 -> 3954 | D39: 1097 | E39: 2857 | F39: =G39+H39 -> 216 | G39: 50 | H39: 166 | I39: 136277 | J39: 94269.8 | K39: =L39+M39 -> 93568.9 | L39: 91310.4 | M39: 2258.5 | N39: 325 | O39: =P39+Q39 -> 94269.8 | P39: 92011.3 | Q39: 2258.5 | R39: 325 | S39: =J39-K39 -> 700.9 | T39: =J39-K39 -> 700.9 | U39: 0 | V39: =J39+U39 -> 94269.8 | W39: =V39/I39*100 -> 69.2 | X39: =75-W39 -> 5.8 | Y39: 4000000 | Z39: =L39*1000 -> 91310400
A40: 32 | B40: Чугуевский МР | C40: =D40+E40 -> 3160 | E40: 3160 | F40: =G40+H40 -> 240 | H40: 240 | I40: 134646 | J40: 90500 | K40: =L40+M40 -> 90500 | L40: 90004 | M40: 496 | N40: 496 | O40: =P40+Q40 -> 90500 | P40: 90004 | Q40: 496 | R40: 496 | S40: =J40-K40 -> 0 | T40: =J40-K40 -> 0 | U40: 3587 | V40: =J40+U40 -> 94087 | W40: =V40/I40*100 -> 69.9 | X40: =75-W40 -> 5.1 | Y40: 3700000 | Z40: =L40*1000 -> 90004000
A41: 33 | B41: Шкотовский МР | C41: =D41+E41 -> 2105 | D41: 974 | E41: 1131 | F41: =G41+H41 -> 119 | G41: 40 | H41: 79 | I41: 66425 | J41: 46579.7 | K41: =L41+M41 -> 47700.7 | L41: 47093.4 | M41: 607.3 | N41: 402.1 | O41: =P41+Q41 -> 43792.6 | P41: 43185.3 | Q41: 607.3 | R41: 402.1 | S41: =J41-K41 -> -1121 | T41: =J41-K41 -> -1121 | V41: =J41+U41 -> 46579.7 | W41: =V41/I41*100 -> 70.1 | X41: =75-W41 -> 4.9 | Y41: 2100000 | Z41: =L41*1000 -> 47093400
A42: 34 | B42: Яковлевский МР | C42: =D42+E42 -> 1774 | E42: 1774 | F42: =G42+H42 -> 124 | H42: 124 | I42: 72213 | J42: 48168.3 | K42: =L42+M42 -> 48610.2 | L42: 47936.3 | M42: 673.9 | N42: 444.2 | O42: =P42+Q42 -> 48168.3 | P42: 47494.4 | Q42: 673.9 | R42: 444.2 | S42: =J42-K42 -> -441.9 | V42: =J42+U42 -> 48168.3 | W42: =V42/I42*100 -> 66.7 | X42: =75-W42 -> 8.3 | Y42: 1500000 | Z42: =L42*1000 -> 47936300
B43: резерв | C43: =D43+E43 -> 0 | F43: =G43+H43 -> 0 | I43: 198592 | J43: 0 | K43: =L43+M43 -> 0 | O43: =P43+Q43 -> 0 | P43: =J43 -> 0 | S43: =J43-K43 -> 0 | T43: =J43-K43 -> 0 | V43: =J43+U43 -> 0 | W43: =V43/I43*100 -> 0 | Z43: =L43*1000 -> 0
B44: ИТОГО | C44: =SUM(C9:C43) -> 180758 | D44: =SUM(D9:D43) -> 133490 | E44: =SUM(E9:E43) -> 47268 | F44: =SUM(F9:F43) -> 8592 | G44: =SUM(G9:G43) -> 5290 | H44: =SUM(H9:H43) -> 3302 | I44: =SUM(I9:I43) -> 4778611 | J44: =SUM(J9:J43) -> 3187989.3 | ... V44: =SUM(V9:V43) -> 3200560.9 | X44: =(I44-I43)/12*8 -> 3053346
X45: =X44/I44*100 -> 63.896099
B63: Исп. Бушманова И.О.
B64: 40 20 99

Sheet фот октябрь
A1: Приложение к отчету
A3: на 10 октября 2011 года
B5: Наименование муниципального образования | C5: ФОТ (начисленный) в тыс. руб. январь | E5: ИТОГО 211+213 | F5: Процент надтарифного фонда | G5: ФОТ (начисленный) в тыс. руб. Февраль | I5: ИТОГО 211+213 | J5: Процент надтарифного фонда | K5: ФОТ (начисленный) в тыс. руб. Март | M5: ИТОГО 211+213 | N5: Процент надтарифного фонда | O5: ФОТ (начисленный) в тыс. руб. Апрель | Q5: ИТОГО 211+213 | R5: Процент надтарифного фонда | S5: ФОТ (начисленный) в тыс. руб. Май | U5: ИТОГО 211+213 | V5: Процент надтарифного фонда | W5: ФОТ (начисленный) в тыс. руб. ИЮНЬ | Y5: ИТОГО 211+213 | Z5: Процент надтарифного фонда | AA5: ФОТ (начисленный) в тыс. руб. ИЮЛЬ | AC5: ИТОГО 211+213 | AD5: Процент надтарифного фонда | AE5: ФОТ (начисленный) в тыс. руб. АВГУСТ | AG5: ИТОГО 211+213 | AH5: Процент надтарифного фонда | AI5: ФОТ (начисленный) в тыс. руб. СЕНТЯБРЬ | AK5: ИТОГО 211+213 | AL5: Процент надтарифного фонда | AM5: ФОТ (начисленный) в тыс. руб. ОКТЯБРЬ | AO5: ИТОГО 211+213 | AP5: Процент надтарифного фонда | AQ5: Итого начислено за ЯНВАРЬ-Сентябрь | AT5: ОТНОШЕНИЕ ФОТ СЕНТЯБРЬ АПРЕЛЬ 2011
C6: КОСГУ 211 | D6: КОСГУ 213 | G6: КОСГУ 211 | H6: КОСГУ 213 | K6: КОСГУ 211 | L6: КОСГУ 213 | O6: КОСГУ 211 | P6: КОСГУ 213 | S6: КОСГУ 211 | T6: КОСГУ 213 | W6: КОСГУ 211 | X6: КОСГУ 213 | AA6: КОСГУ 211 | AB6: КОСГУ 213 | AE6: КОСГУ 211 | AF6: КОСГУ 213 | AI6: КОСГУ 211 | AJ6: КОСГУ 213 | AM6: КОСГУ 211 | AN6: КОСГУ 213 | AR6: Проверка
A7: 1 | B7: Арсеньевский ГО | C7: 5648 | D7: 1919 | E7: =C7+D7 -> 7567 | F7: 23 | G7: 5448 | H7: 1831 | I7: =G7+H7 -> 7279 | J7: 24 | K7: 5608 | L7: 1910 | M7: =K7+L7 -> 7518 | N7: 23 | O7: 5669 | P7: 1940 | Q7: =O7+P7 -> 7609 | R7: 23 | S7: 9831 | T7: 2082 | U7: =S7+T7 -> 11913 | V7: 23 | W7: 9849 | X7: 3051 | Y7: =W7+X7 -> 12900 | Z7: 24 | AA7: 1711 | AB7: 1189 | AC7: =AA7+AB7 -> 2900 | AD7: 41 | AE7: 3019 | AF7: 1923 | AG7: =AE7+AF7 -> 4942 | AH7: 29 | AI7: 7745 | AJ7: 2655 | AK7: =AI7+AJ7 -> 10400 | AL7: 29 | AQ7: =E7+I7+M7+Q7+U7+Y7+AC7+AG7+AK7 -> 73028 | AR7: =август!L9-'фот октябрь'!AQ7 -> -15343 | AS7: =октябрь!L9-'фот октябрь'!AQ7 -> -1 | AT7: =AK7/Q7*100 -> 137
A8: 2 | B8: Артемовский ГО | C8: 10328 | D8: 3528 | E8: =C8+D8 -> 13856 | F8: 26 | G8: 10945 | H8: 3502 | I8: =G8+H8 -> 14447 | J8: 26 | K8: 9794 | L8: 3556 | M8: =K8+L8 -> 13350 | N8: 26 | O8: 10382 | P8: 3542 | Q8: =O8+P8 -> 13924 | R8: 26 | S8: 18065 | T8: 6169 | U8: =S8+T8 -> 24234 | V8: 26 | W8: 17795 | X8: 6096 | Y8: =W8+X8 -> 23891 | Z8: 26 | AA8: 3469 | AB8: 1253 | AC8: =AA8+AB8 -> 4722 | AD8: 26 | AE8: 5482 | AF8: 1694 | AG8: =AE8+AF8 -> 7176 | AH8: 26 | AI8: 16515 | AJ8: 5711 | AK8: =AI8+AJ8 -> 22226 | AL8: 30 | AQ8: =E8+I8+M8+Q8+U8+Y8+AC8+AG8+AK8 -> 137826 | AR8: =август!L10-'фот октябрь'!AQ8 -> -29402 | AS8: =октябрь!L10-'фот октябрь'!AQ8 -> 0 | AT8: =AK8/Q8*100 -> 160
A9: 3 | B9: ЗАТО Большой Камень | C9: 3913 | D9: 1331 | E9: =C9+D9 -> 5244 | F9: 20 | G9: 3902 | H9: 1308 | I9: =G9+H9 -> 5210 | J9: 22 | K9: 3878 | L9: 1294 | M9: =K9+L9 -> 5172 | N9: 21 | O9: 3869 | P9: 1348 | Q9: =O9+P9 -> 5217 | R9: 21 | S9: 6879 | T9: 2341 | U9: =S9+T9 -> 9220 | V9: 21 | W9: 6681 | X9: 2292 | Y9: =W9+X9 -> 8973 | Z9: 21 | AA9: 761 | AB9: 268 | AC9: =AA9+AB9 -> 1029 | AD9: 21 | AE9: 1960 | AF9: 673 | AG9: =AE9+AF9 -> 2633 | AH9: 21 | AI9: 4785 | AJ9: 1578 | AK9: =AI9+AJ9 -> 6363 | AL9: 24 | AQ9: =E9+I9+M9+Q9+U9+Y9+AC9+AG9+AK9 -> 49061 | AR9: =август!L11-'фот октябрь'!AQ9 -> -8996 | AS9: =октябрь!L11-'фот октябрь'!AQ9 -> 0 | AT9: =AK9/Q9*100 -> 122
A10: 4 | B10: Владивостокский ГО | C10: 54121 | D10: 19844 | E10: =C10+D10 -> 73965 | F10: 25 | G10: 54085 | H10: 18901 | I10: =G10+H10 -> 72986 | J10: 25 | K10: 55523 | L10: 19823 | M10: =K10+L10 -> 75346 | N10: 25 | O10: 54023 | P10: 19682 | Q10: =O10+P10 -> 73705 | R10: 25 | S10: 130818 | T10: 28286 | U10: =S10+T10 -> 159104 | V10: 25 | W10: 51854 | X10: 32283 | Y10: =W10+X10 -> 84137 | Z10: 25 | AA10: 16787 | AB10: 6455 | AC10: =AA10+AB10 -> 23242 | AD10: 25 | AE10: 31898 | AF10: 11715 | AG10: =AE10+AF10 -> 43613 | AH10: 25 | AI10: 64026 | AJ10: 22131 | AK10: =AI10+AJ10 -> 86157 | AL10: 25 | AQ10: =E10+I10+M10+Q10+U10+Y10+AC10+AG10+AK10 -> 692255 | AR10: =август!L12-'фот октябрь'!AQ10 -> -129771 | AS10: =октябрь!L12-'фот октябрь'!AQ10 -> -1 | AT10: =AK10/Q10*100 -> 117
A11: 5 | B11: Дальнегорский ГО | C11: 5800 | D11: 1948 | E11: =C11+D11 -> 7748 | F11: 26 | G11: 5661 | H11: 1976 | I11: =G11+H11 -> 7637 | J11: 27 | K11: 6010 | L11: 2060 | M11: =K11+L11 -> 8070 | N11: 28 | O11: 5746 | P11: 2088 | Q11: =O11+P11 -> 7834 | R11: 22 | S11: 6348 | T11: 1956 | U11: =S11+T11 -> 8304 | V11: 21 | W11: 14774 | X11: 4589 | Y11: =W11+X11 -> 19363 | Z11: 18 | AA11: 1222 | AB11: 698 | AC11: =AA11+AB11 -> 1920 | AD11: 21 | AE11: 3073 | AF11: 1104 | AG11: =AE11+AF11 -> 4177 | AH11: 24 | AI11: 9519 | AJ11: 2281 | AK11: =AI11+AJ11 -> 11800 | AL11: 18 | AQ11: =E11+I11+M11+Q11+U11+Y11+AC11+AG11+AK11 -> 76853 | AR11: =август!L13-'фот октябрь'!AQ11 -> -15978 | AS11: =октябрь!L13-'фот октябрь'!AQ11 -> -1 | AT11: =AK11/Q11*100 -> 151
A12: 6 | B12: Дальнереченский ГО | C12: 4263 | D12: 1407 | E12: =C12+D12 -> 5670 | F12: 25 | G12: 4254 | H12: 1398 | I12: =G12+H12 -> 5652 | J12: 25 | K12: 4411 | L12: 1461 | M12: =K12+L12 -> 5872 | N12: 24 | O12: 4165 | P12: 1416 | Q12: =O12+P12 -> 5581 | R12: 27 | S12: 4706 | T12: 1461 | U12: =S12+T12 -> 6167 | V12: 26 | W12: 9694 | X12: 3187 | Y12: =W12+X12 -> 12881 | Z12: 22 | AA12: 1274 | AB12: 429 | AC12: =AA12+AB12 -> 1703 | AD12: 28 | AE12: 1992 | AF12: 675 | AG12: =AE12+AF12 -> 2667 | AH12: 32 | AI12: 5077 | AJ12: 1685 | AK12: =AI12+AJ12 -> 6762 | AQ12: =E12+I12+M12+Q12+U12+Y12+AC12+AG12+AK12 -> 52955 | AR12: =август!L14-'фот октябрь'!AQ12 -> -9501 | AS12: =октябрь!L14-'фот октябрь'!AQ12 -> 0 | AT12: =AK12/Q12*100 -> 121
A13: 7 | B13: Лесозаводский ГО | C13: 5961 | D13: 2280 | E13: =C13+D13 -> 8241 | F13: 39 | G13: 5237 | H13: 2722 | I13: =G13+H13 -> 7959 | J13: 39 | K13: 4927 | L13: 2561 | M13: =K13+L13 -> 7488 | N13: 39 | O13: 5961 | P13: 2039 | Q13: =O13+P13 -> 8000 | R13: 39 | S13: 8558 | T13: 2927 | U13: =S13+T13 -> 11485 | V13: 39 | W13: 11439 | X13: 3912 | Y13: =W13+X13 -> 15351 | Z13: 39 | AA13: 2863 | AB13: 1183 | AC13: =AA13+AB13 -> 4046 | AD13: 39 | AE13: =2407 -> 2407 | AF13: 1047 | AG13: =AE13+AF13 -> 3454 | AH13: 39 | AI13: 7948 | AJ13: 1916 | AK13: =AI13+AJ13 -> 9864 | AL13: 39 | AO13: =AM13+AN13 -> 0 | AQ13: =E13+I13+M13+Q13+U13+Y13+AC13+AG13+AK13+AO13 -> 75888 | AR13: =август!L15-'фот октябрь'!AQ13 -> -13318 | AS13: =октябрь!L15-'фот октябрь'!AQ13 -> 0 | AT13: =AK13/Q13*100 -> 123
A14: 8 | B14: Находкинский ГО | C14: 15711 | D14: 5287 | E14: =C14+D14 -> 20998 | F14: 20 | G14: 15547 | H14: 5327 | I14: =G14+H14 -> 20874 | J14: 21 | K14: 15603 | L14: 5224 | M14: =K14+L14 -> 20827 | N14: 21 | O14: 15292 | P14: 5294 | Q14: =O14+P14 -> 20586 | R14: 19 | S14: 27149 | T14: 9234 | U14: =S14+T14 -> 36383 | V14: 16 | W14: 28109 | X14: 9735 | Y14: =W14+X14 -> 37844 | Z14: 16 | AA14: 4774 | AB14: 1733 | AC14: =AA14+AB14 -> 6507 | AD14: 14 | AE14: 6746 | AF14: 2221 | AG14: =AE14+AF14 -> 8967 | AH14: 19 | AI14: 19284 | AJ14: 6435 | AK14: =AI14+AJ14 -> 25719 | AL14: 22 | AQ14: =E14+I14+M14+Q14+U14+Y14+AC14+AG14+AK14 -> 198705 | AR14: =август!L16-'фот октябрь'!AQ14 -> -34687 | AS14: =октябрь!L16-'фот октябрь'!AQ14 -> 0 | AT14: =AK14/Q14*100 -> 125
A15: 9 | B15: Партизанский ГО | C15: 5235 | D15: 2095 | E15: =C15+D15 -> 7330 | F15: 18 | G15: 5347 | H15: 2079 | I15: =G15+H15 -> 7426 | J15: 18 | K15: =5182.63 -> 5183 | L15: 2070 | M15: =K15+L15 -> 7253 | N15: 18 | O15: 5731 | P15: 1975 | Q15: =O15+P15 -> 7706 | R15: 24 | S15: 8288 | T15: 2620 | U15: =S15+T15 -> 10908 | V15: 24 | W15: 9432 | X15: 3155 | Y15: =W15+X15 -> 12587 | Z15: 17 | AA15: 1813 | AB15: 811 | AC15: =AA15+AB15 -> 2624 | AD15: 17 | AE15: 2844 | AF15: 1200 | AG15: =AE15+AF15 -> 4044 | AH15: 17 | AI15: 6103 | AJ15: 2016 | AK15: =AI15+AJ15 -> 8119 | AL15: 23 | AQ15: =E15+I15+M15+Q15+U15+Y15+AC15+AG15+AK15 -> 67997 | AR15: =август!L17-'фот октябрь'!AQ15 -> -12164 | AS15: =октябрь!L17-'фот октябрь'!AQ15 -> -1 | AT15: =AK15/Q15*100 -> 105
A16: 10 | B16: ГО Спасск-Дальний | C16: 5376 | D16: 1832 | E16: =C16+D16 -> 7208 | F16: 21 | G16: 5621 | H16: 1915 | I16: =G16+H16 -> 7536 | J16: 28 | K16: 5679 | L16: 1931 | M16: =K16+L16 -> 7610 | N16: 25 | O16: 5597 | P16: 1907 | Q16: =O16+P16 -> 7504 | R16: 25 | S16: 11985 | T16: 4094 | U16: =S16+T16 -> 16079 | V16: 25 | W16: 6221 | X16: 2123 | Y16: =W16+X16 -> 8344 | Z16: 25 | AA16: 1226 | AB16: 418 | AC16: =AA16+AB16 -> 1644 | AD16: 25 | AE16: 3424 | AF16: 1167 | AG16: =AE16+AF16 -> 4591 | AH16: 25 | AI16: 7193 | AJ16: 2454 | AK16: =AI16+AJ16 -> 9647 | AL16: 32 | AQ16: =E16+I16+M16+Q16+U16+Y16+AC16+AG16+AK16 -> 70163 | AR16: =август!L18-'фот октябрь'!AQ16 -> -14239 | AS16: =октябрь!L18-'фот октябрь'!AQ16 -> -1 | AT16: =AK16/Q16*100 -> 129
A17: 11 | B17: Уссурийский ГО | C17: 19847 | D17: 6689 | E17: =C17+D17 -> 26536 | F17: 27 | G17: 19981 | H17: 6985 | I17: =G17+H17 -> 26966 | J17: 27 | K17: 20092 | L17: 6868 | M17: =K17+L17 -> 26960 | N17: 27 | O17: 20535 | P17: 6977 | Q17: =O17+P17 -> 27512 | R17: 27 | S17: 38936 | T17: 10203 | U17: =S17+T17 -> 49139 | V17: 27 | W17: 28807 | X17: 13123 | Y17: =W17+X17 -> 41930 | Z17: 27 | AA17: 7774 | AB17: 2653 | AC17: =AA17+AB17 -> 10427 | AD17: 27 | AE17: 8125 | AF17: 2784 | AG17: =AE17+AF17 -> 10909 | AH17: 27 | AI17: 22885 | AJ17: 7755 | AK17: =AI17+AJ17 -> 30640 | AL17: 20 | AQ17: =E17+I17+M17+Q17+U17+Y17+AC17+AG17+AK17 -> 251019 | AR17: =август!L19-'фот октябрь'!AQ17 -> -41550 | AS17: =октябрь!L19-'фот октябрь'!AQ17 -> -1 | AT17: =AK17/Q17*100 -> 111
A18: 12 | B18: ЗАТО г. Фокино | C18: 3334 | D18: 1140 | E18: =C18+D18 -> 4474 | F18: 15 | G18: 3459 | H18: 1183 | I18: =G18+H18 -> 4642 | J18: 20 | K18: 3396 | L18: 1162 | M18: =K18+L18 -> 4558 | N18: 18 | O18: 3394 | P18: 1161 | Q18: =O18+P18 -> 4555 | R18: 18 | S18: 8829 | T18: 3019 | U18: =S18+T18 -> 11848 | V18: 20 | W18: 2083 | X18: 712 | Y18: =W18+X18 -> 2795 | Z18: 8 | AA18: 915 | AB18: 313 | AC18: =AA18+AB18 -> 1228 | AD18: 5 | AE18: 2428 | AF18: 830 | AG18: =AE18+AF18 -> 3258 | AH18: 12 | AI18: 4089 | AJ18: 1399 | AK18: =AI18+AJ18 -> 5488 | AL18: 16 | AQ18: =E18+I18+M18+Q18+U18+Y18+AC18+AG18+AK18 -> 42846 | AR18: =август!L20-'фот октябрь'!AQ18 -> -8745 | AS18: =октябрь!L20-'фот октябрь'!AQ18 -> 1 | AT18: =AK18/Q18*100 -> 120
A19: 13 | B19: Анучинский МР | C19: 2761 | D19: 916 | E19: =C19+D19 -> 3677 | F19: 33 | G19: 2751 | H19: 928 | I19: =G19+H19 -> 3679 | J19: 32 | K19: 2696 | L19: 913 | M19: =K19+L19 -> 3609 | N19: 33 | O19: 2699 | P19: 917 | Q19: =O19+P19 -> 3616 | R19: 33 | S19: 5696 | T19: 1941 | U19: =S19+T19 -> 7637 | V19: 28 | W19: 3403 | X19: 1140 | Y19: =W19+X19 -> 4543 | Z19: 28 | AA19: 932 | AB19: 296 | AC19: =AA19+AB19 -> 1228 | AD19: 27 | AE19: 1548 | AF19: 508 | AG19: =AE19+AF19 -> 2056 | AH19: 35 | AI19: 3159 | AJ19: 1061 | AK19: =AI19+AJ19 -> 4220 | AL19: 31 | AQ19: =E19+I19+M19+Q19+U19+Y19+AC19+AG19+AK19 -> 34265 | AR19: =август!L21-'фот октябрь'!AQ19 -> -6277 | AS19: =октябрь!L21-'фот октябрь'!AQ19 -> -2 | AT19: =AK19/Q19*100 -> 117
A20: 14 | B20: Дальнереченский МР | C20: 3485 | D20: 1190 | E20: =C20+D20 -> 4675 | F20: 33 | G20: 3037 | H20: 1032 | I20: =G20+H20 -> 4069 | J20: 35 | K20: 2997 | L20: 1016 | M20: =K20+L20 -> 4013 | N20: 33 | O20: 2985 | P20: 1016 | Q20: =O20+P20 -> 4001 | R20: 33 | S20: 4442 | T20: 1514 | U20: =S20+T20 -> 5956 | V20: 32 | W20: 6178 | X20: 2111 | Y20: =W20+X20 -> 8289 | Z20: 63 | AA20: 616 | AB20: 207 | AC20: =AA20+AB20 -> 823 | AD20: 0 | AE20: 1406 | AF20: 465 | AG20: =AE20+AF20 -> 1871 | AH20: 0 | AI20: 3283 | AJ20: 1103 | AK20: =AI20+AJ20 -> 4386 | AQ20: =E20+I20+M20+Q20+U20+Y20+AC20+AG20+AK20 -> 38083 | AR20: =август!L22-'фот октябрь'!AQ20 -> -6255 | AS20: =октябрь!L22-'фот октябрь'!AQ20 -> 2 | AT20: =AK20/Q20*100 -> 110
A21: 15 | B21: Кавалеровский МР | C21: 3609 | D21: 1228 | E21: =C21+D21 -> 4837 | F21: 22 | G21: 3531 | H21: 1196 | I21: =G21+H21 -> 4727 | J21: 23 | K21: 3521 | L21: 1190 | M21: =K21+L21 -> 4711 | N21: 23 | O21: 3507 | P21: 1194 | Q21: =O21+P21 -> 4701 | R21: 21 | S21: 4480 | T21: 1526 | U21: =S21+T21 -> 6006 | V21: 22 | W21: 9477 | X21: 3241 | Y21: =W21+X21 -> 12718 | Z21: 22 | AA21: 698 | AB21: 238 | AC21: =AA21+AB21 -> 936 | AD21: 19 | AE21: 1149 | AF21: 390 | AG21: =AE21+AF21 -> 1539 | AH21: 21 | AI21: 3951 | AJ21: 1344 | AK21: =AI21+AJ21 -> 5295 | AQ21: =E21+I21+M21+Q21+U21+Y21+AC21+AG21+AK21 -> 45470 | AR21: =август!L23-'фот октябрь'!AQ21 -> -6834 | AS21: =октябрь!L23-'фот октябрь'!AQ21 -> 1 | AT21: =AK21/Q21*100 -> 113
A22: 16 | B22: Кировский МР | C22: 5063 | D22: 1719 | E22: =C22+D22 -> 6782 | F22: 22 | G22: 5000 | H22: 1784 | I22: =G22+H22 -> 6784 | J22: 21 | K22: 4295 | L22: 1475 | M22: =K22+L22 -> 5770 | N22: 23 | O22: 4151 | P22: 1418 | Q22: =O22+P22 -> 5569 | R22: 23 | S22: 6815 | T22: 2325 | U22: =S22+T22 -> 9140 | V22: 18 | W22: 7568 | X22: 2574 | Y22: =W22+X22 -> 10142 | Z22: 19 | AA22: 1430 | AB22: 485 | AC22: =AA22+AB22 -> 1915 | AD22: 18 | AE22: 2001 | AF22: 681 | AG22: =AE22+AF22 -> 2682 | AH22: 18 | AI22: 4443 | AJ22: 1516 | AK22: =AI22+AJ22 -> 5959 | AQ22: =E22+I22+M22+Q22+U22+Y22+AC22+AG22+AK22 -> 54743 | AR22: =август!L24-'фот октябрь'!AQ22 -> -8640 | AS22: =октябрь!L24-'фот октябрь'!AQ22 -> 1 | AT22: =AK22/Q22*100 -> 107
A23: 17 | B23: Красноармейский МР | C23: 4416 | D23: 1483 | E23: =C23+D23 -> 5899 | F23: 26 | G23: 4339 | H23: 1484 | I23: =G23+H23 -> 5823 | J23: 26 | K23: 4454 | L23: 1521 | M23: =K23+L23 -> 5975 | N23: 26 | O23: 4389 | P23: 1493 | Q23: =O23+P23 -> 5882 | R23: 26 | S23: 6644 | T23: 2255 | U23: =S23+T23 -> 8899 | V23: 26 | W23: 9272 | X23: 3172 | Y23: =W23+X23 -> 12444 | Z23: 26 | AA23: 704 | AB23: 229 | AC23: =AA23+AB23 -> 933 | AD23: 26 | AE23: 1719 | AF23: 496 | AG23: =AE23+AF23 -> 2215 | AH23: 26 | AI23: 4731 | AJ23: 1685 | AK23: =AI23+AJ23 -> 6416 | AQ23: =E23+I23+M23+Q23+U23+Y23+AC23+AG23+AK23 -> 54486 | AR23: =август!L25-'фот октябрь'!AQ23 -> -8631 | AS23: =октябрь!L25-'фот октябрь'!AQ23 -> 3 | AT23: =AK23/Q23*100 -> 109
A24: 18 | B24: Лазовский МР | C24: 2713 | D24: 928 | E24: =C24+D24 -> 3641 | F24: 27 | G24: 2889 | H24: 988 | I24: =G24+H24 -> 3877 | J24: 27 | K24: 2792 | L24: 955 | M24: =K24+L24 -> 3747 | N24: 27 | O24: 2885 | P24: 987 | Q24: =O24+P24 -> 3872 | R24: 27 | S24: 3204 | T24: 1096 | U24: =S24+T24 -> 4300 | W24: 7365 | X24: 2519 | Y24: =W24+X24 -> 9884 | Z24: 27 | AA24: 405 | AB24: 139 | AC24: =AA24+AB24 -> 544 | AD24: 27 | AE24: 1039 | AF24: 356 | AG24: =AE24+AF24 -> 1395 | AH24: 27 | AI24: 3292 | AJ24: 1126 | AK24: =AI24+AJ24 -> 4418 | AL24: 28 | AQ24: =E24+I24+M24+Q24+U24+Y24+AC24+AG24+AK24 -> 35678 | AR24: =август!L26-'фот октябрь'!AQ24 -> -5817 | AS24: =октябрь!L26-'фот октябрь'!AQ24 -> -4 | AT24: =AK24/Q24*100 -> 114
A25: 19 | B25: Михайловский МР | C25: 6178 | D25: 2105 | E25: =C25+D25 -> 8283 | F25: 32 | G25: 6042 | H25: 2063 | I25: =G25+H25 -> 8105 | J25: 32 | K25: 6201 | L25: 2110 | M25: =K25+L25 -> 8311 | N25: 34 | O25: 6110 | P25: 2082 | Q25: =O25+P25 -> 8192 | R25: 32 | S25: 15769 | T25: 5387 | U25: =S25+T25 -> 21156 | V25: 20 | W25: 4379 | X25: 1495 | Y25: =W25+X25 -> 5874 | Z25: 30 | AA25: 1706 | AB25: 545 | AC25: =AA25+AB25 -> 2251 | AD25: 18 | AE25: 3244 | AF25: 1059 | AG25: =AE25+AF25 -> 4303 | AH25: 24 | AI25: 8458 | AJ25: 2884 | AK25: =AI25+AJ25 -> 11342 | AL25: 35 | AQ25: =E25+I25+M25+Q25+U25+Y25+AC25+AG25+AK25 -> 77817 | AR25: =август!L27-'фот октябрь'!AQ25 -> -15645 | AS25: =октябрь!L27-'фот октябрь'!AQ25 -> 1 | AT25: =AK25/Q25*100 -> 138
A26: 20 | B26: Надеждинский МР | C26: 8085 | D26: 2712 | E26: =C26+D26 -> 10797 | F26: 34 | G26: 7978 | H26: 2855 | I26: =G26+H26 -> 10833 | J26: 35 | K26: 8382 | L26: 3186 | M26: =K26+L26 -> 11568 | N26: 35 | O26: 8429 | P26: 2895 | Q26: =O26+P26 -> 11324 | R26: 35 | S26: 9349 | T26: 3279 | U26: =S26+T26 -> 12628 | V26: 34 | W26: 19065 | X26: 6412 | Y26: =W26+X26 -> 25477 | Z26: 35 | AA26: 3193 | AB26: 1083 | AC26: =AA26+AB26 -> 4276 | AD26: 33 | AE26: 4291 | AF26: 1374 | AG26: =AE26+AF26 -> 5665 | AH26: 35 | AI26: 9082 | AJ26: 3198 | AK26: =AI26+AJ26 -> 12280 | AL26: 34 | AQ26: =E26+I26+M26+Q26+U26+Y26+AC26+AG26+AK26 -> 104848 | AR26: =август!L28-'фот октябрь'!AQ26 -> -17945 | AS26: =октябрь!L28-'фот октябрь'!AQ26 -> 0 | AT26: =AK26/Q26*100 -> 108
A27: 21 | B27: Октябрьский МР | C27: 5920 | D27: 2003 | E27: =C27+D27 -> 7923 | F27: 31 | G27: 5644 | H27: 1915 | I27: =G27+H27 -> 7559 | J27: 31 | K27: 5907 | L27: 2004 | M27: =K27+L27 -> 7911 | N27: 31 | O27: 5923 | P27: 2008 | Q27: =O27+P27 -> 7931 | R27: 31 | S27: 10209 | T27: 3491 | U27: =S27+T27 -> 13700 | V27: 31 | W27: 9935 | X27: 3398 | Y27: =W27+X27 -> 13333 | Z27: 31 | AA27: 2540 | AB27: 866 | AC27: =AA27+AB27 -> 3406 | AD27: 31 | AE27: 3784 | AF27: 1274 | AG27: =AE27+AF27 -> 5058 | AH27: 31 | AI27: 7263 | AJ27: 2484 | AK27: =AI27+AJ27 -> 9747 | AQ27: =E27+I27+M27+Q27+U27+Y27+AC27+AG27+AK27 -> 76568 | AR27: =август!L29-'фот октябрь'!AQ27 -> -14806 | AS27: =октябрь!L29-'фот октябрь'!AQ27 -> -1 | AT27: =AK27/Q27*100 -> 123
A28: 22 | B28: Ольгинский МР | C28: 2457 | D28: 909 | E28: =C28+D28 -> 3366 | F28: 18 | G28: 2362 | H28: 988 | I28: =G28+H28 -> 3350 | J28: 18 | K28: 2535 | L28: 757 | M28: =K28+L28 -> 3292 | N28: 19 | O28: 2451 | P28: 663 | Q28: =O28+P28 -> 3114 | R28: 19 | S28: 6450 | T28: 1956 | U28: =S28+T28 -> 8406 | V28: 19 | W28: 2697 | X28: 1103 | Y28: =W28+X28 -> 3800 | Z28: 19 | AA28: 508 | AB28: 228 | AC28: =AA28+AB28 -> 736 | AD28: 22 | AE28: 1042 | AF28: 411 | AG28: =AE28+AF28 -> 1453 | AH28: 17 | AI28: 3321 | AJ28: 1116 | AK28: =AI28+AJ28 -> 4437 | AL28: 14 | AQ28: =E28+I28+M28+Q28+U28+Y28+AC28+AG28+AK28 -> 31954 | AR28: =август!L30-'фот октябрь'!AQ28 -> -5890 | AS28: =октябрь!L30-'фот октябрь'!AQ28 -> -1 | AT28: =AK28/Q28*100 -> 142
A29: 23 | B29: Партизанский МР | C29: 5344 | D29: 1819 | E29: =C29+D29 -> 7163 | F29: 35 | G29: 5469 | H29: 1858 | I29: =G29+H29 -> 7327 | J29: 34 | K29: 5303 | L29: 1795 | M29: =K29+L29 -> 7098 | N29: 33 | O29: 5410 | P29: 1845 | Q29: =O29+P29 -> 7255 | R29: 30 | S29: 7301 | T29: 2487 | U29: =S29+T29 -> 9788 | V29: 33 | W29: 11082 | X29: 3777 | Y29: =W29+X29 -> 14859 | Z29: 32 | AA29: 1627 | AB29: 555 | AC29: =AA29+AB29 -> 2182 | AD29: 23 | AE29: 2892 | AF29: 968 | AG29: =AE29+AF29 -> 3860 | AH29: 32 | AI29: 6575 | AJ29: 2176 | AK29: =AI29+AJ29 -> 8751 | AL29: 32 | AQ29: =E29+I29+M29+Q29+U29+Y29+AC29+AG29+AK29 -> 68283 | AR29: =август!L31-'фот октябрь'!AQ29 -> -12612 | AS29: =октябрь!L31-'фот октябрь'!AQ29 -> -1 | AT29: =AK29/Q29*100 -> 121
A30: 24 | B30: Пограничный МР | C30: 3765 | D30: 1284 | E30: =C30+D30 -> 5049 | F30: 31 | G30: 3868 | H30: 1325 | I30: =G30+H30 -> 5193 | J30: 29 | K30: 4042 | L30: 1378 | M30: =K30+L30 -> 5420 | N30: 46 | O30: 3844 | P30: 1311 | Q30: =O30+P30 -> 5155 | R30: 37 | S30: 7582 | T30: 2284 | U30: =S30+T30 -> 9866 | V30: 17 | W30: 5468 | X30: 1868 | Y30: =W30+X30 -> 7336 | Z30: 8 | AA30: 1830 | AB30: 627 | AC30: =AA30+AB30 -> 2457 | AD30: 23 | AE30: 2154 | AF30: 725 | AG30: =AE30+AF30 -> 2879 | AH30: 27 | AI30: 4094 | AJ30: 1428 | AK30: =AI30+AJ30 -> 5522 | AL30: 28 | AQ30: =E30+I30+M30+Q30+U30+Y30+AC30+AG30+AK30 -> 48877 | AR30: =август!L32-'фот октябрь'!AQ30 -> -8400 | AS30: =октябрь!L32-'фот октябрь'!AQ30 -> 1 | AT30: =AK30/Q30*100 -> 107
A31: 25 | B31: Пожарский МР | C31: 4298 | D31: 1459 | E31: =C31+D31 -> 5757 | F31: 33 | G31: 4328 | H31: 1478 | I31: =G31+H31 -> 5806 | J31: 29 | K31: 4384 | L31: 1498 | M31: =K31+L31 -> 5882 | N31: 27 | O31: 4391 | P31: 1447 | Q31: =O31+P31 -> 5838 | R31: 34 | S31: 5566 | T31: 1880 | U31: =S31+T31 -> 7446 | V31: 32 | W31: 10168 | X31: 3477 | Y31: =W31+X31 -> 13645 | Z31: 31 | AA31: 1602 | AB31: 641 | AC31: =AA31+AB31 -> 2243 | AD31: 12 | AE31: 2011 | AF31: 643 | AG31: =AE31+AF31 -> 2654 | AH31: 33 | AI31: 5354 | AJ31: 1831 | AK31: =AI31+AJ31 -> 7185 | AL31: 32 | AQ31: =E31+I31+M31+Q31+U31+Y31+AC31+AG31+AK31 -> 56456 | AR31: =август!L33-'фот октябрь'!AQ31 -> -9840 | AS31: =октябрь!L33-'фот октябрь'!AQ31 -> -1 | AT31: =AK31/Q31*100 -> 123
A32: 26 | B32: Спасский МР | C32: 5882 | D32: 2008 | E32: =C32+D32 -> 7890 | F32: 34 | G32: 5859 | H32: 1993 | I32: =G32+H32 -> 7852 | J32: 35 | K32: 5812 | L32: 1964 | M32: =K32+L32 -> 7776 | N32: 35 | O32: 5883 | P32: 2003 | Q32: =O32+P32 -> 7886 | R32: 34 | S32: 15670 | T32: 5351 | U32: =S32+T32 -> 21021 | V32: 34 | W32: 3599 | X32: 1216 | Y32: =W32+X32 -> 4815 | Z32: 34 | AA32: 2315 | AB32: 780 | AC32: =AA32+AB32 -> 3095 | AD32: 34 | AE32: 3042 | AF32: 1039 | AG32: =AE32+AF32 -> 4081 | AH32: 31 | AI32: 7130 | AJ32: 2432 | AK32: =AI32+AJ32 -> 9562 | AL32: 36 | AQ32: =E32+I32+M32+Q32+U32+Y32+AC32+AG32+AK32 -> 73978 | AR32: =август!L34-'фот октябрь'!AQ32 -> -13643 | AS32: =октябрь!L34-'фот октябрь'!AQ32 -> 1 | AT32: =AK32/Q32*100 -> 121
